Workbook
Name ___\i: #REF!
Name ___\i: #REF!
Name _________aga14: #REF!
Name _________aga16: #REF!
Name _________asc321: #REF!
Name _________bur3220: #REF!
Name _________cap20: #REF!
Name _________ccr12: #REF!
Name _________cva32: #REF!
Name _________cva50: #REF!
Name _________cva60: #REF!
Name _________cve45100: #REF!
Name _________cve90100: #REF!
Name _________cve9040: #REF!
Name _________djm10: #REF!
Name _________djm15: #REF!
Name _________epl2: #REF!
Name _________epl5: #REF!
Name _________est15: #REF!
Name _________fil1: #REF!
Name _________fil2: #REF!
Name _________fio12: #REF!
Name _________fis5: #REF!
Name _________flf50: #REF!
Name _________flf60: #REF!
Name _________fpd12: #REF!
Name _________fvr10: #REF!
Name _________itu1: #REF!
Name _________jla20: #REF!
Name _________jla32: #REF!
Name _________lpi100: #REF!
Name _________lvg10060: #REF!
Name _________lvp32: #REF!
Name _________lxa1: #REF!
Name _________man50: #REF!
Name _________ope1: #REF!
Name _________ope2: #REF!
Name _________ope3: #REF!
Name _________pne1: #REF!
Name _________pne2: #REF!
Name _________prg1515: #REF!
Name _________prg1827: #REF!
Name _________ptc7: #REF!
Name _________ptm6: #REF!
Name _________qdm3: #REF!
Name _________rcm10: #REF!
Name _________rcm15: #REF!
Name _________rcm20: #REF!
Name _________rcm5: #REF!
Name _________res10: #REF!
Name _________res15: #REF!
Name _________res5: #REF!
Name _________rge32: #REF!
Name _________rgf60: #REF!
Name _________rgp1: #REF!
Name _________tap100: #REF!
Name _________tb112: #REF!
Name _________tb16: #REF!
Name _________tb19: #REF!
Name _________tba20: #REF!

Sheet CRONOGRAMA TOTAL
A4: EXECUÇÃO DE SERVIÇOS DE IMPLANTAÇÃO DE PAVIMENTAÇÃO EM BLOCO DE CONCRETO INTERTRAVADO, EM VIAS DE MUNICÍPIOS DIVERSOS INSERIDOS NA ÁREA DE ATUAÇÃO DA CODEVASF, NO ESTADO DO CEARÁ
A5: Cronograma Físico e Financeiro
A6: Item | B6: Descrição | C6: Total Por Etapa | D6: 30 DIAS | E6: 60 DIAS | F6: 90 DIAS | G6: 120 DIAS | H6: 150 DIAS | I6: 180 DIAS | J6: 210 DIAS | K6: 240 DIAS | L6: 270 DIAS | M6: 300 DIAS | N6: 330 DIAS | O6: 360 DIAS
B7: ='M.TOTAL I'!D14 -> SERVIÇOS PRELIMINARES | C7: 1 | F7: =ROUND($C$7/10,8) -> 0.1 | G7: =ROUND($C$7/10,8) -> 0.1 | H7: =ROUND($C$7/10,8) -> 0.1 | I7: =ROUND($C$7/10,8) -> 0.1 | J7: =ROUND($C$7/10,8) -> 0.1 | K7: =ROUND($C$7/10,8) -> 0.1 | L7: =ROUND($C$7/10,8) -> 0.1 | M7: =ROUND($C$7/10,8) -> 0.1 | ... O7: =ROUND($C$7/10,8) -> 0.1 | Q7: =SUM(D7:O7) -> 1
C8: ='M.TOTAL I'!J14 -> 1818249.9 | F8: =ROUND($C$8*F7,2) -> 181824.99 | G8: =ROUND($C$8*G7,2) -> 181824.99 | H8: =ROUND($C$8*H7,2) -> 181824.99 | I8: =ROUND($C$8*I7,2) -> 181824.99 | J8: =ROUND($C$8*J7,2) -> 181824.99 | K8: =ROUND($C$8*K7,2) -> 181824.99 | L8: =ROUND($C$8*L7,2) -> 181824.99 | M8: =ROUND($C$8*M7,2) -> 181824.99 | ... O8: =ROUND($C$8*O7,2) -> 181824.99 | Q8: =SUM(D8:O8) -> 1818249.9 | R8: =C8 -> 1818249.9 | S8: =Q8-R8 -> -0.03
B9: ='M.TOTAL I'!D19 -> TERRAPLENAGEM | C9: 1 | F9: =ROUND(1/6,10) -> 0.16666667 | G9: =ROUND(1/6,10) -> 0.16666667 | H9: =ROUND(1/6,10) -> 0.16666667 | I9: =ROUND(1/6,10) -> 0.16666667 | J9: =ROUND(1/6,10) -> 0.16666667 | K9: =ROUND(1/6,10) -> 0.16666667 | Q9: =SUM(F9:O9) -> 1
C10: ='M.TOTAL I'!J19 -> 689985 | F10: =ROUND($C$10*F9,2) -> 114997.5 | G10: =ROUND($C$10*G9,2) -> 114997.5 | H10: =ROUND($C$10*H9,2) -> 114997.5 | I10: =ROUND($C$10*I9,2) -> 114997.5 | J10: =ROUND($C$10*J9,2) -> 114997.5 | K10: =ROUND($C$10*K9,2) -> 114997.5 | Q10: =SUM(F10:O10) -> 689985 | R10: =C10 -> 689985 | S10: =Q10-R10 -> 0
B11: ='M.TOTAL I'!D23 -> PAVIMENTAÇÃO | C11: 1 | I11: =ROUND(1/7,10) -> 0.14285714 | J11: =ROUND(1/7,10) -> 0.14285714 | K11: =ROUND(1/7,10) -> 0.14285714 | L11: =ROUND(1/7,10) -> 0.14285714 | M11: =ROUND(1/7,10) -> 0.14285714 | N11: =ROUND(1/7,10) -> 0.14285714 | O11: =ROUND(1/7,10) -> 0.14285714 | Q11: =SUM(F11:O11) -> 1
C12: ='M.TOTAL I'!J23 -> 19986366 | I12: =ROUND($C$12*I11,2) -> 2855195.1 | J12: =ROUND($C$12*J11,2) -> 2855195.1 | K12: =ROUND($C$12*K11,2) -> 2855195.1 | L12: =ROUND($C$12*L11,2) -> 2855195.1 | M12: =ROUND($C$12*M11,2) -> 2855195.1 | N12: =ROUND($C$12*N11,2) -> 2855195.1 | O12: =ROUND($C$12*O11,2) -> 2855195.1 | Q12: =SUM(F12:O12) -> 19986366 | R12: =C12 -> 19986366 | S12: =Q12-R12 -> -0.02
B13: ='M.TOTAL I'!D32 -> SINALIZAÇÃO | C13: 1 | N13: 0.5 | O13: 0.5 | Q13: =SUM(F13:O13) -> 1
C14: ='M.TOTAL I'!J32 -> 1075794.1 | N14: =ROUND($C$14*N13,2) -> 537897.03 | O14: =ROUND($C$14*O13,2) -> 537897.03 | Q14: =SUM(F14:O14) -> 1075794.1 | R14: =C14 -> 1075794.1 | S14: =Q14-R14 -> 0
B15: ='M.TOTAL I'!D30 -> DRENAGEM | C15: 1 | N15: 0.5 | O15: 0.5 | Q15: =SUM(D15:O15) -> 1
C16: ='M.TOTAL I'!J30 -> 4618710 | N16: =ROUND($C$16*N15,2) -> 2309355 | O16: =ROUND($C$16*O15,2) -> 2309355 | Q16: =SUM(D16:O16) -> 4618710 | R16: =C16 -> 4618710 | S16: =Q16-R16 -> 0
B17: ='M.TOTAL I'!D38 -> SERVIÇOS COMPLEMENTARES | C17: 1 | F17: 0.1 | G17: 0.1 | H17: 0.1 | I17: 0.1 | J17: 0.1 | K17: 0.1 | L17: 0.1 | M17: 0.1 | N17: 0.1 | O17: 0.1 | Q17: =SUM(D17:O17) -> 1
C18: ='M.TOTAL I'!J38 -> 285817 | F18: =ROUND($C$18*F17,2) -> 28581.7 | G18: =ROUND($C$18*G17,2) -> 28581.7 | H18: =ROUND($C$18*H17,2) -> 28581.7 | I18: =ROUND($C$18*I17,2) -> 28581.7 | J18: =ROUND($C$18*J17,2) -> 28581.7 | K18: =ROUND($C$18*K17,2) -> 28581.7 | L18: =ROUND($C$18*L17,2) -> 28581.7 | M18: =ROUND($C$18*M17,2) -> 28581.7 | ... O18: =ROUND($C$18*O17,2) -> 28581.7 | Q18: =SUM(D18:O18) -> 285817 | R18: =C18 -> 285817 | S18: =Q18-R18 -> 0
B19: ='M.TOTAL I'!D11 -> PROJETO EXECUTIVO | C19: 1 | D19: 0.5 | E19: 0.5 | Q19: =SUM(D19:O19) -> 1
C20: ='M.TOTAL I'!J11 -> 571995 | D20: =ROUND($C$20*D19,2) -> 285997.5 | E20: =ROUND($C$20*E19,2) -> 285997.5 | Q20: =SUM(D20:O20) -> 571995 | R20: =C20 -> 571995 | S20: =Q20-R20 -> 0
B21: ='M.TOTAL I'!D36 -> CONTROLE TECNOLÓGICO – OBRA | C21: 1 | D21: =ROUND(1/12,11) -> 0.083333333 | E21: =ROUND(1/12,11) -> 0.083333333 | F21: =ROUND(1/12,11) -> 0.083333333 | G21: =ROUND(1/12,11) -> 0.083333333 | H21: =ROUND(1/12,11) -> 0.083333333 | I21: =ROUND(1/12,11) -> 0.083333333 | J21: =ROUND(1/12,11) -> 0.083333333 | K21: =ROUND(1/12,11) -> 0.083333333 | ... O21: =ROUND(1/12,11) -> 0.083333333 | Q21: =SUM(D21:O21) -> 1
C22: ='M.TOTAL I'!J36 -> 120298.5 | D22: =ROUND($C$22*D21,2) -> 10024.87 | E22: =ROUND($C$22*E21,2) -> 10024.87 | F22: =ROUND($C$22*F21,2) -> 10024.87 | G22: =ROUND($C$22*G21,2) -> 10024.87 | H22: =ROUND($C$22*H21,2) -> 10024.87 | I22: =ROUND($C$22*I21,2) -> 10024.87 | J22: =ROUND($C$22*J21,2) -> 10024.87 | K22: =ROUND($C$22*K21,2) -> 10024.87 | ... O22: =ROUND($C$22*O21,2) -> 10024.87 | Q22: =SUM(D22:O22) -> 120298.44 | R22: =C22 -> 120298.5 | S22: =Q22-R22 -> -0.06
A24: Porcentagem | D24: =ROUND(D8+D12+D14+D16+D10+D18+D20+D22,0)/$O$29 -> 0.010149135 | E24: =SUM(E8+E12+E14+E16+E10+E18+E20+E22)/$O$29 -> 0.010149147 | F24: =SUM(F8+F12+F14+F16+F10+F18+F20+F22)/$O$29 -> 0.011500209 | G24: =SUM(G8+G12+G14+G16+G10+G18+G20+G22)/$O$29 -> 0.011500209 | H24: =SUM(H8+H12+H14+H16+H10+H18+H20+H22)/$O$29 -> 0.011500209 | I24: =SUM(I8+I12+I14+I16+I10+I18+I20+I22)/$O$29 -> 0.10939077 | J24: =SUM(J8+J12+J14+J16+J10+J18+J20+J22)/$O$29 -> 0.10939077 | K24: =SUM(K8+K12+K14+K16+K10+K18+K20+K22)/$O$29 -> 0.10939077 | L24: =SUM(L8+L12+L14+L16+L38+L10+L18+L20+L22)/$O$29 -> 0.10544807 | M24: =SUM(M8+M12+M14+M16+M10+M18+M20+M22)/$O$29 -> 0.10544807 | N24: =SUM(N8+N12+N14+N16+N10+N18+N20+N22)/$O$29 -> 0.20306631 | O24: =SUM(O8+O12+O14+O16+O10+O18+O20+O22)/$O$29 -> 0.20306631
A25: Custo | D25: =ROUND($O$29*D24,2) -> 296022 | E25: =ROUND($O$29*E24,2) -> 296022.37 | F25: =ROUND($O$29*F24,2) -> 335429.06 | G25: =ROUND($O$29*G24,2) -> 335429.06 | H25: =ROUND($O$29*H24,2) -> 335429.06 | I25: =ROUND($O$29*I24,2) -> 3190624.2 | J25: =ROUND($O$29*J24,2) -> 3190624.2 | K25: =ROUND($O$29*K24,2) -> 3190624.2 | ... O25: =ROUND($O$29*O24,2) -> 5922878.7
A26: Porcentagem Acumulado | D26: =D24 -> 0.010149135 | E26: =D26+E24 -> 0.020298282 | F26: =E26+F24 -> 0.031798491 | G26: =F26+G24 -> 0.043298699 | H26: =G26+H24 -> 0.054798908 | I26: =H26+I24 -> 0.16418968 | J26: =I26+J24 -> 0.27358045 | K26: =J26+K24 -> 0.38297122 | L26: =K26+L24 -> 0.4884193 | ... O26: =N26+O24 -> 0.99999998
A27: Custo Acumulado | D27: =D25 -> 296022 | E27: =D27+E25 -> 592044.37 | F27: =E27+F25 -> 927473.43 | G27: =F27+G25 -> 1262902.5 | H27: =G27+H25 -> 1598331.6 | I27: =H27+I25 -> 4788955.8 | J27: =I27+J25 -> 7979580 | K27: =J27+K25 -> 11170204 | L27: =K27+L25 -> 14245831 | ... N27: =M27+N25 -> 23244336 | O27: =N27+O25+0.01 -> 29167215
D29: Total Geral | N29: R$ | O29: ='M.TOTAL I'!J41 -> 29167215
F33: EXECUÇÃO DE SERVIÇOS DE IMPLANTAÇÃO DE PAVIMENTAÇÃO EM BLOCO DE CONCRETO INTERTRAVADO, EM VIAS DE MUNICÍPIOS DIVERSOS INSERIDOS NA ÁREA DE ATUAÇÃO DA CODEVASF, NO ESTADO DO CEARÁ

Sheet FONTE
A1: FONTES | C1: MATERIAIS BETUMINOSOS SEINFRA/ANP 10/2023
C2: SINAPI/CE 09/2023 SEM DESONERAÇÃO
C3: SICRO/CE 04/2023 SEM DESONERAÇÃO
A4: Item | B4: Código | C4: Descrição | D4: Unidade | E4: Valor com Desoneração | F4: Valor Sem Desoneração
A5: CPUES
B6: CPUE02 | C6: Levantamento Topográfico De Via Pública E Semi-Cadastro De Imóveis | D6: m | E6: =INDEX(CPUE!A7:H971,MATCH(FONTE!B6,CPUE!A7:A971,0),8) -> 2.57 | F6: =INDEX(CPUE!A7:H971,MATCH(FONTE!B6,CPUE!A7:A971,0),8) -> 2.57 | G6: CODEVASF
B7: CPUE01 | C7: Administração Local da Obra (Pav. Intertravada) | D7: und | E7: =INDEX(CPUE!A8:H972,MATCH(FONTE!B7,CPUE!A8:A972,0),8) -> 41543 | F7: =INDEX(CPUE!A8:H972,MATCH(FONTE!B7,CPUE!A8:A972,0),8) -> 41543 | G7: CODEVASF
B8: PROJ.EX.01 | C8: Projeto Executivo - Pavimento em Bloco de Concreto | D8: m2 | E8: =PROJETO!G32 -> 1.9886792 | F8: =E8 -> 1.9886792 | G8: CODEVASF
B9: CPUE03 | C9: Mobilização e Desmobilização de Equipamentos | D9: tKm | E9: =INDEX(CPUE!A10:H974,MATCH(FONTE!B9,CPUE!A10:A974,0),8) -> 0.61 | F9: =INDEX(CPUE!A10:H974,MATCH(FONTE!B9,CPUE!A10:A974,0),8) -> 0.61 | G9: CODEVASF
B10: CPUE04 | C10: Canteiro de Obras e Almoxarifado | D10: un | E10: =INDEX(CPUE!A11:H975,MATCH(FONTE!B10,CPUE!A11:A975,0),8) -> 2493.75 | F10: =INDEX(CPUE!A11:H975,MATCH(FONTE!B10,CPUE!A11:A975,0),8) -> 2493.75 | G10: CODEVASF
B11: CPUE05 | C11: Serviços Topográficos para Pavimentação, inclusive Notas de Serviços, Acompanhamento e Greide | D11: m2 | E11: =INDEX(CPUE!A12:H976,MATCH(FONTE!B11,CPUE!A12:A976,0),8) -> 0.44 | F11: =INDEX(CPUE!A12:H976,MATCH(FONTE!B11,CPUE!A12:A976,0),8) -> 0.44 | G11: CODEVASF
B12: CPUE06 | C12: Conserto de Quebra de Ramal na Rua sem Pavimento com Fornecimento de Material Hidráulico | D12: m | E12: =INDEX(CPUE!A17:H977,MATCH(FONTE!B12,CPUE!A17:A977,0),8) -> 16.61 | F12: =INDEX(CPUE!A17:H977,MATCH(FONTE!B12,CPUE!A17:A977,0),8) -> 16.61 | G12: CODEVASF
B13: CPUE07 | C13: Limpeza de ruas (varrição e remoção de entulhos) | D13: m2 | E13: =INDEX(CPUE!A17:H978,MATCH(FONTE!B13,CPUE!A17:A978,0),8) -> 1.02 | F13: =INDEX(CPUE!A17:H978,MATCH(FONTE!B13,CPUE!A17:A978,0),8) -> 1.02 | G13: CODEVASF
B20: INSUMOS | C20: Materiais Betuminosos (SEINFRA / ANP) - Versão 2023/10 | H20: OBS!!!
B21: I0809 | C21: ASFALTO DILUÍDO - CM 30 | D21: T | E21: 5292.02 | F21: 5407.2 | G21: SEINFRA-I
B22: I8568 | C22: ASFÁLTO BORRACHA AB-8 | D22: T | E22: 4946.12 | F22: 4631.49 | G22: SEINFRA-I
B23: I0798 | C23: CIMENTO ASFALTICO CAP 50/70 | D23: T | E23: 4286.85 | F23: 4376.97 | G23: SEINFRA-I
B24: I2508 | C24: EMULSÃO ASFALTICA RL 1C | D24: T | E24: 4018.08 | F24: 3669.68 | G24: SEINFRA-I
B25: I2509 | C25: EMULSÃO ASFALTICA RM 1C | D25: T | E25: 3368.98 | F25: 3385.53 | G25: SEINFRA-I
B26: I8326 | C26: EMULSÃO ASFÁLTICA CATIÔNICA MODIFICADA POR POLÍMERO ELASTOMÉRICO - RR 2C - E | D26: T | E26: 4800.84 | F26: 3875.32 | G26: SEINFRA-I
B27: I8408 | C27: EMULSÃO ASFÁLTICA CATIÔNICA MODIFICADA POR POLÍMERO ELASTOMÉRICO RL 1C - E | D27: T | E27: 4506.36 | F27: 4233.97 | G27: SEINFRA-I
B28: I9138 | C28: EMULSÃO ASFÁLTICA RC-1C-E | D28: T | E28: 4260.73 | F28: 4302.09 | G28: SEINFRA-I
B29: I2319 | C29: EMULSÃO ASFÁLTICA RR 1C | D29: T | E29: 3088.11 | F29: 3161.19 | G29: SEINFRA-I
B30: I2569 | C30: EMULSÃO ASFÁLTICA RR 2C | D30: T | E30: 3339.29 | F30: 3406.15 | G30: SEINFRA-I
B32: SERVIÇOS | C32: SINAPI/CE 09/2023 | H32: OBS!!!
B33: CODIGO DA COMPOSICAO | C33: DESCRICAO DA COMPOSICAO | D33: UNI | E33: DESONERA | F33: N DESONE | J33: https://sites.seinfra.ce.gov.br/siproce/anp/tabela-seinfra.html
B34: 97141 | C34: ASSENTAMENTO DE TUBO DE FERRO FUNDIDO PARA REDE DE ÁGUA, DN 80 MM, JUNTA ELÁSTICA, INSTALADO EM LOCAL COM NÍVEL ALTO DE INTERFERÊNCIAS (NÃO INCLUI FORNECIMENTO). AF_11/2017 | D34: M | E34: 7,22 | F34: 7.69 | G34: SINAPI-S
B35: 97142 | C35: ASSENTAMENTO DE TUBO DE FERRO FUNDIDO PARA REDE DE ÁGUA, DN 100 MM, JUNTA ELÁSTICA, INSTALADO EM LOCAL COM NÍVEL ALTO DE INTERFERÊNCIAS (NÃO INCLUI FORNECIMENTO). AF_11/2017 | D35: M | E35: 8,00 | F35: 8.53 | G35: SINAPI-S
B36: 97143 | C36: ASSENTAMENTO DE TUBO DE FERRO FUNDIDO PARA REDE DE ÁGUA, DN 150 MM, JUNTA ELÁSTICA, INSTALADO EM LOCAL COM NÍVEL ALTO DE INTERFERÊNCIAS (NÃO INCLUI FORNECIMENTO). AF_11/2017 | D36: M | E36: 9,95 | F36: 10.65 | G36: SINAPI-S
B37: 97144 | C37: ASSENTAMENTO DE TUBO DE FERRO FUNDIDO PARA REDE DE ÁGUA, DN 200 MM, JUNTA ELÁSTICA, INSTALADO EM LOCAL COM NÍVEL ALTO DE INTERFERÊNCIAS (NÃO INCLUI FORNECIMENTO). AF_11/2017 | D37: M | E37: 11,92 | F37: 12.74 | G37: SINAPI-S
B38: 97145 | C38: ASSENTAMENTO DE TUBO DE FERRO FUNDIDO PARA REDE DE ÁGUA, DN 250 MM, JUNTA ELÁSTICA, INSTALADO EM LOCAL COM NÍVEL ALTO DE INTERFERÊNCIAS (NÃO INCLUI FORNECIMENTO). AF_11/2017 | D38: M | E38: 13,91 | F38: 14.88 | G38: SINAPI-S
B39: 97146 | C39: ASSENTAMENTO DE TUBO DE FERRO FUNDIDO PARA REDE DE ÁGUA, DN 300 MM, JUNTA ELÁSTICA, INSTALADO EM LOCAL COM NÍVEL ALTO DE INTERFERÊNCIAS (NÃO INCLUI FORNECIMENTO). AF_11/2017 | D39: M | E39: 15,86 | F39: 16.99 | G39: SINAPI-S
B40: 97147 | C40: ASSENTAMENTO DE TUBO DE FERRO FUNDIDO PARA REDE DE ÁGUA, DN 350 MM, JUNTA ELÁSTICA, INSTALADO EM LOCAL COM NÍVEL ALTO DE INTERFERÊNCIAS (NÃO INCLUI FORNECIMENTO). AF_11/2017 | D40: M | E40: 17,85 | F40: 19.13 | G40: SINAPI-S
B41: 97148 | C41: ASSENTAMENTO DE TUBO DE FERRO FUNDIDO PARA REDE DE ÁGUA, DN 400 MM, JUNTA ELÁSTICA, INSTALADO EM LOCAL COM NÍVEL ALTO DE INTERFERÊNCIAS (NÃO INCLUI FORNECIMENTO). AF_11/2017 | D41: M | E41: 19,82 | F41: 21.25 | G41: SINAPI-S
B42: 97149 | C42: ASSENTAMENTO DE TUBO DE FERRO FUNDIDO PARA REDE DE ÁGUA, DN 450 MM, JUNTA ELÁSTICA, INSTALADO EM LOCAL COM NÍVEL ALTO DE INTERFERÊNCIAS (NÃO INCLUI FORNECIMENTO). AF_11/2017 | D42: M | E42: 21,82 | F42: 23.41 | G42: SINAPI-S
B43: 97150 | C43: ASSENTAMENTO DE TUBO DE FERRO FUNDIDO PARA REDE DE ÁGUA, DN 500 MM, JUNTA ELÁSTICA, INSTALADO EM LOCAL COM NÍVEL ALTO DE INTERFERÊNCIAS (NÃO INCLUI FORNECIMENTO). AF_11/2017 | D43: M | E43: 28,70 | F43: 30.41 | G43: SINAPI-S
B44: 97151 | C44: ASSENTAMENTO DE TUBO DE FERRO FUNDIDO PARA REDE DE ÁGUA, DN 600 MM, JUNTA ELÁSTICA, INSTALADO EM LOCAL COM NÍVEL ALTO DE INTERFERÊNCIAS (NÃO INCLUI FORNECIMENTO). AF_11/2017 | D44: M | E44: 33,37 | F44: 35.4 | G44: SINAPI-S
B45: 97152 | C45: ASSENTAMENTO DE TUBO DE FERRO FUNDIDO PARA REDE DE ÁGUA, DN 700 MM, JUNTA ELÁSTICA, INSTALADO EM LOCAL COM NÍVEL ALTO DE INTERFERÊNCIAS (NÃO INCLUI FORNECIMENTO). AF_11/2017 | D45: M | E45: 37,85 | F45: 40.18 | G45: SINAPI-S
... B7551: 101425 | C7551: NIVELADOR COM ENCARGOS COMPLEMENTARES | D7551: MES | E7551: 3.597,63 | F7551: 4119.1 | G7551: SINAPI-S
B7552: 101426 | C7552: OPERADOR DE BATE-ESTACA COM ENCARGOS COMPLEMENTARES | D7552: MES | E7552: 4.017,29 | F7552: 4478.63
B7553: 101427 | C7553: OPERADOR DE BETONEIRA (CAMINHÃO) COM ENCARGOS COMPLEMENTARES | D7553: MES | E7553: 3.463,30 | F7553: 3835.12
B7554: 101428 | C7554: OPERADOR DE BETONEIRA ESTACIONÁRIA COM ENCARGOS COMPLEMENTARES | D7554: MES | E7554: 3.382,83 | F7554: 3741.66
B7555: 101429 | C7555: OPERADOR DE COMPRESSOR DE AR OU COMPRESSORISTA COM ENCARGOS COMPLEMENTARES | D7555: MES | E7555: 3.737,47 | F7555: 4153.61
B7556: 101430 | C7556: OPERADOR DE DEMARCADORA DE FAIXAS DE TRÁFEGO COM ENCARGOS COMPLEMENTARES | D7556: MES | E7556: 3.994,34 | F7556: 4451.97
B7557: 101431 | C7557: OPERADOR DE ESCAVADEIRA COM ENCARGOS COMPLEMENTARES | D7557: MES | E7557: 4.272,53 | F7557: 4775.1
B7558: 101432 | C7558: OPERADOR DE GUINCHO OU GUINCHEIRO COM ENCARGOS COMPLEMENTARES | D7558: MES | E7558: 3.496,01 | F7558: 3873.13
B7559: 101433 | C7559: OPERADOR DE GUINDASTE COM ENCARGOS COMPLEMENTARES | D7559: MES | E7559: 3.496,01 | F7559: 3873.13
B7560: 101434 | C7560: OPERADOR DE JATO ABRASIVO OU JATISTA COM ENCARGOS COMPLEMENTARES | D7560: MES | E7560: 3.946,63 | F7560: 4396.55
B7561: 101435 | C7561: OPERADOR DE MÁQUINAS E TRATORES DIVERSOS COM ENCARGOS COMPLEMENTARES | D7561: MES | E7561: 3.864,03 | F7561: 4300.61
B7562: 101436 | C7562: OPERADOR DE MARTELETE OU MARTELETEIRO COM ENCARGOS COMPLEMENTARES | D7562: MES | E7562: 3.481,35 | F7562: 3856.11
B7563: 101437 | C7563: OPERADOR DE MOTO SCRAPER COM ENCARGOS COMPLEMENTARES | D7563: MES | E7563: 4.042,62 | F7563: 4508.04
... B7585: 101459 | C7585: VIDRACEIRO COM ENCARGOS COMPLEMENTARES | D7585: MES | E7585: 3.652,39 | F7585: 4018.4
B7586: 101460 | C7586: VIGIA DIURNO COM ENCARGOS COMPLEMENTARES | D7586: MES | E7586: 3.580,27 | F7586: 3940.04 | H7586: FIM DA TABELA ANTES DA ATUALIZAÇÃO
B7588: INSUMOS | C7588: SINAPI/CE - 09/2023 | H7588: OBS!!!
A7589: Item | B7589: Código | C7589: Descrição | D7589: Unidade | E7589: Valor com Desoneração | F7589: Valor Sem Desoneração | H7589: Coluna para Copiar
B7590: 38605 | C7590: ABERTURA PARA ENCAIXE DE CUBA OU LAVATORIO EM BANCADA DE MARMORE/ GRANITO OU OUTRO TIPO DE PEDRA NATURAL | D7590: UN | E7590: 126,16 | F7590: 126,16 | G7590: SINAPI-I
B7591: 11270 | C7591: ABRACADEIRA DE LATAO PARA FIXACAO DE CABO PARA-RAIO, DIMENSOES 32 X 24 X 24 MM | D7591: UN | E7591: 3,56 | F7591: 3,56 | G7591: SINAPI-I
B7592: 412 | C7592: ABRACADEIRA DE NYLON PARA AMARRACAO DE CABOS, COMPRIMENTO DE *230* X *7,6* MM | D7592: UN | E7592: 0,82 | F7592: 0,82 | G7592: SINAPI-I
B7593: 414 | C7593: ABRACADEIRA DE NYLON PARA AMARRACAO DE CABOS, COMPRIMENTO DE 100 X 2,5 MM | D7593: UN | E7593: 0,05 | F7593: 0,05 | G7593: SINAPI-I
B7594: 410 | C7594: ABRACADEIRA DE NYLON PARA AMARRACAO DE CABOS, COMPRIMENTO DE 150 X *3,6* MM | D7594: UN | E7594: 0,12 | F7594: 0,12 | G7594: SINAPI-I
B7595: 411 | C7595: ABRACADEIRA DE NYLON PARA AMARRACAO DE CABOS, COMPRIMENTO DE 200 X *4,6* MM | D7595: UN | E7595: 0,16 | F7595: 0,16 | G7595: SINAPI-I
B7596: 408 | C7596: ABRACADEIRA DE NYLON PARA AMARRACAO DE CABOS, COMPRIMENTO DE 390 X *4,6* MM | D7596: UN | E7596: 0,79 | F7596: 0,79 | G7596: SINAPI-I
B7597: 39131 | C7597: ABRACADEIRA EM ACO PARA AMARRACAO DE ELETRODUTOS, TIPO D, COM 1 1/2" E CUNHA DE FIXACAO | D7597: UN | E7597: 6,28 | F7597: 6,28 | G7597: SINAPI-I
B7598: 394 | C7598: ABRACADEIRA EM ACO PARA AMARRACAO DE ELETRODUTOS, TIPO D, COM 1 1/2" E PARAFUSO DE FIXACAO | D7598: UN | E7598: 6,35 | F7598: 6,35 | G7598: SINAPI-I
B7599: 39130 | C7599: ABRACADEIRA EM ACO PARA AMARRACAO DE ELETRODUTOS, TIPO D, COM 1 1/4" E CUNHA DE FIXACAO | D7599: UN | E7599: 5,73 | F7599: 5,73 | G7599: SINAPI-I
B7600: 395 | C7600: ABRACADEIRA EM ACO PARA AMARRACAO DE ELETRODUTOS, TIPO D, COM 1 1/4" E PARAFUSO DE FIXACAO | D7600: UN | E7600: 6,12 | F7600: 6,12 | G7600: SINAPI-I
B7601: 39127 | C7601: ABRACADEIRA EM ACO PARA AMARRACAO DE ELETRODUTOS, TIPO D, COM 1/2" E CUNHA DE FIXACAO | D7601: UN | E7601: 3,02 | F7601: 3,02 | G7601: SINAPI-I
... B8111: 40529 | C8111: BLOQUETE/PISO INTERTRAVADO DE CONCRETO - MODELO ONDA/16 FACES/RETANGULAR/TIJOLINHO/PAVER/HOLANDES/PARALELEPIPEDO, *22 CM X *11 CM, E = 10 CM, RESISTENCIA DE 50 MPA (NBR 9781), COR NATURAL | D8111: M2 | E8111: 63,21 | F8111: 63,21 | G8111: SINAPI-I
B8112: 36170 | C8112: BLOQUETE/PISO INTERTRAVADO DE CONCRETO - MODELO ONDA/16 FACES/RETANGULAR/TIJOLINHO/PAVER/HOLANDES/PARALELEPIPEDO, *22 CM X 11* CM, E = 8 CM, RESISTENCIA DE 35 MPA (NBR 9781), COR NATURAL | D8112: M2 | E8112: 52,45 | F8112: =52.45 -> 52.45 | G8112: SINAPI-I
B8113: 40524 | C8113: BLOQUETE/PISO INTERTRAVADO DE CONCRETO - MODELO ONDA/16 FACES/RETANGULAR/TIJOLINHO/PAVER/HOLANDES/PARALELEPIPEDO, 20 CM X 10 CM, E = 10 CM, RESISTENCIA DE 35 MPA (NBR 9781), COR NATURAL | D8113: M2 | E8113: 61,84 | F8113: 61,84 | G8113: SINAPI-I
B8114: 36156 | C8114: BLOQUETE/PISO INTERTRAVADO DE CONCRETO - MODELO ONDA/16 FACES/RETANGULAR/TIJOLINHO/PAVER/HOLANDES/PARALELEPIPEDO, 20 CM X 10 CM, E = 6 CM, RESISTENCIA DE 35 MPA (NBR 9781), COLORIDO | D8114: M2 | E8114: 48,10 | F8114: 48,10 | G8114: SINAPI-I
B8115: 36155 | C8115: BLOQUETE/PISO INTERTRAVADO DE CONCRETO - MODELO ONDA/16 FACES/RETANGULAR/TIJOLINHO/PAVER/HOLANDES/PARALELEPIPEDO, 20 CM X 10 CM, E = 6 CM, RESISTENCIA DE 35 MPA (NBR 9781), COR NATURAL | D8115: M2 | E8115: 41,52 | F8115: 41,52 | G8115: SINAPI-I
B8116: 36154 | C8116: BLOQUETE/PISO INTERTRAVADO DE CONCRETO - MODELO ONDA/16 FACES/RETANGULAR/TIJOLINHO/PAVER/HOLANDES/PARALELEPIPEDO, 20 CM X 10 CM, E = 8 CM, RESISTENCIA DE 35 MPA (NBR 9781), COLORIDO | D8116: M2 | E8116: 57,72 | F8116: 57,72 | G8116: SINAPI-I
B8117: 695 | C8117: BLOQUETE/PISO INTERTRAVADO DE CONCRETO - MODELO RAQUETE, *22 CM X 13,5* CM, E = 6 CM, RESISTENCIA DE 35 MPA (NBR 9781), COR NATURAL | D8117: M2 | E8117: 42,39 | F8117: 42,39 | G8117: SINAPI-I
B8118: 679 | C8118: BLOQUETE/PISO INTERTRAVADO DE CONCRETO - MODELO SEXTAVADO / HEXAGONAL, 25 CM X 25 CM, E = 10 CM, RESISTENCIA DE 35 MPA (NBR 9781), COR NATURAL | D8118: M2 | E8118: 63,21 | F8118: 63,21 | G8118: SINAPI-I
B8119: 711 | C8119: BLOQUETE/PISO INTERTRAVADO DE CONCRETO - MODELO SEXTAVADO / HEXAGONAL, 25 CM X 25 CM, E = 6 CM, RESISTENCIA DE 35 MPA (NBR 9781), COR NATURAL | D8119: M2 | E8119: 41,81 | F8119: 41,81 | G8119: SINAPI-I
B8120: 712 | C8120: BLOQUETE/PISO INTERTRAVADO DE CONCRETO - MODELO SEXTAVADO / HEXAGONAL, 25 CM X 25 CM, E = 8 CM, RESISTENCIA DE 35 MPA (NBR 9781), COR NATURAL | D8120: M2 | E8120: 52,67 | F8120: 52,67 | G8120: SINAPI-I
B8121: 12614 | C8121: BOCAL PVC, PARA CALHA PLUVIAL, DIAMETRO DA SAIDA ENTRE *75 E 120* MM, PARA DRENAGEM PLUVIAL PREDIAL | D8121: UN | E8121: 53,22 | F8121: 53,22 | G8121: SINAPI-I
B8122: 6140 | C8122: BOLSA DE LIGACAO EM PVC FLEXIVEL PARA VASO SANITARIO 40 MM (1 1/2") | D8122: UN | E8122: 3,48 | F8122: 3,48 | G8122: SINAPI-I
B8123: 38399 | C8123: BOLSA DE LONA PARA FERRAMENTAS *50 X 35 X 25* CM | D8123: UN | E8123: 269,37 | F8123: 269,37 | G8123: SINAPI-I
B8124: 735 | C8124: BOMBA CENTRIFUGA MOTOR ELETRICO TRIFASICO 1,48HP DIAMETRO DE SUCCAO X ELEVACAO 1" X 1", 4 ESTAGIOS, DIAMETRO DOS ROTORES 3 X 107 MM + 1 X 100 MM, HM/Q: 10 M / 5,3 M3/H A 70 M / 1,8 M3/H | D8124: UN | E8124: 3.242,64 | F8124: 3.242,64 | G8124: SINAPI-I
... B12522: 41096 | C12522: VIGIA DIURNO (MENSALISTA) | D12522: MES | E12522: 2.217,64 | F12522: 2.575,97 | G12522: SINAPI-I
B12523: 41776 | C12523: VIGIA NOTURNO, HORA EFETIVAMENTE TRABALHADA DE 22 H AS 5 H (COM ADICIONAL NOTURNO) | D12523: H | E12523: 15,34 | F12523: 17,81 | G12523: SINAPI-I | H12523: FIM DA TABELA ANTES DA ATUALIZAÇÃO
B12526: SERVIÇOS | C12526: TABELA SICRO CEARÁ 04/2023 | H12526: OBS
A12527: Item | B12527: Código | C12527: Descrição | D12527: Unidade | E12527: Valor com Desoneração | F12527: Valor Sem Desoneração | G12527: Dada de Elaboração
B12528: 307731 | C12528: Aparelho de apoio de neoprene fretado para estruturas moldadas no local - fornecimento e instalação | D12528: dm³ | E12528: 109.04 | F12528: 111.82 | G12528: SICRO
B12529: 307732 | C12529: Aparelho de apoio de neoprene fretado para estruturas pré-moldadas - fornecimento e instalação | D12529: dm³ | E12529: 86.99 | F12529: 87.45 | G12529: SICRO
B12530: 308308 | C12530: Aparelho de apoio metálico elastomérico fixo com capacidade de 1.500 kN - fornecimento e instalação | D12530: un | E12530: 14231.88 | F12530: 14237.53 | G12530: SICRO
B12531: 308313 | C12531: Aparelho de apoio metálico elastomérico fixo com capacidade de 10.000 kN - fornecimento e instalação | D12531: un | E12531: 93293.79 | F12531: 93294.92 | G12531: SICRO
B12532: 308309 | C12532: Aparelho de apoio metálico elastomérico fixo com capacidade de 2.500 kN - fornecimento e instalação | D12532: un | E12532: 23246.48 | F12532: 23252.41 | G12532: SICRO
B12533: 308310 | C12533: Aparelho de apoio metálico elastomérico fixo com capacidade de 4.000 kN - fornecimento e instalação | D12533: un | E12533: 37436.14 | F12533: 37442 | G12533: SICRO
B12534: 308311 | C12534: Aparelho de apoio metálico elastomérico fixo com capacidade de 5.500 kN - fornecimento e instalação | D12534: un | E12534: 50242.74 | F12534: 50248.25 | G12534: SICRO
B12535: 308312 | C12535: Aparelho de apoio metálico elastomérico fixo com capacidade de 7.500 kN - fornecimento e instalação | D12535: un | E12535: 68923.71 | F12535: 68928.79 | G12535: SICRO
B12536: 308307 | C12536: Aparelho de apoio metálico elastomérico fixo com capacidade de 700 kN - fornecimento e instalação | D12536: un | E12536: 9527.75 | F12536: 9572.85 | G12536: SICRO
B12537: 308322 | C12537: Aparelho de apoio metálico elastomérico multidirecional com capacidade de 1.500 kN - fornecimento e instalação | D12537: un | E12537: 8639.31 | F12537: 8644.78 | G12537: SICRO
B12538: 308327 | C12538: Aparelho de apoio metálico elastomérico multidirecional com capacidade de 10.000 kN - fornecimento e instalação | D12538: un | E12538: 56205.91 | F12538: 56207.04 | G12538: SICRO
B12539: 308323 | C12539: Aparelho de apoio metálico elastomérico multidirecional com capacidade de 2.500 kN - fornecimento e instalação | D12539: un | E12539: 12006.92 | F12539: 12012.6 | G12539: SICRO
... B18878: 7119700 | C18878: Tratamento superficial e pintura das obras vivas e mortas externas do flutuante (fundo, costados e espelhos de proa e popa) | D18878: m² | E18878: 51.6 | F18878: 53.27 | G18878: SICRO
B18882: MÃO DE OBRA CEARÁ 04/2023
B18883: Código | C18883: Descrição | D18883: Unidade | E18883: COM | F18883: SEM
...

Sheet FONTE CPUE
A1: =IFERROR(__xludf.dummyfunction("IMPORTRANGE(""https://docs.google.com/spreadsheets/d/16PCHMMi95FXs_T37kA165hjMDpE25E_2kCre-7_ZsWs/edit#gid=1489797808"",""CPUE COMPLETO!A:I"")"),"") | J1: FILTRO | L1: PLANILHA PUXADA DA LISTA DE CPUE
J2: V | L2: NÃO EDITAR NESTA PLANILHA A NÃO SER QUESTÃO DE FORMATAÇÃO
A3: =IFERROR(__xludf.dummyfunction("""COMPUTED_VALUE"""),"COMPOSIÇÕES DE PREÇOS UNITÁRIOS ELABORADAS") -> COMPOSIÇÕES DE PREÇOS UNITÁRIOS ELABORADAS | J3: V | L3: CASO PRECISE INSERIR NOVA CPUE, INSERIR PRIMEIRO NA FONTE E ATUALIZAR PLANILHA
A4: =IFERROR(__xludf.dummyfunction("""COMPUTED_VALUE"""),"OBRA: ") -> OBRA: | B4: =IFERROR(__xludf.dummyfunction("""COMPUTED_VALUE"""),"DIGITE O TÍTULO DA OBRA") -> DIGITE O TÍTULO DA OBRA | J4: V
A5: =IFERROR(__xludf.dummyfunction("""COMPUTED_VALUE"""),"LOCAL:") -> LOCAL: | B5: =IFERROR(__xludf.dummyfunction("""COMPUTED_VALUE"""),"#REF!") -> #REF! | J5: V
H6: =IFERROR(__xludf.dummyfunction("""COMPUTED_VALUE"""),"DATA BASE") -> DATA BASE | J6: V
J7: V
A8: =IFERROR(__xludf.dummyfunction("""COMPUTED_VALUE"""),"ITEM ") -> ITEM | B8: =IFERROR(__xludf.dummyfunction("""COMPUTED_VALUE"""),"REF.") -> REF. | C8: =IFERROR(__xludf.dummyfunction("""COMPUTED_VALUE"""),"CÓDIGO") -> CÓDIGO | D8: =IFERROR(__xludf.dummyfunction("""COMPUTED_VALUE"""),"DESCRIÇÃO DO SERVIÇO") -> DESCRIÇÃO DO SERVIÇO | E8: =IFERROR(__xludf.dummyfunction("""COMPUTED_VALUE"""),"UN") -> UN | F8: =IFERROR(__xludf.dummyfunction("""COMPUTED_VALUE"""),"COEF.") -> COEF. | G8: =IFERROR(__xludf.dummyfunction("""COMPUTED_VALUE"""),"P. UNIT. (S/ BDI)") -> P. UNIT. (S/ BDI) | H8: =IFERROR(__xludf.dummyfunction("""COMPUTED_VALUE"""),"VALOR") -> VALOR | I8: =IFERROR(__xludf.dummyfunction("""COMPUTED_VALUE"""),"PREÇO") -> PREÇO | J8: V
A9: =IFERROR(__xludf.dummyfunction("""COMPUTED_VALUE"""),"CPUE-IE001") -> CPUE-IE001 | B9: =IFERROR(__xludf.dummyfunction("""COMPUTED_VALUE"""),"SEINFRA") -> SEINFRA | C9: =IFERROR(__xludf.dummyfunction("""COMPUTED_VALUE"""),"REFLETOR DE FACHADA LED DE 50W IP66") -> REFLETOR DE FACHADA LED DE 50W IP66 | E9: =IFERROR(__xludf.dummyfunction("""COMPUTED_VALUE"""),"UN >") -> UN > | F9: =IFERROR(__xludf.dummyfunction("""COMPUTED_VALUE"""),"UN") -> UN | G9: =IFERROR(__xludf.dummyfunction("""COMPUTED_VALUE"""),"VALOR S/ BDI") -> VALOR S/ BDI | H9: =IFERROR(__xludf.dummyfunction("""COMPUTED_VALUE"""),111.53) -> 111.53 | J9: V
A10: =IFERROR(__xludf.dummyfunction("""COMPUTED_VALUE"""),10101) -> 10101 | B10: =IFERROR(__xludf.dummyfunction("""COMPUTED_VALUE"""),"SEINFRA-I") -> SEINFRA-I | C10: =IFERROR(__xludf.dummyfunction("""COMPUTED_VALUE"""),"I2312") -> I2312 | D10: =IFERROR(__xludf.dummyfunction("""COMPUTED_VALUE"""),"ELETRICISTA") -> ELETRICISTA | E10: =IFERROR(__xludf.dummyfunction("""COMPUTED_VALUE"""),"H") -> H | F10: =IFERROR(__xludf.dummyfunction("""COMPUTED_VALUE"""),1) -> 1 | G10: =IFERROR(__xludf.dummyfunction("""COMPUTED_VALUE"""),20.77) -> 20.77 | H10: =IFERROR(__xludf.dummyfunction("""COMPUTED_VALUE"""),20.77) -> 20.77 | I10: =IFERROR(__xludf.dummyfunction("""COMPUTED_VALUE"""),20.77) -> 20.77 | J10: V
A11: =IFERROR(__xludf.dummyfunction("""COMPUTED_VALUE"""),10102) -> 10102 | B11: =IFERROR(__xludf.dummyfunction("""COMPUTED_VALUE"""),"SEINFRA-I") -> SEINFRA-I | C11: =IFERROR(__xludf.dummyfunction("""COMPUTED_VALUE"""),"I0042") -> I0042 | D11: =IFERROR(__xludf.dummyfunction("""COMPUTED_VALUE"""),"AJUDANTE DE ELETRICISTA") -> AJUDANTE DE ELETRICISTA | E11: =IFERROR(__xludf.dummyfunction("""COMPUTED_VALUE"""),"H") -> H | F11: =IFERROR(__xludf.dummyfunction("""COMPUTED_VALUE"""),1) -> 1 | G11: =IFERROR(__xludf.dummyfunction("""COMPUTED_VALUE"""),16.77) -> 16.77 | H11: =IFERROR(__xludf.dummyfunction("""COMPUTED_VALUE"""),16.77) -> 16.77 | I11: =IFERROR(__xludf.dummyfunction("""COMPUTED_VALUE"""),16.77) -> 16.77 | J11: V
A12: =IFERROR(__xludf.dummyfunction("""COMPUTED_VALUE"""),10103) -> 10103 | B12: =IFERROR(__xludf.dummyfunction("""COMPUTED_VALUE"""),"SEINFRA-I") -> SEINFRA-I | C12: =IFERROR(__xludf.dummyfunction("""COMPUTED_VALUE"""),"I0278") -> I0278 | D12: =IFERROR(__xludf.dummyfunction("""COMPUTED_VALUE"""),"BRAÇO METALICO P/ LUMINARIA") -> BRAÇO METALICO P/ LUMINARIA | E12: =IFERROR(__xludf.dummyfunction("""COMPUTED_VALUE"""),"UN") -> UN | F12: =IFERROR(__xludf.dummyfunction("""COMPUTED_VALUE"""),1) -> 1 | G12: =IFERROR(__xludf.dummyfunction("""COMPUTED_VALUE"""),24.63) -> 24.63 | H12: =IFERROR(__xludf.dummyfunction("""COMPUTED_VALUE"""),24.63) -> 24.63 | I12: =IFERROR(__xludf.dummyfunction("""COMPUTED_VALUE"""),24.63) -> 24.63 | J12: V
A13: =IFERROR(__xludf.dummyfunction("""COMPUTED_VALUE"""),10104) -> 10104 | B13: =IFERROR(__xludf.dummyfunction("""COMPUTED_VALUE"""),"SEINFRA-I") -> SEINFRA-I | C13: =IFERROR(__xludf.dummyfunction("""COMPUTED_VALUE"""),"I1181") -> I1181 | D13: =IFERROR(__xludf.dummyfunction("""COMPUTED_VALUE"""),"FITA ISOLANTE") -> FITA ISOLANTE | E13: =IFERROR(__xludf.dummyfunction("""COMPUTED_VALUE"""),"M") -> M | F13: =IFERROR(__xludf.dummyfunction("""COMPUTED_VALUE"""),0.1) -> 0.1 | G13: =IFERROR(__xludf.dummyfunction("""COMPUTED_VALUE"""),0.82) -> 0.82 | H13: =IFERROR(__xludf.dummyfunction("""COMPUTED_VALUE"""),0.08) -> 0.08 | I13: =IFERROR(__xludf.dummyfunction("""COMPUTED_VALUE"""),0.82) -> 0.82 | J13: V
A14: =IFERROR(__xludf.dummyfunction("""COMPUTED_VALUE"""),10105) -> 10105 | B14: =IFERROR(__xludf.dummyfunction("""COMPUTED_VALUE"""),"SINAPI-I") -> SINAPI-I | C14: =IFERROR(__xludf.dummyfunction("""COMPUTED_VALUE"""),39391) -> 39391 | D14: =IFERROR(__xludf.dummyfunction("""COMPUTED_VALUE"""),"LUMINARIA LED REFLETOR RETANGULAR BIVOLT, LUZ BRANCA, 50 W") -> LUMINARIA LED REFLETOR RETANGULAR BIVOLT, LUZ BRANCA, 50 W | E14: =IFERROR(__xludf.dummyfunction("""COMPUTED_VALUE"""),"UN") -> UN | F14: =IFERROR(__xludf.dummyfunction("""COMPUTED_VALUE"""),1) -> 1 | G14: =IFERROR(__xludf.dummyfunction("""COMPUTED_VALUE"""),49.28) -> 49.28 | H14: =IFERROR(__xludf.dummyfunction("""COMPUTED_VALUE"""),49.28) -> 49.28 | I14: =IFERROR(__xludf.dummyfunction("""COMPUTED_VALUE"""),49.28) -> 49.28 | J14: V
A15: =IFERROR(__xludf.dummyfunction("""COMPUTED_VALUE"""),10106) -> 10106 | B15: =IFERROR(__xludf.dummyfunction("""COMPUTED_VALUE""")," ") | D15: =IFERROR(__xludf.dummyfunction("""COMPUTED_VALUE""")," ") | E15: =IFERROR(__xludf.dummyfunction("""COMPUTED_VALUE""")," ") | F15: =IFERROR(__xludf.dummyfunction("""COMPUTED_VALUE"""),0) -> 0 | G15: =IFERROR(__xludf.dummyfunction("""COMPUTED_VALUE"""),0) -> 0 | H15: =IFERROR(__xludf.dummyfunction("""COMPUTED_VALUE"""),0) -> 0 | I15: =IFERROR(__xludf.dummyfunction("""COMPUTED_VALUE"""),0) -> 0 | J15: V
A16: =IFERROR(__xludf.dummyfunction("""COMPUTED_VALUE"""),"OBS: OS COEFIFIENTES DESTA COMPOSIÇÃO FORAM BASEADO NA TABELA DA SBC - CÓDIGO: 060316, SENDO SUBSTITUÍDO O INSUMO: I049526 PELO INSUMO DA SINAPI - CÓDIGO: 39391, E OS OUTROS INSUMOS SÃO DA TABELA 27.1 - SEINFRA COM DESONERAÇÃO.") -> OBS: OS COEFIFIENTES DESTA COMPOSIÇÃO FORAM BASEADO NA TABELA DA SBC - CÓDIGO: 060316, SENDO SUBSTITUÍDO O INSUMO: I049526 PELO INSUMO DA SINAPI - CÓDIGO: 39391, E OS OUTROS INSUMOS SÃO DA TABELA 27.1 - SEINFRA COM DESONERAÇÃO. | I16: =IFERROR(__xludf.dummyfunction("""COMPUTED_VALUE"""),0) -> 0 | J16: V
I17: =IFERROR(__xludf.dummyfunction("""COMPUTED_VALUE"""),0) -> 0 | J17: V
I18: =IFERROR(__xludf.dummyfunction("""COMPUTED_VALUE"""),0) -> 0 | J18: V
A19: =IFERROR(__xludf.dummyfunction("""COMPUTED_VALUE"""),"CPUE-IE002") -> CPUE-IE002 | B19: =IFERROR(__xludf.dummyfunction("""COMPUTED_VALUE"""),"SEINFRA") -> SEINFRA | C19: =IFERROR(__xludf.dummyfunction("""COMPUTED_VALUE"""),"QUADRO P/ MEDIÇÃO EM POSTE DE CONCRETO H=9,00M INCLUSIVE POSTE E INSTALAÇÃO") -> QUADRO P/ MEDIÇÃO EM POSTE DE CONCRETO H=9,00M INCLUSIVE POSTE E INSTALAÇÃO | E19: =IFERROR(__xludf.dummyfunction("""COMPUTED_VALUE"""),"UN >") -> UN > | F19: =IFERROR(__xludf.dummyfunction("""COMPUTED_VALUE"""),"UN") -> UN | G19: =IFERROR(__xludf.dummyfunction("""COMPUTED_VALUE"""),"VALOR S/ BDI") -> VALOR S/ BDI | H19: =IFERROR(__xludf.dummyfunction("""COMPUTED_VALUE"""),1258.06) -> 1258.06 | I19: =IFERROR(__xludf.dummyfunction("""COMPUTED_VALUE"""),"#N/A") -> #N/A | J19: X
A20: =IFERROR(__xludf.dummyfunction("""COMPUTED_VALUE"""),10101) -> 10101 | B20: =IFERROR(__xludf.dummyfunction("""COMPUTED_VALUE"""),"SEINFRA-I") -> SEINFRA-I | C20: =IFERROR(__xludf.dummyfunction("""COMPUTED_VALUE"""),"I2312") -> I2312 | D20: =IFERROR(__xludf.dummyfunction("""COMPUTED_VALUE"""),"ELETRICISTA") -> ELETRICISTA | E20: =IFERROR(__xludf.dummyfunction("""COMPUTED_VALUE"""),"H") -> H | F20: =IFERROR(__xludf.dummyfunction("""COMPUTED_VALUE"""),4.8) -> 4.8 | G20: =IFERROR(__xludf.dummyfunction("""COMPUTED_VALUE"""),20.77) -> 20.77 | H20: =IFERROR(__xludf.dummyfunction("""COMPUTED_VALUE"""),99.7) -> 99.7 | I20: =IFERROR(__xludf.dummyfunction("""COMPUTED_VALUE"""),20.77) -> 20.77 | J20: X
A21: =IFERROR(__xludf.dummyfunction("""COMPUTED_VALUE"""),10102) -> 10102 | B21: =IFERROR(__xludf.dummyfunction("""COMPUTED_VALUE"""),"SEINFRA-I") -> SEINFRA-I | C21: =IFERROR(__xludf.dummyfunction("""COMPUTED_VALUE"""),"I0042") -> I0042 | D21: =IFERROR(__xludf.dummyfunction("""COMPUTED_VALUE"""),"AJUDANTE DE ELETRICISTA") -> AJUDANTE DE ELETRICISTA | E21: =IFERROR(__xludf.dummyfunction("""COMPUTED_VALUE"""),"H") -> H | F21: =IFERROR(__xludf.dummyfunction("""COMPUTED_VALUE"""),4.8) -> 4.8 | G21: =IFERROR(__xludf.dummyfunction("""COMPUTED_VALUE"""),16.77) -> 16.77 | H21: =IFERROR(__xludf.dummyfunction("""COMPUTED_VALUE"""),80.5) -> 80.5 | I21: =IFERROR(__xludf.dummyfunction("""COMPUTED_VALUE"""),16.77) -> 16.77 | J21: X
A22: =IFERROR(__xludf.dummyfunction("""COMPUTED_VALUE"""),10103) -> 10103 | B22: =IFERROR(__xludf.dummyfunction("""COMPUTED_VALUE"""),"SEINFRA-I") -> SEINFRA-I | C22: =IFERROR(__xludf.dummyfunction("""COMPUTED_VALUE"""),"I0126") -> I0126 | D22: =IFERROR(__xludf.dummyfunction("""COMPUTED_VALUE"""),"ARRUELA DE FERRO GALVANIZADO 1 1/2''") -> ARRUELA DE FERRO GALVANIZADO 1 1/2'' | E22: =IFERROR(__xludf.dummyfunction("""COMPUTED_VALUE"""),"UN") -> UN | F22: =IFERROR(__xludf.dummyfunction("""COMPUTED_VALUE"""),3) -> 3 | G22: =IFERROR(__xludf.dummyfunction("""COMPUTED_VALUE"""),0.9) -> 0.9 | H22: =IFERROR(__xludf.dummyfunction("""COMPUTED_VALUE"""),2.7) -> 2.7 | I22: =IFERROR(__xludf.dummyfunction("""COMPUTED_VALUE"""),0.9) -> 0.9 | J22: X
A23: =IFERROR(__xludf.dummyfunction("""COMPUTED_VALUE"""),10104) -> 10104 | B23: =IFERROR(__xludf.dummyfunction("""COMPUTED_VALUE"""),"SEINFRA-I") -> SEINFRA-I | C23: =IFERROR(__xludf.dummyfunction("""COMPUTED_VALUE"""),"I0285") -> I0285 | D23: =IFERROR(__xludf.dummyfunction("""COMPUTED_VALUE"""),"BUCHA DE FERRO GALVANIZADO 1 1/2''") -> BUCHA DE FERRO GALVANIZADO 1 1/2'' | E23: =IFERROR(__xludf.dummyfunction("""COMPUTED_VALUE"""),"UN") -> UN | F23: =IFERROR(__xludf.dummyfunction("""COMPUTED_VALUE"""),3) -> 3 | G23: =IFERROR(__xludf.dummyfunction("""COMPUTED_VALUE"""),1.06) -> 1.06 | H23: =IFERROR(__xludf.dummyfunction("""COMPUTED_VALUE"""),3.18) -> 3.18 | I23: =IFERROR(__xludf.dummyfunction("""COMPUTED_VALUE"""),1.06) -> 1.06 | J23: X
A24: =IFERROR(__xludf.dummyfunction("""COMPUTED_VALUE"""),10105) -> 10105 | B24: =IFERROR(__xludf.dummyfunction("""COMPUTED_VALUE"""),"SEINFRA-I") -> SEINFRA-I | C24: =IFERROR(__xludf.dummyfunction("""COMPUTED_VALUE"""),"I0338") -> I0338 | D24: =IFERROR(__xludf.dummyfunction("""COMPUTED_VALUE"""),"CABO COBRE NU 25MM2") -> CABO COBRE NU 25MM2 | E24: =IFERROR(__xludf.dummyfunction("""COMPUTED_VALUE"""),"M") -> M | F24: =IFERROR(__xludf.dummyfunction("""COMPUTED_VALUE"""),2) -> 2 | G24: =IFERROR(__xludf.dummyfunction("""COMPUTED_VALUE"""),18.22) -> 18.22 | H24: =IFERROR(__xludf.dummyfunction("""COMPUTED_VALUE"""),36.44) -> 36.44 | I24: =IFERROR(__xludf.dummyfunction("""COMPUTED_VALUE"""),18.22) -> 18.22 | J24: X
A25: =IFERROR(__xludf.dummyfunction("""COMPUTED_VALUE"""),10106) -> 10106 | B25: =IFERROR(__xludf.dummyfunction("""COMPUTED_VALUE"""),"SEINFRA-I") -> SEINFRA-I | C25: =IFERROR(__xludf.dummyfunction("""COMPUTED_VALUE"""),"I6620") -> I6620 | D25: =IFERROR(__xludf.dummyfunction("""COMPUTED_VALUE"""),"CAIXA DE MEDIÇÃO E PROTEÇÃO, PADRÃO COELCE, FABRICADA EM CHAPA METÁLICA, COM DIM. 340 X 640 X 210mm") -> CAIXA DE MEDIÇÃO E PROTEÇÃO, PADRÃO COELCE, FABRICADA EM CHAPA METÁLICA, COM DIM. 340 X 640 X 210mm | E25: =IFERROR(__xludf.dummyfunction("""COMPUTED_VALUE"""),"UN") -> UN | F25: =IFERROR(__xludf.dummyfunction("""COMPUTED_VALUE"""),1) -> 1 | G25: =IFERROR(__xludf.dummyfunction("""COMPUTED_VALUE"""),76.27) -> 76.27 | H25: =IFERROR(__xludf.dummyfunction("""COMPUTED_VALUE"""),76.27) -> 76.27 | I25: =IFERROR(__xludf.dummyfunction("""COMPUTED_VALUE"""),76.27) -> 76.27 | J25: X
A26: =IFERROR(__xludf.dummyfunction("""COMPUTED_VALUE"""),10107) -> 10107 | B26: =IFERROR(__xludf.dummyfunction("""COMPUTED_VALUE"""),"SEINFRA-I") -> SEINFRA-I | C26: =IFERROR(__xludf.dummyfunction("""COMPUTED_VALUE"""),"I0841") -> I0841 | D26: =IFERROR(__xludf.dummyfunction("""COMPUTED_VALUE"""),"CONECTOR PARA HASTE TERRA") -> CONECTOR PARA HASTE TERRA | E26: =IFERROR(__xludf.dummyfunction("""COMPUTED_VALUE"""),"UN") -> UN | F26: =IFERROR(__xludf.dummyfunction("""COMPUTED_VALUE"""),1) -> 1 | G26: =IFERROR(__xludf.dummyfunction("""COMPUTED_VALUE"""),2.59) -> 2.59 | H26: =IFERROR(__xludf.dummyfunction("""COMPUTED_VALUE"""),2.59) -> 2.59 | I26: =IFERROR(__xludf.dummyfunction("""COMPUTED_VALUE"""),2.59) -> 2.59 | J26: X
A27: =IFERROR(__xludf.dummyfunction("""COMPUTED_VALUE"""),10108) -> 10108 | B27: =IFERROR(__xludf.dummyfunction("""COMPUTED_VALUE"""),"SEINFRA-I") -> SEINFRA-I | C27: =IFERROR(__xludf.dummyfunction("""COMPUTED_VALUE"""),"I1071") -> I1071 | D27: =IFERROR(__xludf.dummyfunction("""COMPUTED_VALUE"""),"ELETRODUTO DE PVC RIGIDO 1/2''") -> ELETRODUTO DE PVC RIGIDO 1/2'' | E27: =IFERROR(__xludf.dummyfunction("""COMPUTED_VALUE"""),"M") -> M | F27: =IFERROR(__xludf.dummyfunction("""COMPUTED_VALUE"""),1.5) -> 1.5 | G27: =IFERROR(__xludf.dummyfunction("""COMPUTED_VALUE"""),2.81) -> 2.81 | H27: =IFERROR(__xludf.dummyfunction("""COMPUTED_VALUE"""),4.22) -> 4.22 | I27: =IFERROR(__xludf.dummyfunction("""COMPUTED_VALUE"""),2.81) -> 2.81 | J27: X
A28: =IFERROR(__xludf.dummyfunction("""COMPUTED_VALUE"""),10109) -> 10109 | B28: =IFERROR(__xludf.dummyfunction("""COMPUTED_VALUE"""),"SEINFRA-I") -> SEINFRA-I | C28: =IFERROR(__xludf.dummyfunction("""COMPUTED_VALUE"""),"I1243") -> I1243 | D28: =IFERROR(__xludf.dummyfunction("""COMPUTED_VALUE"""),"HASTE DE ATERRAMENTO COPPERWELD 3/4'' x 3M") -> HASTE DE ATERRAMENTO COPPERWELD 3/4'' x 3M | E28: =IFERROR(__xludf.dummyfunction("""COMPUTED_VALUE"""),"UN") -> UN | F28: =IFERROR(__xludf.dummyfunction("""COMPUTED_VALUE"""),1) -> 1 | G28: =IFERROR(__xludf.dummyfunction("""COMPUTED_VALUE"""),69.28) -> 69.28 | H28: =IFERROR(__xludf.dummyfunction("""COMPUTED_VALUE"""),69.28) -> 69.28 | I28: =IFERROR(__xludf.dummyfunction("""COMPUTED_VALUE"""),69.28) -> 69.28 | J28: X
A29: =IFERROR(__xludf.dummyfunction("""COMPUTED_VALUE"""),10110) -> 10110 | B29: =IFERROR(__xludf.dummyfunction("""COMPUTED_VALUE"""),"SEINFRA-S") -> SEINFRA-S | C29: =IFERROR(__xludf.dummyfunction("""COMPUTED_VALUE"""),"C4976") -> C4976 | D29: =IFERROR(__xludf.dummyfunction("""COMPUTED_VALUE"""),"POSTE DE CONCRETO DUPLO T, RESISTÊNCIA NOMINAL 150KG, H= 9,00M, PESO APROXIMADO 470KG") -> POSTE DE CONCRETO DUPLO T, RESISTÊNCIA NOMINAL 150KG, H= 9,00M, PESO APROXIMADO 470KG | E29: =IFERROR(__xludf.dummyfunction("""COMPUTED_VALUE"""),"UN") -> UN | F29: =IFERROR(__xludf.dummyfunction("""COMPUTED_VALUE"""),1) -> 1 | G29: =IFERROR(__xludf.dummyfunction("""COMPUTED_VALUE"""),877.33) -> 877.33 | H29: =IFERROR(__xludf.dummyfunction("""COMPUTED_VALUE"""),877.33) -> 877.33 | I29: =IFERROR(__xludf.dummyfunction("""COMPUTED_VALUE"""),877.33) -> 877.33 | J29: X
A30: =IFERROR(__xludf.dummyfunction("""COMPUTED_VALUE"""),10111) -> 10111 | B30: =IFERROR(__xludf.dummyfunction("""COMPUTED_VALUE"""),"SEINFRA-I") -> SEINFRA-I | C30: =IFERROR(__xludf.dummyfunction("""COMPUTED_VALUE"""),"I0366") -> I0366 | D30: =IFERROR(__xludf.dummyfunction("""COMPUTED_VALUE"""),"CABO EM PVC 1000V 10MM2") -> CABO EM PVC 1000V 10MM2 | E30: =IFERROR(__xludf.dummyfunction("""COMPUTED_VALUE"""),"M") -> M | F30: =IFERROR(__xludf.dummyfunction("""COMPUTED_VALUE"""),1) -> 1 | G30: =IFERROR(__xludf.dummyfunction("""COMPUTED_VALUE"""),5.85) -> 5.85 | H30: =IFERROR(__xludf.dummyfunction("""COMPUTED_VALUE"""),5.85) -> 5.85 | I30: =IFERROR(__xludf.dummyfunction("""COMPUTED_VALUE"""),5.85) -> 5.85 | J30: X
A31: =IFERROR(__xludf.dummyfunction("""COMPUTED_VALUE"""),10112) -> 10112 | B31: =IFERROR(__xludf.dummyfunction("""COMPUTED_VALUE""")," ") | D31: =IFERROR(__xludf.dummyfunction("""COMPUTED_VALUE""")," ") | E31: =IFERROR(__xludf.dummyfunction("""COMPUTED_VALUE""")," ") | F31: =IFERROR(__xludf.dummyfunction("""COMPUTED_VALUE"""),0) -> 0 | G31: =IFERROR(__xludf.dummyfunction("""COMPUTED_VALUE"""),0) -> 0 | H31: =IFERROR(__xludf.dummyfunction("""COMPUTED_VALUE"""),0) -> 0 | I31: =IFERROR(__xludf.dummyfunction("""COMPUTED_VALUE"""),0) -> 0 | J31: X
A32: =IFERROR(__xludf.dummyfunction("""COMPUTED_VALUE"""),"OBS: OS COEFIFIENTES DESTA COMPOSIÇÃO FORAM BASEADO NO CÓDIGO: C2090 DA TABELA 27.1 DA SEINFRA COM DESONERAÇÃO.") -> OBS: OS COEFIFIENTES DESTA COMPOSIÇÃO FORAM BASEADO NO CÓDIGO: C2090 DA TABELA 27.1 DA SEINFRA COM DESONERAÇÃO. | I32: =IFERROR(__xludf.dummyfunction("""COMPUTED_VALUE"""),0) -> 0 | J32: X
I33: =IFERROR(__xludf.dummyfunction("""COMPUTED_VALUE"""),0) -> 0 | J33: X
I34: =IFERROR(__xludf.dummyfunction("""COMPUTED_VALUE"""),0) -> 0 | J34: X
A35: =IFERROR(__xludf.dummyfunction("""COMPUTED_VALUE"""),"CPUE-IE003") -> CPUE-IE003 | B35: =IFERROR(__xludf.dummyfunction("""COMPUTED_VALUE"""),"SEINFRA / SINAPI") -> SEINFRA / SINAPI | C35: =IFERROR(__xludf.dummyfunction("""COMPUTED_VALUE"""),"DISPOSITIVO DE PROTEÇÃO CONTRA SURTO(DPS) - 40 kA - 275V") -> DISPOSITIVO DE PROTEÇÃO CONTRA SURTO(DPS) - 40 kA - 275V | E35: =IFERROR(__xludf.dummyfunction("""COMPUTED_VALUE"""),"UN >") -> UN > | F35: =IFERROR(__xludf.dummyfunction("""COMPUTED_VALUE"""),"UN") -> UN | G35: =IFERROR(__xludf.dummyfunction("""COMPUTED_VALUE"""),"VALOR S/ BDI") -> VALOR S/ BDI | H35: =IFERROR(__xludf.dummyfunction("""COMPUTED_VALUE"""),117.83) -> 117.83 | I35: =IFERROR(__xludf.dummyfunction("""COMPUTED_VALUE"""),"#N/A") -> #N/A | J35: X
A36: =IFERROR(__xludf.dummyfunction("""COMPUTED_VALUE"""),10101) -> 10101 | B36: =IFERROR(__xludf.dummyfunction("""COMPUTED_VALUE"""),"SEINFRA-I") -> SEINFRA-I | C36: =IFERROR(__xludf.dummyfunction("""COMPUTED_VALUE"""),"I2312") -> I2312 | D36: =IFERROR(__xludf.dummyfunction("""COMPUTED_VALUE"""),"ELETRICISTA") -> ELETRICISTA | E36: =IFERROR(__xludf.dummyfunction("""COMPUTED_VALUE"""),"H") -> H | F36: =IFERROR(__xludf.dummyfunction("""COMPUTED_VALUE"""),0.3) -> 0.3 | G36: =IFERROR(__xludf.dummyfunction("""COMPUTED_VALUE"""),20.77) -> 20.77 | H36: =IFERROR(__xludf.dummyfunction("""COMPUTED_VALUE"""),6.23) -> 6.23 | I36: =IFERROR(__xludf.dummyfunction("""COMPUTED_VALUE"""),20.77) -> 20.77 | J36: X
A37: =IFERROR(__xludf.dummyfunction("""COMPUTED_VALUE"""),10102) -> 10102 | B37: =IFERROR(__xludf.dummyfunction("""COMPUTED_VALUE"""),"SEINFRA-I") -> SEINFRA-I | C37: =IFERROR(__xludf.dummyfunction("""COMPUTED_VALUE"""),"I0042") -> I0042 | D37: =IFERROR(__xludf.dummyfunction("""COMPUTED_VALUE"""),"AJUDANTE DE ELETRICISTA") -> AJUDANTE DE ELETRICISTA | E37: =IFERROR(__xludf.dummyfunction("""COMPUTED_VALUE"""),"H") -> H | F37: =IFERROR(__xludf.dummyfunction("""COMPUTED_VALUE"""),0.3) -> 0.3 | G37: =IFERROR(__xludf.dummyfunction("""COMPUTED_VALUE"""),16.77) -> 16.77 | H37: =IFERROR(__xludf.dummyfunction("""COMPUTED_VALUE"""),5.03) -> 5.03 | I37: =IFERROR(__xludf.dummyfunction("""COMPUTED_VALUE"""),16.77) -> 16.77 | J37: X
A38: =IFERROR(__xludf.dummyfunction("""COMPUTED_VALUE"""),10103) -> 10103 | B38: =IFERROR(__xludf.dummyfunction("""COMPUTED_VALUE"""),"SINAPI-I") -> SINAPI-I | C38: =IFERROR(__xludf.dummyfunction("""COMPUTED_VALUE"""),39471) -> 39471 | D38: =IFERROR(__xludf.dummyfunction("""COMPUTED_VALUE"""),"DISPOSITIVO DPS CLASSE II, 1 POLO, TENSAO MAXIMA DE 275 V, CORRENTE MAXIMA DE *45* KA (TIPO AC)") -> DISPOSITIVO DPS CLASSE II, 1 POLO, TENSAO MAXIMA DE 275 V, CORRENTE MAXIMA DE *45* KA (TIPO AC) | E38: =IFERROR(__xludf.dummyfunction("""COMPUTED_VALUE"""),"UN") -> UN | F38: =IFERROR(__xludf.dummyfunction("""COMPUTED_VALUE"""),1) -> 1 | G38: =IFERROR(__xludf.dummyfunction("""COMPUTED_VALUE"""),106.57) -> 106.57 | H38: =IFERROR(__xludf.dummyfunction("""COMPUTED_VALUE"""),106.57) -> 106.57 | I38: =IFERROR(__xludf.dummyfunction("""COMPUTED_VALUE"""),106.57) -> 106.57 | J38: X
A39: =IFERROR(__xludf.dummyfunction("""COMPUTED_VALUE"""),10104) -> 10104 | B39: =IFERROR(__xludf.dummyfunction("""COMPUTED_VALUE""")," ") | D39: =IFERROR(__xludf.dummyfunction("""COMPUTED_VALUE""")," ") | E39: =IFERROR(__xludf.dummyfunction("""COMPUTED_VALUE""")," ") | F39: =IFERROR(__xludf.dummyfunction("""COMPUTED_VALUE"""),0) -> 0 | G39: =IFERROR(__xludf.dummyfunction("""COMPUTED_VALUE"""),0) -> 0 | H39: =IFERROR(__xludf.dummyfunction("""COMPUTED_VALUE"""),0) -> 0 | I39: =IFERROR(__xludf.dummyfunction("""COMPUTED_VALUE"""),0) -> 0 | J39: X
A40: =IFERROR(__xludf.dummyfunction("""COMPUTED_VALUE"""),"OBS: ESTA COMPOSIÇÃO FOI BASEADA NOS COEFICENTES DA COMPOSIÇÃO DA SEINFRA - TABELA 27.1 - CÓDIGO: C1099, SENDO SUBSTITUÍDO O CÓDIGO: I0987 PELO INSUMO DA SINAPI - CÓDIGO: 39471, E OS PREÇOS DOS INSUMOS DE MÃO-DE-OBRA FORAM UTILIZADOS DA SEINFRA - TABELA 2"&"7.1 C/DESONERAÇÃO") -> OBS: ESTA COMPOSIÇÃO FOI BASEADA NOS COEFICENTES DA COMPOSIÇÃO DA SEINFRA - TABELA 27.1 - CÓDIGO: C1099, SENDO SUBSTITUÍDO O CÓDIGO: I0987 PELO INSUMO DA SINAPI - CÓDIGO: 39471, E OS PREÇOS DOS INSUMOS DE MÃO-DE-OBRA FORAM UTILIZADOS DA SEINFRA - TABELA 27.1 C/DESONERAÇÃO | I40: =IFERROR(__xludf.dummyfunction("""COMPUTED_VALUE"""),0) -> 0 | J40: X
I41: =IFERROR(__xludf.dummyfunction("""COMPUTED_VALUE"""),0) -> 0 | J41: X
I42: =IFERROR(__xludf.dummyfunction("""COMPUTED_VALUE"""),0) -> 0 | J42: X
A43: =IFERROR(__xludf.dummyfunction("""COMPUTED_VALUE"""),"CPUE-IE004") -> CPUE-IE004 | B43: =IFERROR(__xludf.dummyfunction("""COMPUTED_VALUE"""),"SEINFRA/ SINAPI") -> SEINFRA/ SINAPI | C43: =IFERROR(__xludf.dummyfunction("""COMPUTED_VALUE"""),"POSTE DE FERRO P/JARDIM H=2.80M, C/GLOBO DE VIDRO, C/ LÂMPADA LED DE 10W ") -> POSTE DE FERRO P/JARDIM H=2.80M, C/GLOBO DE VIDRO, C/ LÂMPADA LED DE 10W | E43: =IFERROR(__xludf.dummyfunction("""COMPUTED_VALUE"""),"UN >") -> UN > | F43: =IFERROR(__xludf.dummyfunction("""COMPUTED_VALUE"""),"UN") -> UN | G43: =IFERROR(__xludf.dummyfunction("""COMPUTED_VALUE"""),"VALOR S/ BDI") -> VALOR S/ BDI | H43: =IFERROR(__xludf.dummyfunction("""COMPUTED_VALUE"""),447.569999999999) -> 447.57 | I43: =IFERROR(__xludf.dummyfunction("""COMPUTED_VALUE"""),"#N/A") -> #N/A | J43: X
A44: =IFERROR(__xludf.dummyfunction("""COMPUTED_VALUE"""),10101) -> 10101 | B44: =IFERROR(__xludf.dummyfunction("""COMPUTED_VALUE"""),"SEINFRA-I") -> SEINFRA-I | C44: =IFERROR(__xludf.dummyfunction("""COMPUTED_VALUE"""),"I2312") -> I2312 | D44: =IFERROR(__xludf.dummyfunction("""COMPUTED_VALUE"""),"ELETRICISTA") -> ELETRICISTA | E44: =IFERROR(__xludf.dummyfunction("""COMPUTED_VALUE"""),"H") -> H | F44: =IFERROR(__xludf.dummyfunction("""COMPUTED_VALUE"""),1.8) -> 1.8 | G44: =IFERROR(__xludf.dummyfunction("""COMPUTED_VALUE"""),20.77) -> 20.77 | H44: =IFERROR(__xludf.dummyfunction("""COMPUTED_VALUE"""),37.39) -> 37.39 | I44: =IFERROR(__xludf.dummyfunction("""COMPUTED_VALUE"""),20.77) -> 20.77 | J44: X
A45: =IFERROR(__xludf.dummyfunction("""COMPUTED_VALUE"""),10102) -> 10102 | B45: =IFERROR(__xludf.dummyfunction("""COMPUTED_VALUE"""),"SEINFRA-I") -> SEINFRA-I | C45: =IFERROR(__xludf.dummyfunction("""COMPUTED_VALUE"""),"I0042") -> I0042 | D45: =IFERROR(__xludf.dummyfunction("""COMPUTED_VALUE"""),"AJUDANTE DE ELETRICISTA") -> AJUDANTE DE ELETRICISTA | E45: =IFERROR(__xludf.dummyfunction("""COMPUTED_VALUE"""),"H") -> H | F45: =IFERROR(__xludf.dummyfunction("""COMPUTED_VALUE"""),1.8) -> 1.8 | G45: =IFERROR(__xludf.dummyfunction("""COMPUTED_VALUE"""),16.77) -> 16.77 | H45: =IFERROR(__xludf.dummyfunction("""COMPUTED_VALUE"""),30.19) -> 30.19 | I45: =IFERROR(__xludf.dummyfunction("""COMPUTED_VALUE"""),16.77) -> 16.77 | J45: X
A46: =IFERROR(__xludf.dummyfunction("""COMPUTED_VALUE"""),10103) -> 10103 | B46: =IFERROR(__xludf.dummyfunction("""COMPUTED_VALUE"""),"SEINFRA-I") -> SEINFRA-I | C46: =IFERROR(__xludf.dummyfunction("""COMPUTED_VALUE"""),"I2543") -> I2543 | D46: =IFERROR(__xludf.dummyfunction("""COMPUTED_VALUE"""),"SERVENTE") -> SERVENTE | E46: =IFERROR(__xludf.dummyfunction("""COMPUTED_VALUE"""),"H") -> H | F46: =IFERROR(__xludf.dummyfunction("""COMPUTED_VALUE"""),1.5) -> 1.5 | G46: =IFERROR(__xludf.dummyfunction("""COMPUTED_VALUE"""),15.55) -> 15.55 | H46: =IFERROR(__xludf.dummyfunction("""COMPUTED_VALUE"""),23.33) -> 23.33 | I46: =IFERROR(__xludf.dummyfunction("""COMPUTED_VALUE"""),15.55) -> 15.55 | J46: X
A47: =IFERROR(__xludf.dummyfunction("""COMPUTED_VALUE"""),10104) -> 10104 | B47: =IFERROR(__xludf.dummyfunction("""COMPUTED_VALUE"""),"SEINFRA-I") -> SEINFRA-I | C47: =IFERROR(__xludf.dummyfunction("""COMPUTED_VALUE"""),"I1721") -> I1721 | D47: =IFERROR(__xludf.dummyfunction("""COMPUTED_VALUE"""),"POSTE DE FERRO, H= 2,80M C/GLOBO DE VIDRO") -> POSTE DE FERRO, H= 2,80M C/GLOBO DE VIDRO | E47: =IFERROR(__xludf.dummyfunction("""COMPUTED_VALUE"""),"UN") -> UN | F47: =IFERROR(__xludf.dummyfunction("""COMPUTED_VALUE"""),1) -> 1 | G47: =IFERROR(__xludf.dummyfunction("""COMPUTED_VALUE"""),236.5) -> 236.5 | H47: =IFERROR(__xludf.dummyfunction("""COMPUTED_VALUE"""),236.5) -> 236.5 | I47: =IFERROR(__xludf.dummyfunction("""COMPUTED_VALUE"""),236.5) -> 236.5 | J47: X
A48: =IFERROR(__xludf.dummyfunction("""COMPUTED_VALUE"""),10105) -> 10105 | B48: =IFERROR(__xludf.dummyfunction("""COMPUTED_VALUE"""),"SEINFRA-I") -> SEINFRA-I | C48: =IFERROR(__xludf.dummyfunction("""COMPUTED_VALUE"""),"I0356") -> I0356 | D48: =IFERROR(__xludf.dummyfunction("""COMPUTED_VALUE"""),"CABO ISOLADO PVC 750V 2,5 MM2") -> CABO ISOLADO PVC 750V 2,5 MM2 | E48: =IFERROR(__xludf.dummyfunction("""COMPUTED_VALUE"""),"M") -> M | F48: =IFERROR(__xludf.dummyfunction("""COMPUTED_VALUE"""),9.3) -> 9.3 | G48: =IFERROR(__xludf.dummyfunction("""COMPUTED_VALUE"""),1.96) -> 1.96 | H48: =IFERROR(__xludf.dummyfunction("""COMPUTED_VALUE"""),18.23) -> 18.23 | I48: =IFERROR(__xludf.dummyfunction("""COMPUTED_VALUE"""),1.96) -> 1.96 | J48: X
A49: =IFERROR(__xludf.dummyfunction("""COMPUTED_VALUE"""),10106) -> 10106 | B49: =IFERROR(__xludf.dummyfunction("""COMPUTED_VALUE"""),"SINAPI-I") -> SINAPI-I | C49: =IFERROR(__xludf.dummyfunction("""COMPUTED_VALUE"""),38194) -> 38194 | D49: =IFERROR(__xludf.dummyfunction("""COMPUTED_VALUE"""),"LAMPADA LED 10 W BIVOLT BRANCA, FORMATO TRADICIONAL (BASE E27)") -> LAMPADA LED 10 W BIVOLT BRANCA, FORMATO TRADICIONAL (BASE E27) | E49: =IFERROR(__xludf.dummyfunction("""COMPUTED_VALUE"""),"UN") -> UN | F49: =IFERROR(__xludf.dummyfunction("""COMPUTED_VALUE"""),1) -> 1 | G49: =IFERROR(__xludf.dummyfunction("""COMPUTED_VALUE"""),8.4) -> 8.4 | H49: =IFERROR(__xludf.dummyfunction("""COMPUTED_VALUE"""),8.4) -> 8.4 | I49: =IFERROR(__xludf.dummyfunction("""COMPUTED_VALUE"""),8.4) -> 8.4 | J49: X
A50: =IFERROR(__xludf.dummyfunction("""COMPUTED_VALUE"""),10107) -> 10107 | B50: =IFERROR(__xludf.dummyfunction("""COMPUTED_VALUE"""),"SEINFRA-I") -> SEINFRA-I | C50: =IFERROR(__xludf.dummyfunction("""COMPUTED_VALUE"""),"I2352") -> I2352 | D50: =IFERROR(__xludf.dummyfunction("""COMPUTED_VALUE"""),"HASTE DE ATERRAMENTO COPERWELD 5/8"" x 2.40M") -> HASTE DE ATERRAMENTO COPERWELD 5/8" x 2.40M | E50: =IFERROR(__xludf.dummyfunction("""COMPUTED_VALUE"""),"UN") -> UN | F50: =IFERROR(__xludf.dummyfunction("""COMPUTED_VALUE"""),1) -> 1 | G50: =IFERROR(__xludf.dummyfunction("""COMPUTED_VALUE"""),37.4) -> 37.4 | H50: =IFERROR(__xludf.dummyfunction("""COMPUTED_VALUE"""),37.4) -> 37.4 | I50: =IFERROR(__xludf.dummyfunction("""COMPUTED_VALUE"""),37.4) -> 37.4 | J50: X
A51: =IFERROR(__xludf.dummyfunction("""COMPUTED_VALUE"""),10108) -> 10108 | B51: =IFERROR(__xludf.dummyfunction("""COMPUTED_VALUE"""),"SEINFRA-S") -> SEINFRA-S | C51: =IFERROR(__xludf.dummyfunction("""COMPUTED_VALUE"""),"C2784") -> C2784 | D51: =IFERROR(__xludf.dummyfunction("""COMPUTED_VALUE"""),"ESCAVAÇÃO MANUAL SOLO DE 1A.CAT. PROF. ATÉ 1.50m") -> ESCAVAÇÃO MANUAL SOLO DE 1A.CAT. PROF. ATÉ 1.50m | E51: =IFERROR(__xludf.dummyfunction("""COMPUTED_VALUE"""),"M3") -> M3 | F51: =IFERROR(__xludf.dummyfunction("""COMPUTED_VALUE"""),0.027) -> 0.027 | G51: =IFERROR(__xludf.dummyfunction("""COMPUTED_VALUE"""),41.21) -> 41.21 | H51: =IFERROR(__xludf.dummyfunction("""COMPUTED_VALUE"""),1.11) -> 1.11 | I51: =IFERROR(__xludf.dummyfunction("""COMPUTED_VALUE"""),41.21) -> 41.21 | J51: X
A52: =IFERROR(__xludf.dummyfunction("""COMPUTED_VALUE"""),10109) -> 10109 | B52: =IFERROR(__xludf.dummyfunction("""COMPUTED_VALUE"""),"SEINFRA-S") -> SEINFRA-S | C52: =IFERROR(__xludf.dummyfunction("""COMPUTED_VALUE"""),"C0836") -> C0836 | D52: =IFERROR(__xludf.dummyfunction("""COMPUTED_VALUE"""),"CONCRETO NÃO ESTRUTURAL PREPARO MANUAL") -> CONCRETO NÃO ESTRUTURAL PREPARO MANUAL | E52: =IFERROR(__xludf.dummyfunction("""COMPUTED_VALUE"""),"M3") -> M3 | F52: =IFERROR(__xludf.dummyfunction("""COMPUTED_VALUE"""),0.027) -> 0.027 | G52: =IFERROR(__xludf.dummyfunction("""COMPUTED_VALUE"""),404.8) -> 404.8 | H52: =IFERROR(__xludf.dummyfunction("""COMPUTED_VALUE"""),10.93) -> 10.93 | I52: =IFERROR(__xludf.dummyfunction("""COMPUTED_VALUE"""),404.8) -> 404.8 | J52: X
A53: =IFERROR(__xludf.dummyfunction("""COMPUTED_VALUE"""),10110) -> 10110 | B53: =IFERROR(__xludf.dummyfunction("""COMPUTED_VALUE"""),"SEINFRA-I") -> SEINFRA-I | C53: =IFERROR(__xludf.dummyfunction("""COMPUTED_VALUE"""),"I2389") -> I2389 | D53: =IFERROR(__xludf.dummyfunction("""COMPUTED_VALUE"""),"PARAFUSO MAQUINA ZINCADO 5/8 x 14"" C/ ARRUELAS/PORCA") -> PARAFUSO MAQUINA ZINCADO 5/8 x 14" C/ ARRUELAS/PORCA | E53: =IFERROR(__xludf.dummyfunction("""COMPUTED_VALUE"""),"UN") -> UN | F53: =IFERROR(__xludf.dummyfunction("""COMPUTED_VALUE"""),4) -> 4 | G53: =IFERROR(__xludf.dummyfunction("""COMPUTED_VALUE"""),10.96) -> 10.96 | H53: =IFERROR(__xludf.dummyfunction("""COMPUTED_VALUE"""),43.84) -> 43.84 | I53: =IFERROR(__xludf.dummyfunction("""COMPUTED_VALUE"""),10.96) -> 10.96 | J53: X
A54: =IFERROR(__xludf.dummyfunction("""COMPUTED_VALUE"""),10111) -> 10111 | B54: =IFERROR(__xludf.dummyfunction("""COMPUTED_VALUE"""),"SEINFRA-S") -> SEINFRA-S | C54: =IFERROR(__xludf.dummyfunction("""COMPUTED_VALUE"""),"C1281") -> C1281 | D54: =IFERROR(__xludf.dummyfunction("""COMPUTED_VALUE"""),"ESMALTE SINTÉTICO EM ESTRUTURA DE AÇO CARBONO 50 MICRA C/REVÓLVER") -> ESMALTE SINTÉTICO EM ESTRUTURA DE AÇO CARBONO 50 MICRA C/REVÓLVER | E54: =IFERROR(__xludf.dummyfunction("""COMPUTED_VALUE"""),"M2") -> M2 | F54: =IFERROR(__xludf.dummyfunction("""COMPUTED_VALUE"""),0.0264) -> 0.0264 | G54: =IFERROR(__xludf.dummyfunction("""COMPUTED_VALUE"""),9.3) -> 9.3 | H54: =IFERROR(__xludf.dummyfunction("""COMPUTED_VALUE"""),0.25) -> 0.25 | I54: =IFERROR(__xludf.dummyfunction("""COMPUTED_VALUE"""),9.3) -> 9.3 | J54: X
A55: =IFERROR(__xludf.dummyfunction("""COMPUTED_VALUE"""),10112) -> 10112 | B55: =IFERROR(__xludf.dummyfunction("""COMPUTED_VALUE""")," ") | D55: =IFERROR(__xludf.dummyfunction("""COMPUTED_VALUE""")," ") | E55: =IFERROR(__xludf.dummyfunction("""COMPUTED_VALUE""")," ") | F55: =IFERROR(__xludf.dummyfunction("""COMPUTED_VALUE"""),0) -> 0 | G55: =IFERROR(__xludf.dummyfunction("""COMPUTED_VALUE"""),0) -> 0 | H55: =IFERROR(__xludf.dummyfunction("""COMPUTED_VALUE"""),0) -> 0 | I55: =IFERROR(__xludf.dummyfunction("""COMPUTED_VALUE"""),0) -> 0 | J55: X
A56: =IFERROR(__xludf.dummyfunction("""COMPUTED_VALUE"""),"OBS: ESTA COMPOSIÇÃO FOI BASEADA NO SERVIÇO C2009 SEINFRA - CE - 027.1 COM DESONERAÇÃO") -> OBS: ESTA COMPOSIÇÃO FOI BASEADA NO SERVIÇO C2009 SEINFRA - CE - 027.1 COM DESONERAÇÃO | I56: =IFERROR(__xludf.dummyfunction("""COMPUTED_VALUE"""),0) -> 0 | J56: X
I57: =IFERROR(__xludf.dummyfunction("""COMPUTED_VALUE"""),0) -> 0 | J57: X
I58: =IFERROR(__xludf.dummyfunction("""COMPUTED_VALUE"""),0) -> 0 | J58: X
A59: =IFERROR(__xludf.dummyfunction("""COMPUTED_VALUE"""),"CPUE-IE005") -> CPUE-IE005 | B59: =IFERROR(__xludf.dummyfunction("""COMPUTED_VALUE"""),"SEINFRA") -> SEINFRA | C59: =IFERROR(__xludf.dummyfunction("""COMPUTED_VALUE"""),"ELETRODUTO FLEXÍVEL SEALTUBE DE 3/4""") -> ELETRODUTO FLEXÍVEL SEALTUBE DE 3/4" | E59: =IFERROR(__xludf.dummyfunction("""COMPUTED_VALUE"""),"UN >") -> UN > | F59: =IFERROR(__xludf.dummyfunction("""COMPUTED_VALUE"""),"M") -> M | G59: =IFERROR(__xludf.dummyfunction("""COMPUTED_VALUE"""),"VALOR S/ BDI") -> VALOR S/ BDI | H59: =IFERROR(__xludf.dummyfunction("""COMPUTED_VALUE"""),15.12) -> 15.12 | I59: =IFERROR(__xludf.dummyfunction("""COMPUTED_VALUE"""),"#N/A") -> #N/A | J59: X
A60: =IFERROR(__xludf.dummyfunction("""COMPUTED_VALUE"""),10101) -> 10101 | B60: =IFERROR(__xludf.dummyfunction("""COMPUTED_VALUE"""),"SEINFRA-I") -> SEINFRA-I | C60: =IFERROR(__xludf.dummyfunction("""COMPUTED_VALUE"""),"I2312") -> I2312 | D60: =IFERROR(__xludf.dummyfunction("""COMPUTED_VALUE"""),"ELETRICISTA") -> ELETRICISTA | E60: =IFERROR(__xludf.dummyfunction("""COMPUTED_VALUE"""),"H") -> H | F60: =IFERROR(__xludf.dummyfunction("""COMPUTED_VALUE"""),0.25) -> 0.25 | G60: =IFERROR(__xludf.dummyfunction("""COMPUTED_VALUE"""),20.77) -> 20.77 | H60: =IFERROR(__xludf.dummyfunction("""COMPUTED_VALUE"""),5.19) -> 5.19 | I60: =IFERROR(__xludf.dummyfunction("""COMPUTED_VALUE"""),20.77) -> 20.77 | J60: X
A61: =IFERROR(__xludf.dummyfunction("""COMPUTED_VALUE"""),10102) -> 10102 | B61: =IFERROR(__xludf.dummyfunction("""COMPUTED_VALUE"""),"SEINFRA-I") -> SEINFRA-I | C61: =IFERROR(__xludf.dummyfunction("""COMPUTED_VALUE"""),"I0042") -> I0042 | D61: =IFERROR(__xludf.dummyfunction("""COMPUTED_VALUE"""),"AJUDANTE DE ELETRICISTA") -> AJUDANTE DE ELETRICISTA | E61: =IFERROR(__xludf.dummyfunction("""COMPUTED_VALUE"""),"H") -> H | F61: =IFERROR(__xludf.dummyfunction("""COMPUTED_VALUE"""),0.25) -> 0.25 | G61: =IFERROR(__xludf.dummyfunction("""COMPUTED_VALUE"""),16.77) -> 16.77 | H61: =IFERROR(__xludf.dummyfunction("""COMPUTED_VALUE"""),4.19) -> 4.19 | I61: =IFERROR(__xludf.dummyfunction("""COMPUTED_VALUE"""),16.77) -> 16.77 | J61: X
A62: =IFERROR(__xludf.dummyfunction("""COMPUTED_VALUE"""),10103) -> 10103 | B62: =IFERROR(__xludf.dummyfunction("""COMPUTED_VALUE"""),"SEINFRA-I") -> SEINFRA-I | C62: =IFERROR(__xludf.dummyfunction("""COMPUTED_VALUE"""),"I6279") -> I6279 | D62: =IFERROR(__xludf.dummyfunction("""COMPUTED_VALUE"""),"ELETRODUTO FLEXÍVEL SEALTUBE DN 3/4""") -> ELETRODUTO FLEXÍVEL SEALTUBE DN 3/4" | E62: =IFERROR(__xludf.dummyfunction("""COMPUTED_VALUE"""),"M") -> M | F62: =IFERROR(__xludf.dummyfunction("""COMPUTED_VALUE"""),1) -> 1 | G62: =IFERROR(__xludf.dummyfunction("""COMPUTED_VALUE"""),5.74) -> 5.74 | H62: =IFERROR(__xludf.dummyfunction("""COMPUTED_VALUE"""),5.74) -> 5.74 | I62: =IFERROR(__xludf.dummyfunction("""COMPUTED_VALUE"""),5.74) -> 5.74 | J62: X
A63: =IFERROR(__xludf.dummyfunction("""COMPUTED_VALUE"""),10104) -> 10104 | B63: =IFERROR(__xludf.dummyfunction("""COMPUTED_VALUE""")," ") | D63: =IFERROR(__xludf.dummyfunction("""COMPUTED_VALUE""")," ") | E63: =IFERROR(__xludf.dummyfunction("""COMPUTED_VALUE""")," ") | F63: =IFERROR(__xludf.dummyfunction("""COMPUTED_VALUE"""),0) -> 0 | G63: =IFERROR(__xludf.dummyfunction("""COMPUTED_VALUE"""),0) -> 0 | H63: =IFERROR(__xludf.dummyfunction("""COMPUTED_VALUE"""),0) -> 0 | I63: =IFERROR(__xludf.dummyfunction("""COMPUTED_VALUE"""),0) -> 0 | J63: X
A64: =IFERROR(__xludf.dummyfunction("""COMPUTED_VALUE"""),"OBS: ESTA COMPOSIÇÃO FOI BASEADA NOS COEFICENTES DA COMPOSIÇÃO DO ORSE - CÓDIGO: S13344 ( OUT /2022 ), SENDO UTILIZADO OS PREÇOS DOS INSUMOS DA SEINFRA - TABELA 027.1 COM DESONERAÇÃO") -> OBS: ESTA COMPOSIÇÃO FOI BASEADA NOS COEFICENTES DA COMPOSIÇÃO DO ORSE - CÓDIGO: S13344 ( OUT /2022 ), SENDO UTILIZADO OS PREÇOS DOS INSUMOS DA SEINFRA - TABELA 027.1 COM DESONERAÇÃO | I64: =IFERROR(__xludf.dummyfunction("""COMPUTED_VALUE"""),0) -> 0 | J64: X
I65: =IFERROR(__xludf.dummyfunction("""COMPUTED_VALUE"""),0) -> 0 | J65: X
I66: =IFERROR(__xludf.dummyfunction("""COMPUTED_VALUE"""),0) -> 0 | J66: X
A67: =IFERROR(__xludf.dummyfunction("""COMPUTED_VALUE"""),"CPUE-IE006") -> CPUE-IE006 | B67: =IFERROR(__xludf.dummyfunction("""COMPUTED_VALUE"""),"SEINFRA") -> SEINFRA | C67: =IFERROR(__xludf.dummyfunction("""COMPUTED_VALUE"""),"TOMADA PARA LÓGICA, COM 1 CONECTOR RJ45, 8 FIOS, CAT-6E, COMPLETA PARA CAIXA 4""x2"" (NÃO INCLUSA)") -> TOMADA PARA LÓGICA, COM 1 CONECTOR RJ45, 8 FIOS, CAT-6E, COMPLETA PARA CAIXA 4"x2" (NÃO INCLUSA) | E67: =IFERROR(__xludf.dummyfunction("""COMPUTED_VALUE"""),"UN >") -> UN > | F67: =IFERROR(__xludf.dummyfunction("""COMPUTED_VALUE"""),"UN") -> UN | G67: =IFERROR(__xludf.dummyfunction("""COMPUTED_VALUE"""),"VALOR S/ BDI") -> VALOR S/ BDI | H67: =IFERROR(__xludf.dummyfunction("""COMPUTED_VALUE"""),44.0999999999999) -> 44.1 | I67: =IFERROR(__xludf.dummyfunction("""COMPUTED_VALUE"""),"#N/A") -> #N/A | J67: X
A68: =IFERROR(__xludf.dummyfunction("""COMPUTED_VALUE"""),10101) -> 10101 | B68: =IFERROR(__xludf.dummyfunction("""COMPUTED_VALUE"""),"SEINFRA-I") -> SEINFRA-I | C68: =IFERROR(__xludf.dummyfunction("""COMPUTED_VALUE"""),"I2312") -> I2312 | D68: =IFERROR(__xludf.dummyfunction("""COMPUTED_VALUE"""),"ELETRICISTA") -> ELETRICISTA | E68: =IFERROR(__xludf.dummyfunction("""COMPUTED_VALUE"""),"H") -> H | F68: =IFERROR(__xludf.dummyfunction("""COMPUTED_VALUE"""),0.37) -> 0.37 | G68: =IFERROR(__xludf.dummyfunction("""COMPUTED_VALUE"""),20.77) -> 20.77 | H68: =IFERROR(__xludf.dummyfunction("""COMPUTED_VALUE"""),7.68) -> 7.68 | I68: =IFERROR(__xludf.dummyfunction("""COMPUTED_VALUE"""),20.77) -> 20.77 | J68: X
A69: =IFERROR(__xludf.dummyfunction("""COMPUTED_VALUE"""),10102) -> 10102 | B69: =IFERROR(__xludf.dummyfunction("""COMPUTED_VALUE"""),"SEINFRA-I") -> SEINFRA-I | C69: =IFERROR(__xludf.dummyfunction("""COMPUTED_VALUE"""),"I0042") -> I0042 | D69: =IFERROR(__xludf.dummyfunction("""COMPUTED_VALUE"""),"AJUDANTE DE ELETRICISTA") -> AJUDANTE DE ELETRICISTA | E69: =IFERROR(__xludf.dummyfunction("""COMPUTED_VALUE"""),"H") -> H | F69: =IFERROR(__xludf.dummyfunction("""COMPUTED_VALUE"""),0.37) -> 0.37 | G69: =IFERROR(__xludf.dummyfunction("""COMPUTED_VALUE"""),16.77) -> 16.77 | H69: =IFERROR(__xludf.dummyfunction("""COMPUTED_VALUE"""),6.2) -> 6.2 | I69: =IFERROR(__xludf.dummyfunction("""COMPUTED_VALUE"""),16.77) -> 16.77 | J69: X
A70: =IFERROR(__xludf.dummyfunction("""COMPUTED_VALUE"""),10103) -> 10103 | B70: =IFERROR(__xludf.dummyfunction("""COMPUTED_VALUE"""),"SEINFRA-I") -> SEINFRA-I | C70: =IFERROR(__xludf.dummyfunction("""COMPUTED_VALUE"""),"I1105") -> I1105 | D70: =IFERROR(__xludf.dummyfunction("""COMPUTED_VALUE"""),"ESPELHO 4''X2'' OU 3""X3""") -> ESPELHO 4''X2'' OU 3"X3" | E70: =IFERROR(__xludf.dummyfunction("""COMPUTED_VALUE"""),"UN") -> UN | F70: =IFERROR(__xludf.dummyfunction("""COMPUTED_VALUE"""),1) -> 1 | G70: =IFERROR(__xludf.dummyfunction("""COMPUTED_VALUE"""),2.61) -> 2.61 | H70: =IFERROR(__xludf.dummyfunction("""COMPUTED_VALUE"""),2.61) -> 2.61 | I70: =IFERROR(__xludf.dummyfunction("""COMPUTED_VALUE"""),2.61) -> 2.61 | J70: X
A71: =IFERROR(__xludf.dummyfunction("""COMPUTED_VALUE"""),10104) -> 10104 | B71: =IFERROR(__xludf.dummyfunction("""COMPUTED_VALUE"""),"SEINFRA-I") -> SEINFRA-I | C71: =IFERROR(__xludf.dummyfunction("""COMPUTED_VALUE"""),"I9414") -> I9414 | D71: =IFERROR(__xludf.dummyfunction("""COMPUTED_VALUE"""),"MÓDULO RJ45, 8 FIOS, CAT. 6E") -> MÓDULO RJ45, 8 FIOS, CAT. 6E | E71: =IFERROR(__xludf.dummyfunction("""COMPUTED_VALUE"""),"UN") -> UN | F71: =IFERROR(__xludf.dummyfunction("""COMPUTED_VALUE"""),1) -> 1 | G71: =IFERROR(__xludf.dummyfunction("""COMPUTED_VALUE"""),27.61) -> 27.61 | H71: =IFERROR(__xludf.dummyfunction("""COMPUTED_VALUE"""),27.61) -> 27.61 | I71: =IFERROR(__xludf.dummyfunction("""COMPUTED_VALUE"""),27.61) -> 27.61 | J71: X
A72: =IFERROR(__xludf.dummyfunction("""COMPUTED_VALUE"""),10105) -> 10105 | B72: =IFERROR(__xludf.dummyfunction("""COMPUTED_VALUE""")," ") | D72: =IFERROR(__xludf.dummyfunction("""COMPUTED_VALUE""")," ") | E72: =IFERROR(__xludf.dummyfunction("""COMPUTED_VALUE""")," ") | F72: =IFERROR(__xludf.dummyfunction("""COMPUTED_VALUE"""),0) -> 0 | G72: =IFERROR(__xludf.dummyfunction("""COMPUTED_VALUE"""),0) -> 0 | H72: =IFERROR(__xludf.dummyfunction("""COMPUTED_VALUE"""),0) -> 0 | I72: =IFERROR(__xludf.dummyfunction("""COMPUTED_VALUE"""),0) -> 0 | J72: X
A73: =IFERROR(__xludf.dummyfunction("""COMPUTED_VALUE"""),"OBS: ESTA COMPOSIÇÃO FOI BASEADA NOS COEFICENTES DA COMPOSIÇÃO DA SEINFRA - TABELA 27.1 - CÓDIGO: C4921 COM DESONERAÇÃO.") -> OBS: ESTA COMPOSIÇÃO FOI BASEADA NOS COEFICENTES DA COMPOSIÇÃO DA SEINFRA - TABELA 27.1 - CÓDIGO: C4921 COM DESONERAÇÃO. | I73: =IFERROR(__xludf.dummyfunction("""COMPUTED_VALUE"""),0) -> 0 | J73: X
I74: =IFERROR(__xludf.dummyfunction("""COMPUTED_VALUE"""),0) -> 0 | J74: X
I75: =IFERROR(__xludf.dummyfunction("""COMPUTED_VALUE"""),0) -> 0 | J75: X
B76: =IFERROR(__xludf.dummyfunction("""COMPUTED_VALUE"""),"SEINFRA") -> SEINFRA | C76: =IFERROR(__xludf.dummyfunction("""COMPUTED_VALUE"""),"TOMADA PARA LÓGICA, COM 2 CONECTORES RJ45, 8 FIOS, CAT-6E, COMPLETA PARA CAIXA 4""x2"" (NÃO INCLUSA)") -> TOMADA PARA LÓGICA, COM 2 CONECTORES RJ45, 8 FIOS, CAT-6E, COMPLETA PARA CAIXA 4"x2" (NÃO INCLUSA) | E76: =IFERROR(__xludf.dummyfunction("""COMPUTED_VALUE"""),"UN >") -> UN > | F76: =IFERROR(__xludf.dummyfunction("""COMPUTED_VALUE"""),"UN") -> UN | G76: =IFERROR(__xludf.dummyfunction("""COMPUTED_VALUE"""),"VALOR S/ BDI") -> VALOR S/ BDI | H76: =IFERROR(__xludf.dummyfunction("""COMPUTED_VALUE"""),71.71) -> 71.71 | I76: =IFERROR(__xludf.dummyfunction("""COMPUTED_VALUE"""),"#N/A") -> #N/A | J76: X
A77: =IFERROR(__xludf.dummyfunction("""COMPUTED_VALUE"""),10101) -> 10101 | B77: =IFERROR(__xludf.dummyfunction("""COMPUTED_VALUE"""),"SEINFRA-I") -> SEINFRA-I | C77: =IFERROR(__xludf.dummyfunction("""COMPUTED_VALUE"""),"I2312") -> I2312 | D77: =IFERROR(__xludf.dummyfunction("""COMPUTED_VALUE"""),"ELETRICISTA") -> ELETRICISTA | E77: =IFERROR(__xludf.dummyfunction("""COMPUTED_VALUE"""),"H") -> H | F77: =IFERROR(__xludf.dummyfunction("""COMPUTED_VALUE"""),0.37) -> 0.37 | G77: =IFERROR(__xludf.dummyfunction("""COMPUTED_VALUE"""),20.77) -> 20.77 | H77: =IFERROR(__xludf.dummyfunction("""COMPUTED_VALUE"""),7.68) -> 7.68 | I77: =IFERROR(__xludf.dummyfunction("""COMPUTED_VALUE"""),20.77) -> 20.77 | J77: X
A78: =IFERROR(__xludf.dummyfunction("""COMPUTED_VALUE"""),10102) -> 10102 | B78: =IFERROR(__xludf.dummyfunction("""COMPUTED_VALUE"""),"SEINFRA-I") -> SEINFRA-I | C78: =IFERROR(__xludf.dummyfunction("""COMPUTED_VALUE"""),"I0042") -> I0042 | D78: =IFERROR(__xludf.dummyfunction("""COMPUTED_VALUE"""),"AJUDANTE DE ELETRICISTA") -> AJUDANTE DE ELETRICISTA | E78: =IFERROR(__xludf.dummyfunction("""COMPUTED_VALUE"""),"H") -> H | F78: =IFERROR(__xludf.dummyfunction("""COMPUTED_VALUE"""),0.37) -> 0.37 | G78: =IFERROR(__xludf.dummyfunction("""COMPUTED_VALUE"""),16.77) -> 16.77 | H78: =IFERROR(__xludf.dummyfunction("""COMPUTED_VALUE"""),6.2) -> 6.2 | I78: =IFERROR(__xludf.dummyfunction("""COMPUTED_VALUE"""),16.77) -> 16.77 | J78: X
A79: =IFERROR(__xludf.dummyfunction("""COMPUTED_VALUE"""),10103) -> 10103 | B79: =IFERROR(__xludf.dummyfunction("""COMPUTED_VALUE"""),"SEINFRA-I") -> SEINFRA-I | C79: =IFERROR(__xludf.dummyfunction("""COMPUTED_VALUE"""),"I1105") -> I1105 | D79: =IFERROR(__xludf.dummyfunction("""COMPUTED_VALUE"""),"ESPELHO 4''X2'' OU 3""X3""") -> ESPELHO 4''X2'' OU 3"X3" | E79: =IFERROR(__xludf.dummyfunction("""COMPUTED_VALUE"""),"UN") -> UN | F79: =IFERROR(__xludf.dummyfunction("""COMPUTED_VALUE"""),1) -> 1 | G79: =IFERROR(__xludf.dummyfunction("""COMPUTED_VALUE"""),2.61) -> 2.61 | H79: =IFERROR(__xludf.dummyfunction("""COMPUTED_VALUE"""),2.61) -> 2.61 | I79: =IFERROR(__xludf.dummyfunction("""COMPUTED_VALUE"""),2.61) -> 2.61 | J79: X
A80: =IFERROR(__xludf.dummyfunction("""COMPUTED_VALUE"""),10104) -> 10104 | B80: =IFERROR(__xludf.dummyfunction("""COMPUTED_VALUE"""),"SEINFRA-I") -> SEINFRA-I | C80: =IFERROR(__xludf.dummyfunction("""COMPUTED_VALUE"""),"I9414") -> I9414 | D80: =IFERROR(__xludf.dummyfunction("""COMPUTED_VALUE"""),"MÓDULO RJ45, 8 FIOS, CAT. 6E") -> MÓDULO RJ45, 8 FIOS, CAT. 6E | E80: =IFERROR(__xludf.dummyfunction("""COMPUTED_VALUE"""),"UN") -> UN | F80: =IFERROR(__xludf.dummyfunction("""COMPUTED_VALUE"""),2) -> 2 | G80: =IFERROR(__xludf.dummyfunction("""COMPUTED_VALUE"""),27.61) -> 27.61 | H80: =IFERROR(__xludf.dummyfunction("""COMPUTED_VALUE"""),55.22) -> 55.22 | I80: =IFERROR(__xludf.dummyfunction("""COMPUTED_VALUE"""),27.61) -> 27.61 | J80: X
A81: =IFERROR(__xludf.dummyfunction("""COMPUTED_VALUE"""),10105) -> 10105 | B81: =IFERROR(__xludf.dummyfunction("""COMPUTED_VALUE""")," ") | D81: =IFERROR(__xludf.dummyfunction("""COMPUTED_VALUE""")," ") | E81: =IFERROR(__xludf.dummyfunction("""COMPUTED_VALUE""")," ") | F81: =IFERROR(__xludf.dummyfunction("""COMPUTED_VALUE"""),0) -> 0 | G81: =IFERROR(__xludf.dummyfunction("""COMPUTED_VALUE"""),0) -> 0 | H81: =IFERROR(__xludf.dummyfunction("""COMPUTED_VALUE"""),0) -> 0 | I81: =IFERROR(__xludf.dummyfunction("""COMPUTED_VALUE"""),0) -> 0 | J81: X
A82: =IFERROR(__xludf.dummyfunction("""COMPUTED_VALUE"""),"OBS: ESTA COMPOSIÇÃO FOI BASEADA NOS COEFICENTES DA COMPOSIÇÃO DA SEINFRA - TABELA 27.1 - CÓDIGO: C4794 COM DESONERAÇÃO.") -> OBS: ESTA COMPOSIÇÃO FOI BASEADA NOS COEFICENTES DA COMPOSIÇÃO DA SEINFRA - TABELA 27.1 - CÓDIGO: C4794 COM DESONERAÇÃO. | I82: =IFERROR(__xludf.dummyfunction("""COMPUTED_VALUE"""),0) -> 0 | J82: X
I83: =IFERROR(__xludf.dummyfunction("""COMPUTED_VALUE"""),0) -> 0 | J83: X
I84: =IFERROR(__xludf.dummyfunction("""COMPUTED_VALUE"""),0) -> 0 | J84: X
B85: =IFERROR(__xludf.dummyfunction("""COMPUTED_VALUE"""),"SEINFRA/SINAPI") -> SEINFRA/SINAPI | C85: =IFERROR(__xludf.dummyfunction("""COMPUTED_VALUE"""),"INTERRUPTOR DIFERENCIAL RESIDUAL BIPOLAR DE 25A - 30mA - FORNECIMENTO E INSTALAÇÃO") -> INTERRUPTOR DIFERENCIAL RESIDUAL BIPOLAR DE 25A - 30mA - FORNECIMENTO E INSTALAÇÃO | E85: =IFERROR(__xludf.dummyfunction("""COMPUTED_VALUE"""),"UN >") -> UN > | F85: =IFERROR(__xludf.dummyfunction("""COMPUTED_VALUE"""),"UN") -> UN | G85: =IFERROR(__xludf.dummyfunction("""COMPUTED_VALUE"""),"VALOR S/ BDI") -> VALOR S/ BDI | H85: =IFERROR(__xludf.dummyfunction("""COMPUTED_VALUE"""),165.06) -> 165.06 | I85: =IFERROR(__xludf.dummyfunction("""COMPUTED_VALUE"""),"#N/A") -> #N/A | J85: X
A86: =IFERROR(__xludf.dummyfunction("""COMPUTED_VALUE"""),10101) -> 10101 | B86: =IFERROR(__xludf.dummyfunction("""COMPUTED_VALUE"""),"SEINFRA-I") -> SEINFRA-I | C86: =IFERROR(__xludf.dummyfunction("""COMPUTED_VALUE"""),"I2312") -> I2312 | D86: =IFERROR(__xludf.dummyfunction("""COMPUTED_VALUE"""),"ELETRICISTA") -> ELETRICISTA | E86: =IFERROR(__xludf.dummyfunction("""COMPUTED_VALUE"""),"H") -> H | F86: =IFERROR(__xludf.dummyfunction("""COMPUTED_VALUE"""),0.6) -> 0.6 | G86: =IFERROR(__xludf.dummyfunction("""COMPUTED_VALUE"""),20.77) -> 20.77 | H86: =IFERROR(__xludf.dummyfunction("""COMPUTED_VALUE"""),12.46) -> 12.46 | I86: =IFERROR(__xludf.dummyfunction("""COMPUTED_VALUE"""),20.77) -> 20.77 | J86: X
A87: =IFERROR(__xludf.dummyfunction("""COMPUTED_VALUE"""),10102) -> 10102 | B87: =IFERROR(__xludf.dummyfunction("""COMPUTED_VALUE"""),"SEINFRA-I") -> SEINFRA-I | C87: =IFERROR(__xludf.dummyfunction("""COMPUTED_VALUE"""),"I0042") -> I0042 | D87: =IFERROR(__xludf.dummyfunction("""COMPUTED_VALUE"""),"AJUDANTE DE ELETRICISTA") -> AJUDANTE DE ELETRICISTA | E87: =IFERROR(__xludf.dummyfunction("""COMPUTED_VALUE"""),"H") -> H | F87: =IFERROR(__xludf.dummyfunction("""COMPUTED_VALUE"""),0.6) -> 0.6 | G87: =IFERROR(__xludf.dummyfunction("""COMPUTED_VALUE"""),16.77) -> 16.77 | H87: =IFERROR(__xludf.dummyfunction("""COMPUTED_VALUE"""),10.06) -> 10.06 | I87: =IFERROR(__xludf.dummyfunction("""COMPUTED_VALUE"""),16.77) -> 16.77 | J87: X
A88: =IFERROR(__xludf.dummyfunction("""COMPUTED_VALUE"""),10103) -> 10103 | B88: =IFERROR(__xludf.dummyfunction("""COMPUTED_VALUE"""),"SINAPI-I") -> SINAPI-I | C88: =IFERROR(__xludf.dummyfunction("""COMPUTED_VALUE"""),39445) -> 39445 | D88: =IFERROR(__xludf.dummyfunction("""COMPUTED_VALUE"""),"DISPOSITIVO DR, 2 POLOS, SENSIBILIDADE DE 30 MA, CORRENTE DE 25 A, TIPO AC") -> DISPOSITIVO DR, 2 POLOS, SENSIBILIDADE DE 30 MA, CORRENTE DE 25 A, TIPO AC | E88: =IFERROR(__xludf.dummyfunction("""COMPUTED_VALUE"""),"UN") -> UN | F88: =IFERROR(__xludf.dummyfunction("""COMPUTED_VALUE"""),1) -> 1 | G88: =IFERROR(__xludf.dummyfunction("""COMPUTED_VALUE"""),142.54) -> 142.54 | H88: =IFERROR(__xludf.dummyfunction("""COMPUTED_VALUE"""),142.54) -> 142.54 | I88: =IFERROR(__xludf.dummyfunction("""COMPUTED_VALUE"""),142.54) -> 142.54 | J88: X
A89: =IFERROR(__xludf.dummyfunction("""COMPUTED_VALUE"""),10104) -> 10104 | B89: =IFERROR(__xludf.dummyfunction("""COMPUTED_VALUE""")," ") | D89: =IFERROR(__xludf.dummyfunction("""COMPUTED_VALUE""")," ") | E89: =IFERROR(__xludf.dummyfunction("""COMPUTED_VALUE""")," ") | F89: =IFERROR(__xludf.dummyfunction("""COMPUTED_VALUE"""),0) -> 0 | G89: =IFERROR(__xludf.dummyfunction("""COMPUTED_VALUE"""),0) -> 0 | H89: =IFERROR(__xludf.dummyfunction("""COMPUTED_VALUE"""),0) -> 0 | I89: =IFERROR(__xludf.dummyfunction("""COMPUTED_VALUE"""),0) -> 0 | J89: X
A90: =IFERROR(__xludf.dummyfunction("""COMPUTED_VALUE"""),"OBS: ESTA COMPOSIÇÃO FOI BASEADA NOS COEFICENTES DA COMPOSIÇÃO DA SEINFRA - TABELA 27.1 - CÓDIGO: C1081, SENDO SUBSTITUÍDO O CÓDIGO: I0969 PELO INSUMO DA SINAPI - CÓDIGO: 39445, E OS PREÇOS DOS INSUMOS DE MÃO-DE-OBRA FORAM UTILIZADOS DA SINFRA - TABELA 27"&".1 C/DESONERAÇÃO") -> OBS: ESTA COMPOSIÇÃO FOI BASEADA NOS COEFICENTES DA COMPOSIÇÃO DA SEINFRA - TABELA 27.1 - CÓDIGO: C1081, SENDO SUBSTITUÍDO O CÓDIGO: I0969 PELO INSUMO DA SINAPI - CÓDIGO: 39445, E OS PREÇOS DOS INSUMOS DE MÃO-DE-OBRA FORAM UTILIZADOS DA SINFRA - TABELA 27.1 C/DESONERAÇÃO | I90: =IFERROR(__xludf.dummyfunction("""COMPUTED_VALUE"""),0) -> 0 | J90: X
I91: =IFERROR(__xludf.dummyfunction("""COMPUTED_VALUE"""),0) -> 0 | J91: X
I92: =IFERROR(__xludf.dummyfunction("""COMPUTED_VALUE"""),0) -> 0 | J92: X
B93: =IFERROR(__xludf.dummyfunction("""COMPUTED_VALUE"""),"SEINFRA/SINAPI") -> SEINFRA/SINAPI | C93: =IFERROR(__xludf.dummyfunction("""COMPUTED_VALUE"""),"INTERRUPTOR DIFERENCIAL RESIDUAL TETRAPOLAR DE 25A - 30mA - FORNECIMENTO E INSTALAÇÃO") -> INTERRUPTOR DIFERENCIAL RESIDUAL TETRAPOLAR DE 25A - 30mA - FORNECIMENTO E INSTALAÇÃO | E93: =IFERROR(__xludf.dummyfunction("""COMPUTED_VALUE"""),"UN >") -> UN > | F93: =IFERROR(__xludf.dummyfunction("""COMPUTED_VALUE"""),"UN") -> UN | G93: =IFERROR(__xludf.dummyfunction("""COMPUTED_VALUE"""),"VALOR S/ BDI") -> VALOR S/ BDI | H93: =IFERROR(__xludf.dummyfunction("""COMPUTED_VALUE"""),196.19) -> 196.19 | I93: =IFERROR(__xludf.dummyfunction("""COMPUTED_VALUE"""),"#N/A") -> #N/A | J93: X
A94: =IFERROR(__xludf.dummyfunction("""COMPUTED_VALUE"""),10101) -> 10101 | B94: =IFERROR(__xludf.dummyfunction("""COMPUTED_VALUE"""),"SEINFRA-I") -> SEINFRA-I | C94: =IFERROR(__xludf.dummyfunction("""COMPUTED_VALUE"""),"I2312") -> I2312 | D94: =IFERROR(__xludf.dummyfunction("""COMPUTED_VALUE"""),"ELETRICISTA") -> ELETRICISTA | E94: =IFERROR(__xludf.dummyfunction("""COMPUTED_VALUE"""),"H") -> H | F94: =IFERROR(__xludf.dummyfunction("""COMPUTED_VALUE"""),0.9) -> 0.9 | G94: =IFERROR(__xludf.dummyfunction("""COMPUTED_VALUE"""),20.77) -> 20.77 | H94: =IFERROR(__xludf.dummyfunction("""COMPUTED_VALUE"""),18.69) -> 18.69 | I94: =IFERROR(__xludf.dummyfunction("""COMPUTED_VALUE"""),20.77) -> 20.77 | J94: X
A95: =IFERROR(__xludf.dummyfunction("""COMPUTED_VALUE"""),10102) -> 10102 | B95: =IFERROR(__xludf.dummyfunction("""COMPUTED_VALUE"""),"SEINFRA-I") -> SEINFRA-I | C95: =IFERROR(__xludf.dummyfunction("""COMPUTED_VALUE"""),"I0042") -> I0042 | D95: =IFERROR(__xludf.dummyfunction("""COMPUTED_VALUE"""),"AJUDANTE DE ELETRICISTA") -> AJUDANTE DE ELETRICISTA | E95: =IFERROR(__xludf.dummyfunction("""COMPUTED_VALUE"""),"H") -> H | F95: =IFERROR(__xludf.dummyfunction("""COMPUTED_VALUE"""),0.9) -> 0.9 | G95: =IFERROR(__xludf.dummyfunction("""COMPUTED_VALUE"""),16.77) -> 16.77 | H95: =IFERROR(__xludf.dummyfunction("""COMPUTED_VALUE"""),15.09) -> 15.09 | I95: =IFERROR(__xludf.dummyfunction("""COMPUTED_VALUE"""),16.77) -> 16.77 | J95: X
A96: =IFERROR(__xludf.dummyfunction("""COMPUTED_VALUE"""),10103) -> 10103 | B96: =IFERROR(__xludf.dummyfunction("""COMPUTED_VALUE"""),"SINAPI-I") -> SINAPI-I | C96: =IFERROR(__xludf.dummyfunction("""COMPUTED_VALUE"""),39455) -> 39455 | D96: =IFERROR(__xludf.dummyfunction("""COMPUTED_VALUE"""),"DISPOSITIVO DR, 4 POLOS, SENSIBILIDADE DE 30 MA, CORRENTE DE 25 A, TIPO AC") -> DISPOSITIVO DR, 4 POLOS, SENSIBILIDADE DE 30 MA, CORRENTE DE 25 A, TIPO AC | E96: =IFERROR(__xludf.dummyfunction("""COMPUTED_VALUE"""),"UN") -> UN | F96: =IFERROR(__xludf.dummyfunction("""COMPUTED_VALUE"""),1) -> 1 | G96: =IFERROR(__xludf.dummyfunction("""COMPUTED_VALUE"""),162.41) -> 162.41 | H96: =IFERROR(__xludf.dummyfunction("""COMPUTED_VALUE"""),162.41) -> 162.41 | I96: =IFERROR(__xludf.dummyfunction("""COMPUTED_VALUE"""),162.41) -> 162.41 | J96: X
A97: =IFERROR(__xludf.dummyfunction("""COMPUTED_VALUE"""),10104) -> 10104 | B97: =IFERROR(__xludf.dummyfunction("""COMPUTED_VALUE""")," ") | D97: =IFERROR(__xludf.dummyfunction("""COMPUTED_VALUE""")," ") | E97: =IFERROR(__xludf.dummyfunction("""COMPUTED_VALUE""")," ") | F97: =IFERROR(__xludf.dummyfunction("""COMPUTED_VALUE"""),0) -> 0 | G97: =IFERROR(__xludf.dummyfunction("""COMPUTED_VALUE"""),0) -> 0 | H97: =IFERROR(__xludf.dummyfunction("""COMPUTED_VALUE"""),0) -> 0 | I97: =IFERROR(__xludf.dummyfunction("""COMPUTED_VALUE"""),0) -> 0 | J97: X
A98: =IFERROR(__xludf.dummyfunction("""COMPUTED_VALUE"""),"OBS: ESTA COMPOSIÇÃO FOI BASEADA NOS COEFICENTES DA COMPOSIÇÃO DA SEINFRA - TABELA 27.1 - CÓDIGO: C1121, SENDO SUBSTITUÍDO O CÓDIGO: I1007 PELO INSUMO DA SINAPI - CÓDIGO: 39455, E OS PREÇOS DOS INSUMOS DE MÃO-DE-OBRA FORAM UTILIZADOS DA SINFRA - TABELA 27"&".1 C/DESONERAÇÃO") -> OBS: ESTA COMPOSIÇÃO FOI BASEADA NOS COEFICENTES DA COMPOSIÇÃO DA SEINFRA - TABELA 27.1 - CÓDIGO: C1121, SENDO SUBSTITUÍDO O CÓDIGO: I1007 PELO INSUMO DA SINAPI - CÓDIGO: 39455, E OS PREÇOS DOS INSUMOS DE MÃO-DE-OBRA FORAM UTILIZADOS DA SINFRA - TABELA 27.1 C/DESONERAÇÃO | I98: =IFERROR(__xludf.dummyfunction("""COMPUTED_VALUE"""),0) -> 0 | J98: X
I99: =IFERROR(__xludf.dummyfunction("""COMPUTED_VALUE"""),0) -> 0 | J99: X
I100: =IFERROR(__xludf.dummyfunction("""COMPUTED_VALUE"""),0) -> 0 | J100: X
...

Sheet A
A3: ORÇAMENTO BÁSICO RESUMIDO
A4: OBRA: | D4: =M.UNIT!B3 -> 0
A5: LOCAL: | D5: =M.UNIT!H4 -> 0
A6: =M.UNIT!A5 -> FONTES DE PREÇOS UTILIZADAS: 1. SICRO/CE 04/2023 SEM DESONERAÇÃO 2. SINAPI/CE 09/2023 SEM DESONERAÇÃO | E6: BDI: | F6: BDI DIFER.: | G6: DATA BASE
E7: =M.UNIT!J5 -> 0.21796407 | F7: =M.UNIT!J6 -> 0.15 | G7: =M.UNIT!K6 -> 10/2023
B8: ORÇA. | D8: DESCRIÇÃO | F8: TOTAL | G8: % | H8: FILTRO
B9: 1. | D9: =M.UNIT!B4 -> 0 | F9: =M.UNIT!J41 -> 1535400.1 | G9: =IFERROR(F9/$F$49,) -> 1 | H9: =IF(D9<>0,"X"," ")
B10: 2. | G10: =IFERROR(F10/$F$49,) -> 0 | H10: =IF(D10<>0,"X"," ")
B11: 3. | G11: =IFERROR(F11/$F$49,) -> 0 | H11: =IF(D11<>0,"X"," ")
B12: 4. | G12: =IFERROR(F12/$F$49,) -> 0 | H12: =IF(D12<>0,"X"," ")
B13: 5. | G13: =IFERROR(F13/$F$49,) -> 0 | H13: =IF(D13<>0,"X"," ")
B14: 6. | G14: =IFERROR(F14/$F$49,) -> 0 | H14: =IF(D14<>0,"X"," ")
B15: 7. | G15: =IFERROR(F15/$F$49,) -> 0 | H15: =IF(D15<>0,"X"," ")
B16: 8. | G16: =IFERROR(F16/$F$49,) -> 0 | H16: =IF(D16<>0,"X"," ")
B17: 9. | G17: =IFERROR(F17/$F$49,) -> 0 | H17: =IF(D17<>0,"X"," ")
B18: 10. | G18: =IFERROR(F18/$F$49,) -> 0 | H18: =IF(D18<>0,"X"," ")
B19: 11. | G19: =IFERROR(F19/$F$49,) -> 0 | H19: =IF(D19<>0,"X"," ")
B20: 12. | G20: =IFERROR(F20/$F$49,) -> 0 | H20: =IF(D20<>0,"X"," ")
B21: 13. | G21: =IFERROR(F21/$F$49,) -> 0 | H21: =IF(D21<>0,"X"," ")
... B48: 40. | G48: =IFERROR(F48/$F$49,) -> 0 | H48: =IF(D48<>0,"X"," ")
E49: TOTAL GERAL | F49: =SUM(F9:F48) -> 1535400.1 | G49: 1
A50: =IFERROR(__xludf.dummyfunction("CONCATENATE(""VALOR DO ORÇAMENTO: "",UPPER(RegExReplace(IF(OR(ISBLANK($F49),NOT(ISNUMBER($F49)),$F49>=POWER(10,15)),IFERROR(1/0),TRIM(arrayFormula(CONCATENATE(IF(TRUNC(mod($J49,POWER(10,{15,12,9,6,3}))/POWER(10,{12,9,6,3,0}))<100,"""",CHOOSE(int(TRUNC(mod"&"($F49,POWER(10,{15,12,9,6,3}))/POWER(10,{12,9,6,3,0}))/100),""Cento "",""Duzentos "",""Trezentos "",""Quatrocentos "",""Quinhentos "",""Seiscentos "",""Setecentos "",""Oitocentos "",""Novecentos "") & "" "") & IF(mod(TRUNC(mod($F49,POWER(10,{15,12,9,6,3})"&")/POWER(10,{12,9,6,3,0})),100)<>0,IF(TRUNC(mod($F49,POWER(10,{15,12,9,6,3}))/POWER(10,{12,9,6,3,0}))>100,""e "",IF($F49>POWER(10,{15,12,9,6,3}),CHOOSE({1,2,3,4,5},"""","""","""","""",""e ""),"""")),"""") & IF(mod(TRUNC(mod($F49,POWER(10,{15,12,9,6,3}))/PO"&"WER(10,{12,9,6,3,0})),100)=0,"""",IF(mod(TRUNC(mod($F49,POWER(10,{15,12,9,6,3}))/POWER(10,{12,9,6,3,0})),100)<20,CHOOSE(mod(TRUNC(mod($F49,POWER(10,{15,12,9,6,3}))/POWER(10,{12,9,6,3,0})),100),"" Um "",""Dois "",""Três "",""Quatro "",""Cinco "",""Seis "","&"""Sete "",""Oito "",""Nove "",""Dez "",""Onze "",""Doze "",""Treze "",""Quatorze "",""Quinze "",""Dezesseis "",""Dezessete "",""Dezoito "",""Dezenove ""),CHOOSE(int(mod(TRUNC(mod($F49,POWER(10,{15,12,9,6,3}))/POWER(10,{12,9,6,3,0})),100)/10),"""",""Vinte "&""",""Trinta "",""Quarenta "",""Cinquenta "",""Sessenta "",""Setenta "",""Oitenta "",""Noventa "","" CEM "") & IF(mod(mod(TRUNC(mod($F49,POWER(10,{15,12,9,6,3}))/POWER(10,{12,9,6,3,0})),100),10)=0,"""","" "" & CHOOSE(mod(mod(TRUNC(mod($F49,POWER(10,{15,12,"&"9,6,3}))/POWER(10,{12,9,6,3,0})),100),10),""e Um "",""e Dois "",""e Três "",""e Quatro "",""e Cinco "",""e Seis "",""e Sete "",""e Oito "",""e Nove "")))) & IF(TRUNC(mod($F49,POWER(10,{15,12,9,6,3}))/POWER(10,{12,9,6,3,0}))=0,"""",CHOOSE({1,2,3,4,5},""Tri"&"lhão, "",""Bilhão, "",""Milhão, "",""Mil, "","""")))) & IF($F49>=2,"" Reais "",IF($F49>=1,""Real "","""")) & IF((ROUND($F49-TRUNC($F49),2)*100=0)+($F49<1),"""",""e "") & IF(ROUND($F49-TRUNC($F49),2)*100=0,"""",IF(ROUND($F49-TRUNC($F49),2)*100=1,""Um Centa"&"vo "",IF(ROUND($F49-TRUNC($F49),2)*100<20,CHOOSE(ROUND($F49-TRUNC($F49),2)*100,""Um "",""Dois "",""Três "",""Quatro "",""Cinco "",""Seis "",""Sete "",""Oito "",""Nove "",""Dez "",""Onze "",""Doze "",""Treze "",""Quatorze "",""Quinze "",""Dezesseis "",""De"&"zessete "",""Dezoito "",""Dezenove ""),CHOOSE(int(ROUND($F49-TRUNC($F49),2)*100/10),"""",""Vinte "",""Trinta "",""Quarenta "",""Cinquenta "",""Sessenta "",""Setenta "",""Oitenta "",""Noventa "") & IF(mod(ROUND($F49-TRUNC($F49),2)*100,10)=0,"""","" e "" & "&"CHOOSE(mod(ROUND($J49-TRUNC($F49),2)*100,10),""Um "",""Dois "",""Três "",""Quatro "",""Cinco "",""Seis "",""Sete "",""Oito "",""Nove "")))& ""Centavos "")))), ""Cento Reais"", ""Cem Reais"")))"),"#REF!") -> #REF!

Sheet CRE
G3: CRONOGRAMA FÍSICO FINANCEIRO RESUMIDO
A4: OBRA: | B4: =M.UNIT!B3 -> 0
A5: LOCAL: | B5: =M.UNIT!B4 -> 0
A6: ITEM | B6: DESCRIÇÃO | C6: VALOR COM BDI | D6: % | E6: 30 | F6: =E6+30 -> 60 | G6: =F6+30 -> 90 | H6: =G6+30 -> 120 | I6: =H6+30 -> 150 | J6: =I6+30 -> 180 | K6: =J6+30 -> 210 | L6: =K6+30 -> 240 | M6: =L6+30 -> 270 | ... P6: =O6+30 -> 360 | Q6: CONF | R6: FILTRO
A8: 1. | B8: =IFERROR(IF(A8=0,0,INDEX(A!A:H,MATCH(CRE!A8,A!B:B,0),4)),0) -> 0 | C8: {=IFERROR(IF(A8=0,0,INDEX(A!A:H,MATCH(CRE!A8,A!B:B,0),6)),0)} -> 1535400.1 | D8: =IFERROR(C8/$C$88,) -> 1 | E8: =IF(E9=0,0,SUBTOTAL(6,$C8,E9)) -> 0 | F8: =IF(F9=0,0,$C8*F9) -> 0 | G8: =IF(G9=0,0,$C8*G9) -> 0 | H8: =IF(H9=0,0,$C8*H9) -> 0 | I8: =IF(I9=0,0,$C8*I9) -> 0 | J8: =IF(J9=0,0,$C8*J9) -> 0 | K8: =IF(K9=0,0,$C8*K9) -> 0 | L8: =IF(L9=0,0,$C8*L9) -> 0 | M8: =IF(M9=0,0,$C8*M9) -> 0 | ... P8: =IF(P9=0,0,$C8*P9) -> 0 | Q8: =SUM(E8:P8) -> 0 | R8: =IF(B8>0,"X",0) -> 0 | S8: =IF(Q8=C8,"OK","VERIFICAR") -> VERIFICAR
E9: 0 | F9: 0 | G9: 0 | H9: 0 | I9: 0 | J9: 0 | K9: 0 | L9: 0 | M9: 0 | N9: 0 | O9: 0 | P9: 0 | Q9: =SUM(E9:P9) -> 0 | R9: =+R8 -> 0
A10: 2. | B10: =IFERROR(IF(A10=0,0,INDEX(A!A:H,MATCH(CRE!A10,A!B:B,0),4)),0) -> 0 | C10: {=IFERROR(IF(A10=0,0,INDEX(A!A:H,MATCH(CRE!A10,A!B:B,0),8)),0)} | D10: =IFERROR(C10/$C$88,) -> 0 | E10: =IF(E11=0,0,$C10*E11) -> 0 | F10: =IF(F11=0,0,$C10*F11) -> 0 | G10: =IF(G11=0,0,$C10*G11) -> 0 | H10: =IF(H11=0,0,$C10*H11) -> 0 | I10: =IF(I11=0,0,$C10*I11) -> 0 | J10: =IF(J11=0,0,$C10*J11) -> 0 | K10: =IF(K11=0,0,$C10*K11) -> 0 | L10: =IF(L11=0,0,$C10*L11) -> 0 | ... P10: =IF(P11=0,0,$C10*P11) -> 0 | Q10: =SUM(E10:P10) -> 0 | R10: =IF(B10>0,"X",0) -> 0 | S10: =IF(Q10=C10,"OK","VERIFICAR") -> VERIFICAR
E11: 0 | F11: 0 | G11: 0 | H11: 0 | I11: 0 | J11: 0 | K11: 0 | L11: 0 | M11: 0 | N11: 0 | O11: 0 | P11: 0 | Q11: =SUM(E11:P11) -> 0 | R11: =+R10 -> 0
A12: 3. | B12: =IFERROR(IF(A12=0,0,INDEX(A!A:H,MATCH(CRE!A12,A!B:B,0),4)),0) -> 0 | C12: {=IFERROR(IF(A12=0,0,INDEX(A!A:H,MATCH(CRE!A12,A!B:B,0),8)),0)} | D12: =IFERROR(C12/$C$88,) -> 0 | E12: =IF(E13=0,0,$C12*E13) -> 0 | F12: =IF(F13=0,0,$C12*F13) -> 0 | G12: =IF(G13=0,0,$C12*G13) -> 0 | H12: =IF(H13=0,0,$C12*H13) -> 0 | I12: =IF(I13=0,0,$C12*I13) -> 0 | J12: =IF(J13=0,0,$C12*J13) -> 0 | K12: =IF(K13=0,0,$C12*K13) -> 0 | L12: =IF(L13=0,0,$C12*L13) -> 0 | ... P12: =IF(P13=0,0,$C12*P13) -> 0 | Q12: =SUM(E12:P12) -> 0 | R12: =IF(B12>0,"X",0) -> 0 | S12: =IF(Q12=C12,"OK","VERIFICAR") -> VERIFICAR
E13: 0 | F13: 0 | G13: 0 | H13: 0 | I13: 0 | J13: 0 | K13: 0 | L13: 0 | M13: 0 | N13: 0 | O13: 0 | P13: 0 | Q13: =SUM(E13:P13) -> 0 | R13: =+R12 -> 0
A14: 4. | B14: =IFERROR(IF(A14=0,0,INDEX(A!A:H,MATCH(CRE!A14,A!B:B,0),4)),0) -> 0 | C14: {=IFERROR(IF(A14=0,0,INDEX(A!A:H,MATCH(CRE!A14,A!B:B,0),8)),0)} | D14: =IFERROR(C14/$C$88,) -> 0 | E14: =IF(E15=0,0,$C14*E15) -> 0 | F14: =IF(F15=0,0,$C14*F15) -> 0 | G14: =IF(G15=0,0,$C14*G15) -> 0 | H14: =IF(H15=0,0,$C14*H15) -> 0 | I14: =IF(I15=0,0,$C14*I15) -> 0 | J14: =IF(J15=0,0,$C14*J15) -> 0 | K14: =IF(K15=0,0,$C14*K15) -> 0 | L14: =IF(L15=0,0,$C14*L15) -> 0 | ... P14: =IF(P15=0,0,$C14*P15) -> 0 | Q14: =SUM(E14:P14) -> 0 | R14: =IF(B14>0,"X",0) -> 0 | S14: =IF(Q14=C14,"OK","VERIFICAR") -> VERIFICAR
E15: 0 | F15: 0 | G15: 0 | H15: 0 | I15: 0 | J15: 0 | K15: 0 | L15: 0 | M15: 0 | N15: 0 | O15: 0 | P15: 0 | Q15: =SUM(E15:P15) -> 0 | R15: =+R14 -> 0
A16: 5. | B16: =IFERROR(IF(A16=0,0,INDEX(A!A:H,MATCH(CRE!A16,A!B:B,0),4)),0) -> 0 | C16: {=IFERROR(IF(A16=0,0,INDEX(A!A:H,MATCH(CRE!A16,A!B:B,0),8)),0)} | D16: =IFERROR(C16/$C$88,) -> 0 | E16: =IF(E17=0,0,$C16*E17) -> 0 | F16: =IF(F17=0,0,$C16*F17) -> 0 | G16: =IF(G17=0,0,$C16*G17) -> 0 | H16: =IF(H17=0,0,$C16*H17) -> 0 | I16: =IF(I17=0,0,$C16*I17) -> 0 | J16: =IF(J17=0,0,$C16*J17) -> 0 | K16: =IF(K17=0,0,$C16*K17) -> 0 | L16: =IF(L17=0,0,$C16*L17) -> 0 | ... P16: =IF(P17=0,0,$C16*P17) -> 0 | Q16: =SUM(E16:P16) -> 0 | R16: =IF(B16>0,"X",0) -> 0 | S16: =IF(Q16=C16,"OK","VERIFICAR") -> VERIFICAR
E17: 0 | F17: 0 | G17: 0 | H17: 0 | I17: 0 | J17: 0 | K17: 0 | L17: 0 | M17: 0 | N17: 0 | O17: 0 | P17: 0 | Q17: =SUM(E17:P17) -> 0 | R17: =+R16 -> 0
A18: 6. | B18: =IFERROR(IF(A18=0,0,INDEX(A!A:H,MATCH(CRE!A18,A!B:B,0),4)),0) -> 0 | C18: {=IFERROR(IF(A18=0,0,INDEX(A!A:H,MATCH(CRE!A18,A!B:B,0),8)),0)} | D18: =IFERROR(C18/$C$88,) -> 0 | E18: =IF(E19=0,0,$C18*E19) -> 0 | F18: =IF(F19=0,0,$C18*F19) -> 0 | G18: =IF(G19=0,0,$C18*G19) -> 0 | H18: =IF(H19=0,0,$C18*H19) -> 0 | I18: =IF(I19=0,0,$C18*I19) -> 0 | J18: =IF(J19=0,0,$C18*J19) -> 0 | K18: =IF(K19=0,0,$C18*K19) -> 0 | L18: =IF(L19=0,0,$C18*L19) -> 0 | ... P18: =IF(P19=0,0,$C18*P19) -> 0 | Q18: =SUM(E18:P18) -> 0 | R18: =IF(B18>0,"X",0) -> 0 | S18: =IF(Q18=C18,"OK","VERIFICAR") -> VERIFICAR
E19: 0 | F19: 0 | G19: 0 | H19: 0 | I19: 0 | J19: 0 | K19: 0 | L19: 0 | M19: 0 | N19: 0 | O19: 0 | P19: 0 | Q19: =SUM(E19:P19) -> 0 | R19: =+R18 -> 0
A20: 7. | B20: =IFERROR(IF(A20=0,0,INDEX(A!A:H,MATCH(CRE!A20,A!B:B,0),4)),0) -> 0 | C20: {=IFERROR(IF(A20=0,0,INDEX(A!A:H,MATCH(CRE!A20,A!B:B,0),8)),0)} | D20: =IFERROR(C20/$C$88,) -> 0 | E20: =IF(E21=0,0,$C20*E21) -> 0 | F20: =IF(F21=0,0,$C20*F21) -> 0 | G20: =IF(G21=0,0,$C20*G21) -> 0 | H20: =IF(H21=0,0,$C20*H21) -> 0 | I20: =IF(I21=0,0,$C20*I21) -> 0 | J20: =IF(J21=0,0,$C20*J21) -> 0 | K20: =IF(K21=0,0,$C20*K21) -> 0 | L20: =IF(L21=0,0,$C20*L21) -> 0 | ... P20: =IF(P21=0,0,$C20*P21) -> 0 | Q20: =SUM(E20:P20) -> 0 | R20: =IF(B20>0,"X",0) -> 0 | S20: =IF(Q20=C20,"OK","VERIFICAR") -> VERIFICAR
E21: 0 | F21: 0 | G21: 0 | H21: 0 | I21: 0 | J21: 0 | K21: 0 | L21: 0 | M21: 0 | N21: 0 | O21: 0 | P21: 0 | Q21: =SUM(E21:P21) -> 0 | R21: =+R20 -> 0
A22: 8. | B22: =IFERROR(IF(A22=0,0,INDEX(A!A:H,MATCH(CRE!A22,A!B:B,0),4)),0) -> 0 | C22: {=IFERROR(IF(A22=0,0,INDEX(A!A:H,MATCH(CRE!A22,A!B:B,0),8)),0)} | D22: =IFERROR(C22/$C$88,) -> 0 | E22: =IF(E23=0,0,$C22*E23) -> 0 | F22: =IF(F23=0,0,$C22*F23) -> 0 | G22: =IF(G23=0,0,$C22*G23) -> 0 | H22: =IF(H23=0,0,$C22*H23) -> 0 | I22: =IF(I23=0,0,$C22*I23) -> 0 | J22: =IF(J23=0,0,$C22*J23) -> 0 | K22: =IF(K23=0,0,$C22*K23) -> 0 | L22: =IF(L23=0,0,$C22*L23) -> 0 | ... P22: =IF(P23=0,0,$C22*P23) -> 0 | Q22: =SUM(E22:P22) -> 0 | R22: =IF(B22>0,"X",0) -> 0 | S22: =IF(Q22=C22,"OK","VERIFICAR") -> VERIFICAR
E23: 0 | F23: 0 | G23: 0 | H23: 0 | I23: 0 | J23: 0 | K23: 0 | L23: 0 | M23: 0 | N23: 0 | O23: 0 | P23: 0 | Q23: =SUM(E23:P23) -> 0 | R23: =+R22 -> 0
A24: 9. | B24: =IFERROR(IF(A24=0,0,INDEX(A!A:H,MATCH(CRE!A24,A!B:B,0),4)),0) -> 0 | C24: {=IFERROR(IF(A24=0,0,INDEX(A!A:H,MATCH(CRE!A24,A!B:B,0),8)),0)} | D24: =IFERROR(C24/$C$88,) -> 0 | E24: =IF(E25=0,0,$C24*E25) -> 0 | F24: =IF(F25=0,0,$C24*F25) -> 0 | G24: =IF(G25=0,0,$C24*G25) -> 0 | H24: =IF(H25=0,0,$C24*H25) -> 0 | I24: =IF(I25=0,0,$C24*I25) -> 0 | J24: =IF(J25=0,0,$C24*J25) -> 0 | K24: =IF(K25=0,0,$C24*K25) -> 0 | L24: =IF(L25=0,0,$C24*L25) -> 0 | ... P24: =IF(P25=0,0,$C24*P25) -> 0 | Q24: =SUM(E24:P24) -> 0 | R24: =IF(B24>0,"X",0) -> 0 | S24: =IF(Q24=C24,"OK","VERIFICAR") -> VERIFICAR
E25: 0 | F25: 0 | G25: 0 | H25: 0 | I25: 0 | J25: 0 | K25: 0 | L25: 0 | M25: 0 | N25: 0 | O25: 0 | P25: 0 | Q25: =SUM(E25:P25) -> 0 | R25: =+R24 -> 0
A26: 10. | B26: =IFERROR(IF(A26=0,0,INDEX(A!A:H,MATCH(CRE!A26,A!B:B,0),4)),0) -> 0 | C26: {=IFERROR(IF(A26=0,0,INDEX(A!A:H,MATCH(CRE!A26,A!B:B,0),8)),0)} | D26: =IFERROR(C26/$C$88,) -> 0 | E26: =IF(E27=0,0,$C26*E27) -> 0 | F26: =IF(F27=0,0,$C26*F27) -> 0 | G26: =IF(G27=0,0,$C26*G27) -> 0 | H26: =IF(H27=0,0,$C26*H27) -> 0 | I26: =IF(I27=0,0,$C26*I27) -> 0 | J26: =IF(J27=0,0,$C26*J27) -> 0 | K26: =IF(K27=0,0,$C26*K27) -> 0 | L26: =IF(L27=0,0,$C26*L27) -> 0 | ... P26: =IF(P27=0,0,$C26*P27) -> 0 | Q26: =SUM(E26:P26) -> 0 | R26: =IF(B26>0,"X",0) -> 0 | S26: =IF(Q26=C26,"OK","VERIFICAR") -> VERIFICAR
E27: 0 | F27: 0 | G27: 0 | H27: 0 | I27: 0 | J27: 0 | K27: 0 | L27: 0 | M27: 0 | N27: 0 | O27: 0 | P27: 0 | Q27: =SUM(E27:P27) -> 0 | R27: =+R26 -> 0
A28: 11. | B28: =IFERROR(IF(A28=0,0,INDEX(A!A:H,MATCH(CRE!A28,A!B:B,0),4)),0) -> 0 | C28: {=IFERROR(IF(A28=0,0,INDEX(A!A:H,MATCH(CRE!A28,A!B:B,0),8)),0)} | D28: =IFERROR(C28/$C$88,) -> 0 | E28: =IF(E29=0,0,$C28*E29) -> 0 | F28: =IF(F29=0,0,$C28*F29) -> 0 | G28: =IF(G29=0,0,$C28*G29) -> 0 | H28: =IF(H29=0,0,$C28*H29) -> 0 | I28: =IF(I29=0,0,$C28*I29) -> 0 | J28: =IF(J29=0,0,$C28*J29) -> 0 | K28: =IF(K29=0,0,$C28*K29) -> 0 | L28: =IF(L29=0,0,$C28*L29) -> 0 | ... P28: =IF(P29=0,0,$C28*P29) -> 0 | Q28: =SUM(E28:P28) -> 0 | R28: =IF(B28>0,"X",0) -> 0 | S28: =IF(Q28=C28,"OK","VERIFICAR") -> VERIFICAR
E29: 0 | F29: 0 | G29: 0 | H29: 0 | I29: 0 | J29: 0 | K29: 0 | L29: 0 | M29: 0 | N29: 0 | O29: 0 | P29: 0 | Q29: =SUM(E29:P29) -> 0 | R29: =+R28 -> 0
A30: 12. | B30: =IFERROR(IF(A30=0,0,INDEX(A!A:H,MATCH(CRE!A30,A!B:B,0),4)),0) -> 0 | C30: {=IFERROR(IF(A30=0,0,INDEX(A!A:H,MATCH(CRE!A30,A!B:B,0),8)),0)} | D30: =IFERROR(C30/$C$88,) -> 0 | E30: =IF(E31=0,0,$C30*E31) -> 0 | F30: =IF(F31=0,0,$C30*F31) -> 0 | G30: =IF(G31=0,0,$C30*G31) -> 0 | H30: =IF(H31=0,0,$C30*H31) -> 0 | I30: =IF(I31=0,0,$C30*I31) -> 0 | J30: =IF(J31=0,0,$C30*J31) -> 0 | K30: =IF(K31=0,0,$C30*K31) -> 0 | L30: =IF(L31=0,0,$C30*L31) -> 0 | ... P30: =IF(P31=0,0,$C30*P31) -> 0 | Q30: =SUM(E30:P30) -> 0 | R30: =IF(B30>0,"X",0) -> 0 | S30: =IF(Q30=C30,"OK","VERIFICAR") -> VERIFICAR
E31: 0 | F31: 0 | G31: 0 | H31: 0 | I31: 0 | J31: 0 | K31: 0 | L31: 0 | M31: 0 | N31: 0 | O31: 0 | P31: 0 | Q31: =SUM(E31:P31) -> 0 | R31: =+R30 -> 0
A32: 13. | B32: =IFERROR(IF(A32=0,0,INDEX(A!A:H,MATCH(CRE!A32,A!B:B,0),4)),0) -> 0 | C32: {=IFERROR(IF(A32=0,0,INDEX(A!A:H,MATCH(CRE!A32,A!B:B,0),8)),0)} | D32: =IFERROR(C32/$C$88,) -> 0 | E32: =IF(E33=0,0,$C32*E33) -> 0 | F32: =IF(F33=0,0,$C32*F33) -> 0 | G32: =IF(G33=0,0,$C32*G33) -> 0 | H32: =IF(H33=0,0,$C32*H33) -> 0 | I32: =IF(I33=0,0,$C32*I33) -> 0 | J32: =IF(J33=0,0,$C32*J33) -> 0 | K32: =IF(K33=0,0,$C32*K33) -> 0 | L32: =IF(L33=0,0,$C32*L33) -> 0 | ... P32: =IF(P33=0,0,$C32*P33) -> 0 | Q32: =SUM(E32:P32) -> 0 | R32: =IF(B32>0,"X",0) -> 0 | S32: =IF(Q32=C32,"OK","VERIFICAR") -> VERIFICAR
E33: 0 | F33: 0 | G33: 0 | H33: 0 | I33: 0 | J33: 0 | K33: 0 | L33: 0 | M33: 0 | N33: 0 | O33: 0 | P33: 0 | Q33: =SUM(E33:P33) -> 0 | R33: =+R32 -> 0
A34: 14. | B34: =IFERROR(IF(A34=0,0,INDEX(A!A:H,MATCH(CRE!A34,A!B:B,0),4)),0) -> 0 | C34: {=IFERROR(IF(A34=0,0,INDEX(A!A:H,MATCH(CRE!A34,A!B:B,0),8)),0)} | D34: =IFERROR(C34/$C$88,) -> 0 | E34: =IF(E35=0,0,$C34*E35) -> 0 | F34: =IF(F35=0,0,$C34*F35) -> 0 | G34: =IF(G35=0,0,$C34*G35) -> 0 | H34: =IF(H35=0,0,$C34*H35) -> 0 | I34: =IF(I35=0,0,$C34*I35) -> 0 | J34: =IF(J35=0,0,$C34*J35) -> 0 | K34: =IF(K35=0,0,$C34*K35) -> 0 | L34: =IF(L35=0,0,$C34*L35) -> 0 | ... P34: =IF(P35=0,0,$C34*P35) -> 0 | Q34: =SUM(E34:P34) -> 0 | R34: =IF(B34>0,"X",0) -> 0 | S34: =IF(Q34=C34,"OK","VERIFICAR") -> VERIFICAR
E35: 0 | F35: 0 | G35: 0 | H35: 0 | I35: 0 | J35: 0 | K35: 0 | L35: 0 | M35: 0 | N35: 0 | O35: 0 | P35: 0 | Q35: =SUM(E35:P35) -> 0 | R35: =+R34 -> 0
A36: 15. | B36: =IFERROR(IF(A36=0,0,INDEX(A!A:H,MATCH(CRE!A36,A!B:B,0),4)),0) -> 0 | C36: {=IFERROR(IF(A36=0,0,INDEX(A!A:H,MATCH(CRE!A36,A!B:B,0),8)),0)} | D36: =IFERROR(C36/$C$88,) -> 0 | E36: =IF(E37=0,0,$C36*E37) -> 0 | F36: =IF(F37=0,0,$C36*F37) -> 0 | G36: =IF(G37=0,0,$C36*G37) -> 0 | H36: =IF(H37=0,0,$C36*H37) -> 0 | I36: =IF(I37=0,0,$C36*I37) -> 0 | J36: =IF(J37=0,0,$C36*J37) -> 0 | K36: =IF(K37=0,0,$C36*K37) -> 0 | L36: =IF(L37=0,0,$C36*L37) -> 0 | ... P36: =IF(P37=0,0,$C36*P37) -> 0 | Q36: =SUM(E36:P36) -> 0 | R36: =IF(B36>0,"X",0) -> 0 | S36: =IF(Q36=C36,"OK","VERIFICAR") -> VERIFICAR
E37: 0 | F37: 0 | G37: 0 | H37: 0 | I37: 0 | J37: 0 | K37: 0 | L37: 0 | M37: 0 | N37: 0 | O37: 0 | P37: 0 | Q37: =SUM(E37:P37) -> 0 | R37: =+R36 -> 0
A38: 16. | B38: =IFERROR(IF(A38=0,0,INDEX(A!A:H,MATCH(CRE!A38,A!B:B,0),4)),0) -> 0 | C38: {=IFERROR(IF(A38=0,0,INDEX(A!A:H,MATCH(CRE!A38,A!B:B,0),8)),0)} | D38: =IFERROR(C38/$C$88,) -> 0 | E38: =IF(E39=0,0,$C38*E39) -> 0 | F38: =IF(F39=0,0,$C38*F39) -> 0 | G38: =IF(G39=0,0,$C38*G39) -> 0 | H38: =IF(H39=0,0,$C38*H39) -> 0 | I38: =IF(I39=0,0,$C38*I39) -> 0 | J38: =IF(J39=0,0,$C38*J39) -> 0 | K38: =IF(K39=0,0,$C38*K39) -> 0 | L38: =IF(L39=0,0,$C38*L39) -> 0 | ... P38: =IF(P39=0,0,$C38*P39) -> 0 | Q38: =SUM(E38:P38) -> 0 | R38: =IF(B38>0,"X",0) -> 0 | S38: =IF(Q38=C38,"OK","VERIFICAR") -> VERIFICAR
E39: 0 | F39: 0 | G39: 0 | H39: 0 | I39: 0 | J39: 0 | K39: 0 | L39: 0 | M39: 0 | N39: 0 | O39: 0 | P39: 0 | Q39: =SUM(E39:P39) -> 0 | R39: =+R38 -> 0
A40: 17. | B40: =IFERROR(IF(A40=0,0,INDEX(A!A:H,MATCH(CRE!A40,A!B:B,0),4)),0) -> 0 | C40: {=IFERROR(IF(A40=0,0,INDEX(A!A:H,MATCH(CRE!A40,A!B:B,0),8)),0)} | D40: =IFERROR(C40/$C$88,) -> 0 | E40: =IF(E41=0,0,$C40*E41) -> 0 | F40: =IF(F41=0,0,$C40*F41) -> 0 | G40: =IF(G41=0,0,$C40*G41) -> 0 | H40: =IF(H41=0,0,$C40*H41) -> 0 | I40: =IF(I41=0,0,$C40*I41) -> 0 | J40: =IF(J41=0,0,$C40*J41) -> 0 | K40: =IF(K41=0,0,$C40*K41) -> 0 | L40: =IF(L41=0,0,$C40*L41) -> 0 | ... P40: =IF(P41=0,0,$C40*P41) -> 0 | Q40: =SUM(E40:P40) -> 0 | R40: =IF(B40>0,"X",0) -> 0 | S40: =IF(Q40=C40,"OK","VERIFICAR") -> VERIFICAR
E41: 0 | F41: 0 | G41: 0 | H41: 0 | I41: 0 | J41: 0 | K41: 0 | L41: 0 | M41: 0 | N41: 0 | O41: 0 | P41: 0 | Q41: =SUM(E41:P41) -> 0 | R41: =+R40 -> 0
A42: 18. | B42: =IFERROR(IF(A42=0,0,INDEX(A!A:H,MATCH(CRE!A42,A!B:B,0),4)),0) -> 0 | C42: {=IFERROR(IF(A42=0,0,INDEX(A!A:H,MATCH(CRE!A42,A!B:B,0),8)),0)} | D42: =IFERROR(C42/$C$88,) -> 0 | E42: =IF(E43=0,0,$C42*E43) -> 0 | F42: =IF(F43=0,0,$C42*F43) -> 0 | G42: =IF(G43=0,0,$C42*G43) -> 0 | H42: =IF(H43=0,0,$C42*H43) -> 0 | I42: =IF(I43=0,0,$C42*I43) -> 0 | J42: =IF(J43=0,0,$C42*J43) -> 0 | K42: =IF(K43=0,0,$C42*K43) -> 0 | L42: =IF(L43=0,0,$C42*L43) -> 0 | ... P42: =IF(P43=0,0,$C42*P43) -> 0 | Q42: =SUM(E42:P42) -> 0 | R42: =IF(B42>0,"X",0) -> 0 | S42: =IF(Q42=C42,"OK","VERIFICAR") -> VERIFICAR
E43: 0 | F43: 0 | G43: 0 | H43: 0 | I43: 0 | J43: 0 | K43: 0 | L43: 0 | M43: 0 | N43: 0 | O43: 0 | P43: 0 | Q43: =SUM(E43:P43) -> 0 | R43: =+R42 -> 0
A44: 19. | B44: =IFERROR(IF(A44=0,0,INDEX(A!A:H,MATCH(CRE!A44,A!B:B,0),4)),0) -> 0 | C44: {=IFERROR(IF(A44=0,0,INDEX(A!A:H,MATCH(CRE!A44,A!B:B,0),8)),0)} | D44: =IFERROR(C44/$C$88,) -> 0 | E44: =IF(E45=0,0,$C44*E45) -> 0 | F44: =IF(F45=0,0,$C44*F45) -> 0 | G44: =IF(G45=0,0,$C44*G45) -> 0 | H44: =IF(H45=0,0,$C44*H45) -> 0 | I44: =IF(I45=0,0,$C44*I45) -> 0 | J44: =IF(J45=0,0,$C44*J45) -> 0 | K44: =IF(K45=0,0,$C44*K45) -> 0 | L44: =IF(L45=0,0,$C44*L45) -> 0 | ... P44: =IF(P45=0,0,$C44*P45) -> 0 | Q44: =SUM(E44:P44) -> 0 | R44: =IF(B44>0,"X",0) -> 0 | S44: =IF(Q44=C44,"OK","VERIFICAR") -> VERIFICAR
E45: 0 | F45: 0 | G45: 0 | H45: 0 | I45: 0 | J45: 0 | K45: 0 | L45: 0 | M45: 0 | N45: 0 | O45: 0 | P45: 0 | Q45: =SUM(E45:P45) -> 0 | R45: =+R44 -> 0
A46: 20. | B46: =IFERROR(IF(A46=0,0,INDEX(A!A:H,MATCH(CRE!A46,A!B:B,0),4)),0) -> 0 | C46: {=IFERROR(IF(A46=0,0,INDEX(A!A:H,MATCH(CRE!A46,A!B:B,0),8)),0)} | D46: =IFERROR(C46/$C$88,) -> 0 | E46: =IF(E47=0,0,$C46*E47) -> 0 | F46: =IF(F47=0,0,$C46*F47) -> 0 | G46: =IF(G47=0,0,$C46*G47) -> 0 | H46: =IF(H47=0,0,$C46*H47) -> 0 | I46: =IF(I47=0,0,$C46*I47) -> 0 | J46: =IF(J47=0,0,$C46*J47) -> 0 | K46: =IF(K47=0,0,$C46*K47) -> 0 | L46: =IF(L47=0,0,$C46*L47) -> 0 | ... P46: =IF(P47=0,0,$C46*P47) -> 0 | Q46: =SUM(E46:P46) -> 0 | R46: =IF(B46>0,"X",0) -> 0 | S46: =IF(Q46=C46,"OK","VERIFICAR") -> VERIFICAR
E47: 0 | F47: 0 | G47: 0 | H47: 0 | I47: 0 | J47: 0 | K47: 0 | L47: 0 | M47: 0 | N47: 0 | O47: 0 | P47: 0 | Q47: =SUM(E47:P47) -> 0 | R47: =+R46 -> 0
A48: 21. | B48: =IFERROR(IF(A48=0,0,INDEX(A!A:H,MATCH(CRE!A48,A!B:B,0),4)),0) -> 0 | C48: {=IFERROR(IF(A48=0,0,INDEX(A!A:H,MATCH(CRE!A48,A!B:B,0),8)),0)} | D48: =IFERROR(C48/$C$88,) -> 0 | E48: =IF(E49=0,0,$C48*E49) -> 0 | F48: =IF(F49=0,0,$C48*F49) -> 0 | G48: =IF(G49=0,0,$C48*G49) -> 0 | H48: =IF(H49=0,0,$C48*H49) -> 0 | I48: =IF(I49=0,0,$C48*I49) -> 0 | J48: =IF(J49=0,0,$C48*J49) -> 0 | K48: =IF(K49=0,0,$C48*K49) -> 0 | L48: =IF(L49=0,0,$C48*L49) -> 0 | ... P48: =IF(P49=0,0,$C48*P49) -> 0 | Q48: =SUM(E48:P48) -> 0 | R48: =IF(B48>0,"X",0) -> 0 | S48: =IF(Q48=C48,"OK","VERIFICAR") -> VERIFICAR
E49: 0 | F49: 0 | G49: 0 | H49: 0 | I49: 0 | J49: 0 | K49: 0 | L49: 0 | M49: 0 | N49: 0 | O49: 0 | P49: 0 | Q49: =SUM(E49:P49) -> 0 | R49: =+R48 -> 0
A50: 22. | B50: =IFERROR(IF(A50=0,0,INDEX(A!A:H,MATCH(CRE!A50,A!B:B,0),4)),0) -> 0 | C50: {=IFERROR(IF(A50=0,0,INDEX(A!A:H,MATCH(CRE!A50,A!B:B,0),8)),0)} | D50: =IFERROR(C50/$C$88,) -> 0 | E50: =IF(E51=0,0,$C50*E51) -> 0 | F50: =IF(F51=0,0,$C50*F51) -> 0 | G50: =IF(G51=0,0,$C50*G51) -> 0 | H50: =IF(H51=0,0,$C50*H51) -> 0 | I50: =IF(I51=0,0,$C50*I51) -> 0 | J50: =IF(J51=0,0,$C50*J51) -> 0 | K50: =IF(K51=0,0,$C50*K51) -> 0 | L50: =IF(L51=0,0,$C50*L51) -> 0 | ... P50: =IF(P51=0,0,$C50*P51) -> 0 | Q50: =SUM(E50:P50) -> 0 | R50: =IF(B50>0,"X",0) -> 0 | S50: =IF(Q50=C50,"OK","VERIFICAR") -> VERIFICAR
E51: 0 | F51: 0 | G51: 0 | H51: 0 | I51: 0 | J51: 0 | K51: 0 | L51: 0 | M51: 0 | N51: 0 | O51: 0 | P51: 0 | Q51: =SUM(E51:P51) -> 0 | R51: =+R50 -> 0
A52: 23. | B52: =IFERROR(IF(A52=0,0,INDEX(A!A:H,MATCH(CRE!A52,A!B:B,0),4)),0) -> 0 | C52: {=IFERROR(IF(A52=0,0,INDEX(A!A:H,MATCH(CRE!A52,A!B:B,0),8)),0)} | D52: =IFERROR(C52/$C$88,) -> 0 | E52: =IF(E53=0,0,$C52*E53) -> 0 | F52: =IF(F53=0,0,$C52*F53) -> 0 | G52: =IF(G53=0,0,$C52*G53) -> 0 | H52: =IF(H53=0,0,$C52*H53) -> 0 | I52: =IF(I53=0,0,$C52*I53) -> 0 | J52: =IF(J53=0,0,$C52*J53) -> 0 | K52: =IF(K53=0,0,$C52*K53) -> 0 | L52: =IF(L53=0,0,$C52*L53) -> 0 | ... P52: =IF(P53=0,0,$C52*P53) -> 0 | Q52: =SUM(E52:P52) -> 0 | R52: =IF(B52>0,"X",0) -> 0 | S52: =IF(Q52=C52,"OK","VERIFICAR") -> VERIFICAR
E53: 0 | F53: 0 | G53: 0 | H53: 0 | I53: 0 | J53: 0 | K53: 0 | L53: 0 | M53: 0 | N53: 0 | O53: 0 | P53: 0 | Q53: =SUM(E53:P53) -> 0 | R53: =+R52 -> 0
A54: 24. | B54: =IFERROR(IF(A54=0,0,INDEX(A!A:H,MATCH(CRE!A54,A!B:B,0),4)),0) -> 0 | C54: {=IFERROR(IF(A54=0,0,INDEX(A!A:H,MATCH(CRE!A54,A!B:B,0),8)),0)} | D54: =IFERROR(C54/$C$88,) -> 0 | E54: =IF(E55=0,0,$C54*E55) -> 0 | F54: =IF(F55=0,0,$C54*F55) -> 0 | G54: =IF(G55=0,0,$C54*G55) -> 0 | H54: =IF(H55=0,0,$C54*H55) -> 0 | I54: =IF(I55=0,0,$C54*I55) -> 0 | J54: =IF(J55=0,0,$C54*J55) -> 0 | K54: =IF(K55=0,0,$C54*K55) -> 0 | L54: =IF(L55=0,0,$C54*L55) -> 0 | ... P54: =IF(P55=0,0,$C54*P55) -> 0 | Q54: =SUM(E54:P54) -> 0 | R54: =IF(B54>0,"X",0) -> 0 | S54: =IF(Q54=C54,"OK","VERIFICAR") -> VERIFICAR
E55: 0 | F55: 0 | G55: 0 | H55: 0 | I55: 0 | J55: 0 | K55: 0 | L55: 0 | M55: 0 | N55: 0 | O55: 0 | P55: 0 | Q55: =SUM(E55:P55) -> 0 | R55: =+R54 -> 0
A56: 25. | B56: =IFERROR(IF(A56=0,0,INDEX(A!A:H,MATCH(CRE!A56,A!B:B,0),4)),0) -> 0 | C56: {=IFERROR(IF(A56=0,0,INDEX(A!A:H,MATCH(CRE!A56,A!B:B,0),8)),0)} | D56: =IFERROR(C56/$C$88,) -> 0 | E56: =IF(E57=0,0,$C56*E57) -> 0 | F56: =IF(F57=0,0,$C56*F57) -> 0 | G56: =IF(G57=0,0,$C56*G57) -> 0 | H56: =IF(H57=0,0,$C56*H57) -> 0 | I56: =IF(I57=0,0,$C56*I57) -> 0 | J56: =IF(J57=0,0,$C56*J57) -> 0 | K56: =IF(K57=0,0,$C56*K57) -> 0 | L56: =IF(L57=0,0,$C56*L57) -> 0 | ... P56: =IF(P57=0,0,$C56*P57) -> 0 | Q56: =SUM(E56:P56) -> 0 | R56: =IF(B56>0,"X",0) -> 0 | S56: =IF(Q56=C56,"OK","VERIFICAR") -> VERIFICAR
E57: 0 | F57: 0 | G57: 0 | H57: 0 | I57: 0 | J57: 0 | K57: 0 | L57: 0 | M57: 0 | N57: 0 | O57: 0 | P57: 0 | Q57: =SUM(E57:P57) -> 0 | R57: =+R56 -> 0
A58: 26. | B58: =IFERROR(IF(A58=0,0,INDEX(A!A:H,MATCH(CRE!A58,A!B:B,0),4)),0) -> 0 | C58: {=IFERROR(IF(A58=0,0,INDEX(A!A:H,MATCH(CRE!A58,A!B:B,0),8)),0)} | D58: =IFERROR(C58/$C$88,) -> 0 | E58: =IF(E59=0,0,$C58*E59) -> 0 | F58: =IF(F59=0,0,$C58*F59) -> 0 | G58: =IF(G59=0,0,$C58*G59) -> 0 | H58: =IF(H59=0,0,$C58*H59) -> 0 | I58: =IF(I59=0,0,$C58*I59) -> 0 | J58: =IF(J59=0,0,$C58*J59) -> 0 | K58: =IF(K59=0,0,$C58*K59) -> 0 | L58: =IF(L59=0,0,$C58*L59) -> 0 | ... P58: =IF(P59=0,0,$C58*P59) -> 0 | Q58: =SUM(E58:P58) -> 0 | R58: =IF(B58>0,"X",0) -> 0 | S58: =IF(Q58=C58,"OK","VERIFICAR") -> VERIFICAR
E59: 0 | F59: 0 | G59: 0 | H59: 0 | I59: 0 | J59: 0 | K59: 0 | L59: 0 | M59: 0 | N59: 0 | O59: 0 | P59: 0 | Q59: =SUM(E59:P59) -> 0 | R59: =+R58 -> 0
A60: 27. | B60: =IFERROR(IF(A60=0,0,INDEX(A!A:H,MATCH(CRE!A60,A!B:B,0),4)),0) -> 0 | C60: {=IFERROR(IF(A60=0,0,INDEX(A!A:H,MATCH(CRE!A60,A!B:B,0),8)),0)} | D60: =IFERROR(C60/$C$88,) -> 0 | E60: =IF(E61=0,0,$C60*E61) -> 0 | F60: =IF(F61=0,0,$C60*F61) -> 0 | G60: =IF(G61=0,0,$C60*G61) -> 0 | H60: =IF(H61=0,0,$C60*H61) -> 0 | I60: =IF(I61=0,0,$C60*I61) -> 0 | J60: =IF(J61=0,0,$C60*J61) -> 0 | K60: =IF(K61=0,0,$C60*K61) -> 0 | L60: =IF(L61=0,0,$C60*L61) -> 0 | ... P60: =IF(P61=0,0,$C60*P61) -> 0 | Q60: =SUM(E60:P60) -> 0 | R60: =IF(B60>0,"X",0) -> 0 | S60: =IF(Q60=C60,"OK","VERIFICAR") -> VERIFICAR
E61: 0 | F61: 0 | G61: 0 | H61: 0 | I61: 0 | J61: 0 | K61: 0 | L61: 0 | M61: 0 | N61: 0 | O61: 0 | P61: 0 | Q61: =SUM(E61:P61) -> 0 | R61: =+R60 -> 0
A62: 28. | B62: =IFERROR(IF(A62=0,0,INDEX(A!A:H,MATCH(CRE!A62,A!B:B,0),4)),0) -> 0 | C62: {=IFERROR(IF(A62=0,0,INDEX(A!A:H,MATCH(CRE!A62,A!B:B,0),8)),0)} | D62: =IFERROR(C62/$C$88,) -> 0 | E62: =IF(E63=0,0,$C62*E63) -> 0 | F62: =IF(F63=0,0,$C62*F63) -> 0 | G62: =IF(G63=0,0,$C62*G63) -> 0 | H62: =IF(H63=0,0,$C62*H63) -> 0 | I62: =IF(I63=0,0,$C62*I63) -> 0 | J62: =IF(J63=0,0,$C62*J63) -> 0 | K62: =IF(K63=0,0,$C62*K63) -> 0 | L62: =IF(L63=0,0,$C62*L63) -> 0 | ... P62: =IF(P63=0,0,$C62*P63) -> 0 | Q62: =SUM(E62:P62) -> 0 | R62: =IF(B62>0,"X",0) -> 0 | S62: =IF(Q62=C62,"OK","VERIFICAR") -> VERIFICAR
E63: 0 | F63: 0 | G63: 0 | H63: 0 | I63: 0 | J63: 0 | K63: 0 | L63: 0 | M63: 0 | N63: 0 | O63: 0 | P63: 0 | Q63: =SUM(E63:P63) -> 0 | R63: =+R62 -> 0
A64: 29. | B64: =IFERROR(IF(A64=0,0,INDEX(A!A:H,MATCH(CRE!A64,A!B:B,0),4)),0) -> 0 | C64: {=IFERROR(IF(A64=0,0,INDEX(A!A:H,MATCH(CRE!A64,A!B:B,0),8)),0)} | D64: =IFERROR(C64/$C$88,) -> 0 | E64: =IF(E65=0,0,$C64*E65) -> 0 | F64: =IF(F65=0,0,$C64*F65) -> 0 | G64: =IF(G65=0,0,$C64*G65) -> 0 | H64: =IF(H65=0,0,$C64*H65) -> 0 | I64: =IF(I65=0,0,$C64*I65) -> 0 | J64: =IF(J65=0,0,$C64*J65) -> 0 | K64: =IF(K65=0,0,$C64*K65) -> 0 | L64: =IF(L65=0,0,$C64*L65) -> 0 | ... P64: =IF(P65=0,0,$C64*P65) -> 0 | Q64: =SUM(E64:P64) -> 0 | R64: =IF(B64>0,"X",0) -> 0 | S64: =IF(Q64=C64,"OK","VERIFICAR") -> VERIFICAR
E65: 0 | F65: 0 | G65: 0 | H65: 0 | I65: 0 | J65: 0 | K65: 0 | L65: 0 | M65: 0 | N65: 0 | O65: 0 | P65: 0 | Q65: =SUM(E65:P65) -> 0 | R65: =+R64 -> 0
A66: 30. | B66: =IFERROR(IF(A66=0,0,INDEX(A!A:H,MATCH(CRE!A66,A!B:B,0),4)),0) -> 0 | C66: {=IFERROR(IF(A66=0,0,INDEX(A!A:H,MATCH(CRE!A66,A!B:B,0),8)),0)} | D66: =IFERROR(C66/$C$88,) -> 0 | E66: =IF(E67=0,0,$C66*E67) -> 0 | F66: =IF(F67=0,0,$C66*F67) -> 0 | G66: =IF(G67=0,0,$C66*G67) -> 0 | H66: =IF(H67=0,0,$C66*H67) -> 0 | I66: =IF(I67=0,0,$C66*I67) -> 0 | J66: =IF(J67=0,0,$C66*J67) -> 0 | K66: =IF(K67=0,0,$C66*K67) -> 0 | L66: =IF(L67=0,0,$C66*L67) -> 0 | ... P66: =IF(P67=0,0,$C66*P67) -> 0 | Q66: =SUM(E66:P66) -> 0 | R66: =IF(B66>0,"X",0) -> 0 | S66: =IF(Q66=C66,"OK","VERIFICAR") -> VERIFICAR
E67: 0 | F67: 0 | G67: 0 | H67: 0 | I67: 0 | J67: 0 | K67: 0 | L67: 0 | M67: 0 | N67: 0 | O67: 0 | P67: 0 | Q67: =SUM(E67:P67) -> 0 | R67: =+R66 -> 0
A68: 31. | B68: =IFERROR(IF(A68=0,0,INDEX(A!A:H,MATCH(CRE!A68,A!B:B,0),4)),0) -> 0 | C68: {=IFERROR(IF(A68=0,0,INDEX(A!A:H,MATCH(CRE!A68,A!B:B,0),8)),0)} | D68: =IFERROR(C68/$C$88,) -> 0 | E68: =IF(E69=0,0,$C68*E69) -> 0 | F68: =IF(F69=0,0,$C68*F69) -> 0 | G68: =IF(G69=0,0,$C68*G69) -> 0 | H68: =IF(H69=0,0,$C68*H69) -> 0 | I68: =IF(I69=0,0,$C68*I69) -> 0 | J68: =IF(J69=0,0,$C68*J69) -> 0 | K68: =IF(K69=0,0,$C68*K69) -> 0 | L68: =IF(L69=0,0,$C68*L69) -> 0 | ... P68: =IF(P69=0,0,$C68*P69) -> 0 | Q68: =SUM(E68:P68) -> 0 | R68: =IF(B68>0,"X",0) -> 0 | S68: =IF(Q68=C68,"OK","VERIFICAR") -> VERIFICAR
E69: 0 | F69: 0 | G69: 0 | H69: 0 | I69: 0 | J69: 0 | K69: 0 | L69: 0 | M69: 0 | N69: 0 | O69: 0 | P69: 0 | Q69: =SUM(E69:P69) -> 0 | R69: =+R68 -> 0
A70: 32. | B70: =IFERROR(IF(A70=0,0,INDEX(A!A:H,MATCH(CRE!A70,A!B:B,0),4)),0) -> 0 | C70: {=IFERROR(IF(A70=0,0,INDEX(A!A:H,MATCH(CRE!A70,A!B:B,0),8)),0)} | D70: =IFERROR(C70/$C$88,) -> 0 | E70: =IF(E71=0,0,$C70*E71) -> 0 | F70: =IF(F71=0,0,$C70*F71) -> 0 | G70: =IF(G71=0,0,$C70*G71) -> 0 | H70: =IF(H71=0,0,$C70*H71) -> 0 | I70: =IF(I71=0,0,$C70*I71) -> 0 | J70: =IF(J71=0,0,$C70*J71) -> 0 | K70: =IF(K71=0,0,$C70*K71) -> 0 | L70: =IF(L71=0,0,$C70*L71) -> 0 | ... P70: =IF(P71=0,0,$C70*P71) -> 0 | Q70: =SUM(E70:P70) -> 0 | R70: =IF(B70>0,"X",0) -> 0 | S70: =IF(Q70=C70,"OK","VERIFICAR") -> VERIFICAR
E71: 0 | F71: 0 | G71: 0 | H71: 0 | I71: 0 | J71: 0 | K71: 0 | L71: 0 | M71: 0 | N71: 0 | O71: 0 | P71: 0 | Q71: =SUM(E71:P71) -> 0 | R71: =+R70 -> 0
A72: 33. | B72: =IFERROR(IF(A72=0,0,INDEX(A!A:H,MATCH(CRE!A72,A!B:B,0),4)),0) -> 0 | C72: {=IFERROR(IF(A72=0,0,INDEX(A!A:H,MATCH(CRE!A72,A!B:B,0),8)),0)} | D72: =IFERROR(C72/$C$88,) -> 0 | E72: =IF(E73=0,0,$C72*E73) -> 0 | F72: =IF(F73=0,0,$C72*F73) -> 0 | G72: =IF(G73=0,0,$C72*G73) -> 0 | H72: =IF(H73=0,0,$C72*H73) -> 0 | I72: =IF(I73=0,0,$C72*I73) -> 0 | J72: =IF(J73=0,0,$C72*J73) -> 0 | K72: =IF(K73=0,0,$C72*K73) -> 0 | L72: =IF(L73=0,0,$C72*L73) -> 0 | ... P72: =IF(P73=0,0,$C72*P73) -> 0 | Q72: =SUM(E72:P72) -> 0 | R72: =IF(B72>0,"X",0) -> 0 | S72: =IF(Q72=C72,"OK","VERIFICAR") -> VERIFICAR
E73: 0 | F73: 0 | G73: 0 | H73: 0 | I73: 0 | J73: 0 | K73: 0 | L73: 0 | M73: 0 | N73: 0 | O73: 0 | P73: 0 | Q73: =SUM(E73:P73) -> 0 | R73: =+R72 -> 0
A74: 34. | B74: =IFERROR(IF(A74=0,0,INDEX(A!A:H,MATCH(CRE!A74,A!B:B,0),4)),0) -> 0 | C74: {=IFERROR(IF(A74=0,0,INDEX(A!A:H,MATCH(CRE!A74,A!B:B,0),8)),0)} | D74: =IFERROR(C74/$C$88,) -> 0 | E74: =IF(E75=0,0,$C74*E75) -> 0 | F74: =IF(F75=0,0,$C74*F75) -> 0 | G74: =IF(G75=0,0,$C74*G75) -> 0 | H74: =IF(H75=0,0,$C74*H75) -> 0 | I74: =IF(I75=0,0,$C74*I75) -> 0 | J74: =IF(J75=0,0,$C74*J75) -> 0 | K74: =IF(K75=0,0,$C74*K75) -> 0 | L74: =IF(L75=0,0,$C74*L75) -> 0 | ... P74: =IF(P75=0,0,$C74*P75) -> 0 | Q74: =SUM(E74:P74) -> 0 | R74: =IF(B74>0,"X",0) -> 0 | S74: =IF(Q74=C74,"OK","VERIFICAR") -> VERIFICAR
E75: 0 | F75: 0 | G75: 0 | H75: 0 | I75: 0 | J75: 0 | K75: 0 | L75: 0 | M75: 0 | N75: 0 | O75: 0 | P75: 0 | Q75: =SUM(E75:P75) -> 0 | R75: =+R74 -> 0
A76: 35. | B76: =IFERROR(IF(A76=0,0,INDEX(A!A:H,MATCH(CRE!A76,A!B:B,0),4)),0) -> 0 | C76: {=IFERROR(IF(A76=0,0,INDEX(A!A:H,MATCH(CRE!A76,A!B:B,0),8)),0)} | D76: =IFERROR(C76/$C$88,) -> 0 | E76: =IF(E77=0,0,$C76*E77) -> 0 | F76: =IF(F77=0,0,$C76*F77) -> 0 | G76: =IF(G77=0,0,$C76*G77) -> 0 | H76: =IF(H77=0,0,$C76*H77) -> 0 | I76: =IF(I77=0,0,$C76*I77) -> 0 | J76: =IF(J77=0,0,$C76*J77) -> 0 | K76: =IF(K77=0,0,$C76*K77) -> 0 | L76: =IF(L77=0,0,$C76*L77) -> 0 | ... P76: =IF(P77=0,0,$C76*P77) -> 0 | Q76: =SUM(E76:P76) -> 0 | R76: =IF(B76>0,"X",0) -> 0 | S76: =IF(Q76=C76,"OK","VERIFICAR") -> VERIFICAR
E77: 0 | F77: 0 | G77: 0 | H77: 0 | I77: 0 | J77: 0 | K77: 0 | L77: 0 | M77: 0 | N77: 0 | O77: 0 | P77: 0 | Q77: =SUM(E77:P77) -> 0 | R77: =+R76 -> 0
A78: 36. | B78: =IFERROR(IF(A78=0,0,INDEX(A!A:H,MATCH(CRE!A78,A!B:B,0),4)),0) -> 0 | C78: {=IFERROR(IF(A78=0,0,INDEX(A!A:H,MATCH(CRE!A78,A!B:B,0),8)),0)} | D78: =IFERROR(C78/$C$88,) -> 0 | E78: =IF(E79=0,0,$C78*E79) -> 0 | F78: =IF(F79=0,0,$C78*F79) -> 0 | G78: =IF(G79=0,0,$C78*G79) -> 0 | H78: =IF(H79=0,0,$C78*H79) -> 0 | I78: =IF(I79=0,0,$C78*I79) -> 0 | J78: =IF(J79=0,0,$C78*J79) -> 0 | K78: =IF(K79=0,0,$C78*K79) -> 0 | L78: =IF(L79=0,0,$C78*L79) -> 0 | ... P78: =IF(P79=0,0,$C78*P79) -> 0 | Q78: =SUM(E78:P78) -> 0 | R78: =IF(B78>0,"X",0) -> 0 | S78: =IF(Q78=C78,"OK","VERIFICAR") -> VERIFICAR
E79: 0 | F79: 0 | G79: 0 | H79: 0 | I79: 0 | J79: 0 | K79: 0 | L79: 0 | M79: 0 | N79: 0 | O79: 0 | P79: 0 | Q79: =SUM(E79:P79) -> 0 | R79: =+R78 -> 0
A80: 37. | B80: =IFERROR(IF(A80=0,0,INDEX(A!A:H,MATCH(CRE!A80,A!B:B,0),4)),0) -> 0 | C80: {=IFERROR(IF(A80=0,0,INDEX(A!A:H,MATCH(CRE!A80,A!B:B,0),8)),0)} | D80: =IFERROR(C80/$C$88,) -> 0 | E80: =IF(E81=0,0,$C80*E81) -> 0 | F80: =IF(F81=0,0,$C80*F81) -> 0 | G80: =IF(G81=0,0,$C80*G81) -> 0 | H80: =IF(H81=0,0,$C80*H81) -> 0 | I80: =IF(I81=0,0,$C80*I81) -> 0 | J80: =IF(J81=0,0,$C80*J81) -> 0 | K80: =IF(K81=0,0,$C80*K81) -> 0 | L80: =IF(L81=0,0,$C80*L81) -> 0 | ... P80: =IF(P81=0,0,$C80*P81) -> 0 | Q80: =SUM(E80:P80) -> 0 | R80: =IF(B80>0,"X",0) -> 0 | S80: =IF(Q80=C80,"OK","VERIFICAR") -> VERIFICAR
E81: 0 | F81: 0 | G81: 0 | H81: 0 | I81: 0 | J81: 0 | K81: 0 | L81: 0 | M81: 0 | N81: 0 | O81: 0 | P81: 0 | Q81: =SUM(E81:P81) -> 0 | R81: =+R80 -> 0
A82: 38. | B82: =IFERROR(IF(A82=0,0,INDEX(A!A:H,MATCH(CRE!A82,A!B:B,0),4)),0) -> 0 | C82: {=IFERROR(IF(A82=0,0,INDEX(A!A:H,MATCH(CRE!A82,A!B:B,0),8)),0)} | D82: =IFERROR(C82/$C$88,) -> 0 | E82: =IF(E83=0,0,$C82*E83) -> 0 | F82: =IF(F83=0,0,$C82*F83) -> 0 | G82: =IF(G83=0,0,$C82*G83) -> 0 | H82: =IF(H83=0,0,$C82*H83) -> 0 | I82: =IF(I83=0,0,$C82*I83) -> 0 | J82: =IF(J83=0,0,$C82*J83) -> 0 | K82: =IF(K83=0,0,$C82*K83) -> 0 | L82: =IF(L83=0,0,$C82*L83) -> 0 | ... P82: =IF(P83=0,0,$C82*P83) -> 0 | Q82: =SUM(E82:P82) -> 0 | R82: =IF(B82>0,"X",0) -> 0 | S82: =IF(Q82=C82,"OK","VERIFICAR") -> VERIFICAR
E83: 0 | F83: 0 | G83: 0 | H83: 0 | I83: 0 | J83: 0 | K83: 0 | L83: 0 | M83: 0 | N83: 0 | O83: 0 | P83: 0 | Q83: =SUM(E83:P83) -> 0 | R83: =+R82 -> 0
A84: 39. | B84: =IFERROR(IF(A84=0,0,INDEX(A!A:H,MATCH(CRE!A84,A!B:B,0),4)),0) -> 0 | C84: {=IFERROR(IF(A84=0,0,INDEX(A!A:H,MATCH(CRE!A84,A!B:B,0),8)),0)} | D84: =IFERROR(C84/$C$88,) -> 0 | E84: =IF(E85=0,0,$C84*E85) -> 0 | F84: =IF(F85=0,0,$C84*F85) -> 0 | G84: =IF(G85=0,0,$C84*G85) -> 0 | H84: =IF(H85=0,0,$C84*H85) -> 0 | I84: =IF(I85=0,0,$C84*I85) -> 0 | J84: =IF(J85=0,0,$C84*J85) -> 0 | K84: =IF(K85=0,0,$C84*K85) -> 0 | L84: =IF(L85=0,0,$C84*L85) -> 0 | ... P84: =IF(P85=0,0,$C84*P85) -> 0 | Q84: =SUM(E84:P84) -> 0 | R84: =IF(B84>0,"X",0) -> 0 | S84: =IF(Q84=C84,"OK","VERIFICAR") -> VERIFICAR
E85: 0 | F85: 0 | G85: 0 | H85: 0 | I85: 0 | J85: 0 | K85: 0 | L85: 0 | M85: 0 | N85: 0 | O85: 0 | P85: 0 | Q85: =SUM(E85:P85) -> 0 | R85: =+R84 -> 0
A86: 40. | B86: =IFERROR(IF(A86=0,0,INDEX(A!A:H,MATCH(CRE!A86,A!B:B,0),4)),0) -> 0 | C86: {=IFERROR(IF(A86=0,0,INDEX(A!A:H,MATCH(CRE!A86,A!B:B,0),8)),0)} | D86: =IFERROR(C86/$C$88,) -> 0 | E86: =IF(E87=0,0,$C86*E87) -> 0 | F86: =IF(F87=0,0,$C86*F87) -> 0 | G86: =IF(G87=0,0,$C86*G87) -> 0 | H86: =IF(H87=0,0,$C86*H87) -> 0 | I86: =IF(I87=0,0,$C86*I87) -> 0 | J86: =IF(J87=0,0,$C86*J87) -> 0 | K86: =IF(K87=0,0,$C86*K87) -> 0 | L86: =IF(L87=0,0,$C86*L87) -> 0 | ... P86: =IF(P87=0,0,$C86*P87) -> 0 | Q86: =SUM(E86:P86) -> 0 | R86: =IF(B86>0,"X",0) -> 0 | S86: =IF(Q86=C86,"OK","VERIFICAR") -> VERIFICAR
E87: 0 | F87: 0 | G87: 0 | H87: 0 | I87: 0 | J87: 0 | K87: 0 | L87: 0 | M87: 0 | N87: 0 | O87: 0 | P87: 0 | Q87: =SUM(E87:P87) -> 0 | R87: =+R86 -> 0
B88: TOTAL / SUB TOTAL (DESEMBOLSO MENSAL ESTIMADO) | C88: =SUM(C8:C87) -> 1535400.1 | D88: 1 | E88: =E56+E54+E52+E50+E48+E46+E44+E42+E40+E38+E36+E34+E32+E30+E28+E26+E24+E22+E20+E18+E16+E14+E12+E10+E8+E58+E60+E62+E64+E66+E68+E70+E72+E74+E76+E78+E80+E82+E84+E86 -> 0 | F88: =F56+F54+F52+F50+F48+F46+F44+F42+F40+F38+F36+F34+F32+F30+F28+F26+F24+F22+F20+F18+F16+F14+F12+F10+F8+F58+F60+F62+F64+F66+F68+F70+F72+F74+F76+F78+F80+F82+F84+F86 -> 0 | G88: =G56+G54+G52+G50+G48+G46+G44+G42+G40+G38+G36+G34+G32+G30+G28+G26+G24+G22+G20+G18+G16+G14+G12+G10+G8+G58+G60+G62+G64+G66+G68+G70+G72+G74+G76+G78+G80+G82+G84+G86 -> 0 | H88: =H56+H54+H52+H50+H48+H46+H44+H42+H40+H38+H36+H34+H32+H30+H28+H26+H24+H22+H20+H18+H16+H14+H12+H10+H8+H58+H60+H62+H64+H66+H68+H70+H72+H74+H76+H78+H80+H82+H84+H86 -> 0 | I88: =I56+I54+I52+I50+I48+I46+I44+I42+I40+I38+I36+I34+I32+I30+I28+I26+I24+I22+I20+I18+I16+I14+I12+I10+I8+I58+I60+I62+I64+I66+I68+I70+I72+I74+I76+I78+I80+I82+I84+I86 -> 0 | J88: =J56+J54+J52+J50+J48+J46+J44+J42+J40+J38+J36+J34+J32+J30+J28+J26+J24+J22+J20+J18+J16+J14+J12+J10+J8+J58+J60+J62+J64+J66+J68+J70+J72+J74+J76+J78+J80+J82+J84+J86 -> 0 | K88: =K56+K54+K52+K50+K48+K46+K44+K42+K40+K38+K36+K34+K32+K30+K28+K26+K24+K22+K20+K18+K16+K14+K12+K10+K8+K58+K60+K62+K64+K66+K68+K70+K72+K74+K76+K78+K80+K82+K84+K86 -> 0 | L88: =L56+L54+L52+L50+L48+L46+L44+L42+L40+L38+L36+L34+L32+L30+L28+L26+L24+L22+L20+L18+L16+L14+L12+L10+L8+L58+L60+L62+L64+L66+L68+L70+L72+L74+L76+L78+L80+L82+L84+L86 -> 0 | ... Q88: =Q56+Q54+Q52+Q50+Q48+Q46+Q44+Q42+Q40+Q38+Q36+Q34+Q32+Q30+Q28+Q26+Q24+Q22+Q20+Q18+Q16+Q14+Q12+Q10+Q8+Q58+Q60+Q62+Q64+Q66+Q68+Q70+Q72+Q74+Q76+Q78+Q80+Q82+Q84+Q86 -> 0 | R88: X
B89: % DESEMBOLSO MENSAL ESTIMADO | E89: =IFERROR(E88/$C$88,) -> 0 | F89: =IFERROR(F88/$C$88,) -> 0 | G89: =IFERROR(G88/$C$88,) -> 0 | H89: =IFERROR(H88/$C$88,) -> 0 | I89: =IFERROR(I88/$C$88,) -> 0 | J89: =IFERROR(J88/$C$88,) -> 0 | K89: =IFERROR(K88/$C$88,) -> 0 | L89: =IFERROR(L88/$C$88,) -> 0 | ... P89: =IFERROR(P88/$C$88,) -> 0 | R89: X
B90: SUB TOTAL ACUMULADO | E90: =E88 -> 0 | F90: =F88+E90 -> 0 | G90: =G88+F90 -> 0 | H90: =H88+G90 -> 0 | I90: =I88+H90 -> 0 | J90: =J88+I90 -> 0 | K90: =K88+J90 -> 0 | L90: =L88+K90 -> 0 | M90: =M88+L90 -> 0 | ... P90: =P88+O90 -> 0 | R90: X
B91: % ACUMULADO | E91: =IFERROR(E90/$C$88,) -> 0 | F91: =IFERROR(F90/$C$88,) -> 0 | G91: =IFERROR(G90/$C$88,) -> 0 | H91: =IFERROR(H90/$C$88,) -> 0 | I91: =IFERROR(I90/$C$88,) -> 0 | J91: =IFERROR(J90/$C$88,) -> 0 | K91: =IFERROR(K90/$C$88,) -> 0 | L91: =IFERROR(L90/$C$88,) -> 0 | ... P91: =IFERROR(P90/$C$88,) -> 0 | R91: X
B92: REPASSE (EM CASO DE CONVÊNIOS FEDERAIS) | C92: 0 | D92: =IF(C92=0,0,C92/Q88) -> 0 | E92: =E88*$D$92 -> 0 | F92: =F88*$D$92 -> 0 | G92: =G88*$D$92 -> 0 | H92: =H88*$D$92 -> 0 | I92: =I88*$D$92 -> 0 | J92: =J88*$D$92 -> 0 | K92: =K88*$D$92 -> 0 | L92: =L88*$D$92 -> 0 | ... P92: =P88*$D$92 -> 0 | R92: X
B93: CONTRAPARTIDA (EM CASO DE CONVÊNIOS FEDERAIS) | C93: =C88-C92 -> 1535400.1 | D93: =D88-D92 -> 1 | E93: =E88-E92 -> 0 | F93: =F88-F92 -> 0 | G93: =G88-G92 -> 0 | H93: =H88-H92 -> 0 | I93: =I88-I92 -> 0 | J93: =J88-J92 -> 0 | ... P93: =P88-P92 -> 0 | R93: X

Sheet CR
G3: CRONOGRAMA FÍSICO FINANCEIRO
A4: OBRA: | B4: =M.UNIT!B3 -> 0
A5: ='MC UNIT'!#REF! -> #REF! | B5: ='MC UNIT'!#REF! -> #REF! | M5: LOCAL: | N5: =M.UNIT!H4 -> 0
A6: ITEM | B6: DESCRIÇÃO | C6: VALOR | D6: % | E6: 30 | F6: =E6+30 -> 60 | G6: =F6+30 -> 90 | H6: =G6+30 -> 120 | I6: =H6+30 -> 150 | J6: =I6+30 -> 180 | K6: =J6+30 -> 210 | L6: =K6+30 -> 240 | M6: =L6+30 -> 270 | ... P6: =O6+30 -> 360 | Q6: CONF | R6: FILTRO
A7: 1. | B7: {=IFERROR(IF(A7=0,0,INDEX(M.UNIT!A:J,MATCH(CR!A7,M.UNIT!A:A,0),4)),0)} -> 0 | C7: {=IFERROR(IF(A7=0,0,INDEX(M.UNIT!A:J,MATCH(CR!A7,M.UNIT!A:A,0),10)),0)} -> 0 | D7: =C7/$C$57 -> #DIV/0! | E7: =IF(E8=0,0,SUBTOTAL(6,$C7,E8)) -> 0 | F7: =IF(F8=0,0,SUBTOTAL(6,$C7,F8)) -> 0 | G7: =IF(G8=0,0,SUBTOTAL(6,$C7,G8)) -> 0 | H7: =IF(H8=0,0,SUBTOTAL(6,$C7,H8)) -> 0 | I7: =IF(I8=0,0,SUBTOTAL(6,$C7,I8)) -> 0 | J7: =IF(J8=0,0,SUBTOTAL(6,$C7,J8)) -> 0 | K7: =IF(K8=0,0,SUBTOTAL(6,$C7,K8)) -> 0 | L7: =IF(L8=0,0,SUBTOTAL(6,$C7,L8)) -> 0 | ... P7: =IF(P8=0,0,SUBTOTAL(6,$C7,P8)) -> 0 | Q7: =SUM(E7:P7) -> 0 | R7: =IF(B7>0,"X",0) -> 0 | S7: =IF(Q7=C7,"OK","VERIFICAR") -> OK
E8: 0 | F8: 0 | G8: 0 | H8: 0 | I8: 0 | J8: 0 | K8: 0 | L8: 0 | M8: 0 | N8: 0 | O8: 0 | P8: 0 | Q8: =SUM(E8:P8) -> 0 | R8: =+R7 -> 0
A9: 2. | B9: {=IFERROR(IF(A9=0,0,INDEX(M.UNIT!A:J,MATCH(CR!A9,M.UNIT!A:A,0),4)),0)} -> 0 | C9: {=IFERROR(IF(A9=0,0,INDEX(M.UNIT!A:J,MATCH(CR!A9,M.UNIT!A:A,0),10)),0)} -> 0 | D9: =C9/$C$57 -> #DIV/0! | E9: =IF(E10=0,0,SUBTOTAL(6,$C9,E10)) -> 0 | F9: =IF(F10=0,0,SUBTOTAL(6,$C9,F10)) -> 0 | G9: =IF(G10=0,0,SUBTOTAL(6,$C9,G10)) -> 0 | H9: =IF(H10=0,0,SUBTOTAL(6,$C9,H10)) -> 0 | I9: =IF(I10=0,0,SUBTOTAL(6,$C9,I10)) -> 0 | J9: =IF(J10=0,0,SUBTOTAL(6,$C9,J10)) -> 0 | K9: =IF(K10=0,0,SUBTOTAL(6,$C9,K10)) -> 0 | L9: =IF(L10=0,0,SUBTOTAL(6,$C9,L10)) -> 0 | ... P9: =IF(P10=0,0,SUBTOTAL(6,$C9,P10)) -> 0 | Q9: =SUM(E9:P9) -> 0 | R9: =IF(B9>0,"X",0) -> 0 | S9: =IF(Q9=C9,"OK","VERIFICAR") -> OK
E10: 0 | F10: 0 | G10: 0 | H10: 0 | I10: 0 | J10: 0 | K10: 0 | L10: 0 | M10: 0 | N10: 0 | O10: 0 | P10: 0 | Q10: =SUM(E10:P10) -> 0 | R10: =+R9 -> 0
A11: 3. | B11: {=IFERROR(IF(A11=0,0,INDEX(M.UNIT!A:J,MATCH(CR!A11,M.UNIT!A:A,0),4)),0)} -> 0 | C11: {=IFERROR(IF(A11=0,0,INDEX(M.UNIT!A:J,MATCH(CR!A11,M.UNIT!A:A,0),10)),0)} -> 0 | D11: =C11/$C$57 -> #DIV/0! | E11: =IF(E12=0,0,SUBTOTAL(6,$C11,E12)) -> 0 | F11: =IF(F12=0,0,SUBTOTAL(6,$C11,F12)) -> 0 | G11: =IF(G12=0,0,SUBTOTAL(6,$C11,G12)) -> 0 | H11: =IF(H12=0,0,SUBTOTAL(6,$C11,H12)) -> 0 | I11: =IF(I12=0,0,SUBTOTAL(6,$C11,I12)) -> 0 | J11: =IF(J12=0,0,SUBTOTAL(6,$C11,J12)) -> 0 | K11: =IF(K12=0,0,SUBTOTAL(6,$C11,K12)) -> 0 | L11: =IF(L12=0,0,SUBTOTAL(6,$C11,L12)) -> 0 | ... P11: =IF(P12=0,0,SUBTOTAL(6,$C11,P12)) -> 0 | Q11: =SUM(E11:P11) -> 0 | R11: =IF(B11>0,"X",0) -> 0 | S11: =IF(Q11=C11,"OK","VERIFICAR") -> OK
E12: 0 | F12: 0 | G12: 0 | H12: 0 | I12: 0 | J12: 0 | K12: 0 | L12: 0 | M12: 0 | N12: 0 | O12: 0 | P12: 0 | Q12: =SUM(E12:P12) -> 0 | R12: =+R11 -> 0
A13: 4. | B13: {=IFERROR(IF(A13=0,0,INDEX(M.UNIT!A:J,MATCH(CR!A13,M.UNIT!A:A,0),4)),0)} -> 0 | C13: {=IFERROR(IF(A13=0,0,INDEX(M.UNIT!A:J,MATCH(CR!A13,M.UNIT!A:A,0),10)),0)} -> 0 | D13: =C13/$C$57 -> #DIV/0! | E13: =IF(E14=0,0,SUBTOTAL(6,$C13,E14)) -> 0 | F13: =IF(F14=0,0,SUBTOTAL(6,$C13,F14)) -> 0 | G13: =IF(G14=0,0,SUBTOTAL(6,$C13,G14)) -> 0 | H13: =IF(H14=0,0,SUBTOTAL(6,$C13,H14)) -> 0 | I13: =IF(I14=0,0,SUBTOTAL(6,$C13,I14)) -> 0 | J13: =IF(J14=0,0,SUBTOTAL(6,$C13,J14)) -> 0 | K13: =IF(K14=0,0,SUBTOTAL(6,$C13,K14)) -> 0 | L13: =IF(L14=0,0,SUBTOTAL(6,$C13,L14)) -> 0 | ... P13: =IF(P14=0,0,SUBTOTAL(6,$C13,P14)) -> 0 | Q13: =SUM(E13:P13) -> 0 | R13: =IF(B13>0,"X",0) -> 0 | S13: =IF(Q13=C13,"OK","VERIFICAR") -> OK
E14: 0 | F14: 0 | G14: 0 | H14: 0 | I14: 0 | J14: 0 | K14: 0 | L14: 0 | M14: 0 | N14: 0 | O14: 0 | P14: 0 | Q14: =SUM(E14:P14) -> 0 | R14: =+R13 -> 0
A15: 5. | B15: {=IFERROR(IF(A15=0,0,INDEX(M.UNIT!A:J,MATCH(CR!A15,M.UNIT!A:A,0),4)),0)} -> 0 | C15: {=IFERROR(IF(A15=0,0,INDEX(M.UNIT!A:J,MATCH(CR!A15,M.UNIT!A:A,0),10)),0)} -> 0 | D15: =C15/$C$57 -> #DIV/0! | E15: =IF(E16=0,0,SUBTOTAL(6,$C15,E16)) -> 0 | F15: =IF(F16=0,0,SUBTOTAL(6,$C15,F16)) -> 0 | G15: =IF(G16=0,0,SUBTOTAL(6,$C15,G16)) -> 0 | H15: =IF(H16=0,0,SUBTOTAL(6,$C15,H16)) -> 0 | I15: =IF(I16=0,0,SUBTOTAL(6,$C15,I16)) -> 0 | J15: =IF(J16=0,0,SUBTOTAL(6,$C15,J16)) -> 0 | K15: =IF(K16=0,0,SUBTOTAL(6,$C15,K16)) -> 0 | L15: =IF(L16=0,0,SUBTOTAL(6,$C15,L16)) -> 0 | ... P15: =IF(P16=0,0,SUBTOTAL(6,$C15,P16)) -> 0 | Q15: =SUM(E15:P15) -> 0 | R15: =IF(B15>0,"X",0) -> 0 | S15: =IF(Q15=C15,"OK","VERIFICAR") -> OK
E16: 0 | F16: 0 | G16: 0 | H16: 0 | I16: 0 | J16: 0 | K16: 0 | L16: 0 | M16: 0 | N16: 0 | O16: 0 | P16: 0 | Q16: =SUM(E16:P16) -> 0 | R16: =+R15 -> 0
A17: 6. | B17: {=IFERROR(IF(A17=0,0,INDEX(M.UNIT!A:J,MATCH(CR!A17,M.UNIT!A:A,0),4)),0)} -> 0 | C17: {=IFERROR(IF(A17=0,0,INDEX(M.UNIT!A:J,MATCH(CR!A17,M.UNIT!A:A,0),10)),0)} -> 0 | D17: =C17/$C$57 -> #DIV/0! | E17: =IF(E18=0,0,SUBTOTAL(6,$C17,E18)) -> 0 | F17: =IF(F18=0,0,SUBTOTAL(6,$C17,F18)) -> 0 | G17: =IF(G18=0,0,SUBTOTAL(6,$C17,G18)) -> 0 | H17: =IF(H18=0,0,SUBTOTAL(6,$C17,H18)) -> 0 | I17: =IF(I18=0,0,SUBTOTAL(6,$C17,I18)) -> 0 | J17: =IF(J18=0,0,SUBTOTAL(6,$C17,J18)) -> 0 | K17: =IF(K18=0,0,SUBTOTAL(6,$C17,K18)) -> 0 | L17: =IF(L18=0,0,SUBTOTAL(6,$C17,L18)) -> 0 | ... P17: =IF(P18=0,0,SUBTOTAL(6,$C17,P18)) -> 0 | Q17: =SUM(E17:P17) -> 0 | R17: =IF(B17>0,"X",0) -> 0 | S17: =IF(Q17=C17,"OK","VERIFICAR") -> OK
E18: 0 | F18: 0 | G18: 0 | H18: 0 | I18: 0 | J18: 0 | K18: 0 | L18: 0 | M18: 0 | N18: 0 | O18: 0 | P18: 0 | Q18: =SUM(E18:P18) -> 0 | R18: =+R17 -> 0
A19: 7. | B19: {=IFERROR(IF(A19=0,0,INDEX(M.UNIT!A:J,MATCH(CR!A19,M.UNIT!A:A,0),4)),0)} -> 0 | C19: {=IFERROR(IF(A19=0,0,INDEX(M.UNIT!A:J,MATCH(CR!A19,M.UNIT!A:A,0),10)),0)} -> 0 | D19: =C19/$C$57 -> #DIV/0! | E19: =IF(E20=0,0,SUBTOTAL(6,$C19,E20)) -> 0 | F19: =IF(F20=0,0,SUBTOTAL(6,$C19,F20)) -> 0 | G19: =IF(G20=0,0,SUBTOTAL(6,$C19,G20)) -> 0 | H19: =IF(H20=0,0,SUBTOTAL(6,$C19,H20)) -> 0 | I19: =IF(I20=0,0,SUBTOTAL(6,$C19,I20)) -> 0 | J19: =IF(J20=0,0,SUBTOTAL(6,$C19,J20)) -> 0 | K19: =IF(K20=0,0,SUBTOTAL(6,$C19,K20)) -> 0 | L19: =IF(L20=0,0,SUBTOTAL(6,$C19,L20)) -> 0 | ... P19: =IF(P20=0,0,SUBTOTAL(6,$C19,P20)) -> 0 | Q19: =SUM(E19:P19) -> 0 | R19: =IF(B19>0,"X",0) -> 0 | S19: =IF(Q19=C19,"OK","VERIFICAR") -> OK
E20: 0 | F20: 0 | G20: 0 | H20: 0 | I20: 0 | J20: 0 | K20: 0 | L20: 0 | M20: 0 | N20: 0 | O20: 0 | P20: 0 | Q20: =SUM(E20:P20) -> 0 | R20: =+R19 -> 0
A21: 8. | B21: {=IFERROR(IF(A21=0,0,INDEX(M.UNIT!A:J,MATCH(CR!A21,M.UNIT!A:A,0),4)),0)} -> 0 | C21: {=IFERROR(IF(A21=0,0,INDEX(M.UNIT!A:J,MATCH(CR!A21,M.UNIT!A:A,0),10)),0)} -> 0 | D21: =C21/$C$57 -> #DIV/0! | E21: =IF(E22=0,0,SUBTOTAL(6,$C21,E22)) -> 0 | F21: =IF(F22=0,0,SUBTOTAL(6,$C21,F22)) -> 0 | G21: =IF(G22=0,0,SUBTOTAL(6,$C21,G22)) -> 0 | H21: =IF(H22=0,0,SUBTOTAL(6,$C21,H22)) -> 0 | I21: =IF(I22=0,0,SUBTOTAL(6,$C21,I22)) -> 0 | J21: =IF(J22=0,0,SUBTOTAL(6,$C21,J22)) -> 0 | K21: =IF(K22=0,0,SUBTOTAL(6,$C21,K22)) -> 0 | L21: =IF(L22=0,0,SUBTOTAL(6,$C21,L22)) -> 0 | ... P21: =IF(P22=0,0,SUBTOTAL(6,$C21,P22)) -> 0 | Q21: =SUM(E21:P21) -> 0 | R21: =IF(B21>0,"X",0) -> 0 | S21: =IF(Q21=C21,"OK","VERIFICAR") -> OK
E22: 0 | F22: 0 | G22: 0 | H22: 0 | I22: 0 | J22: 0 | K22: 0 | L22: 0 | M22: 0 | N22: 0 | O22: 0 | P22: 0 | Q22: =SUM(E22:P22) -> 0 | R22: =+R21 -> 0
A23: 9. | B23: {=IFERROR(IF(A23=0,0,INDEX(M.UNIT!A:J,MATCH(CR!A23,M.UNIT!A:A,0),4)),0)} -> 0 | C23: {=IFERROR(IF(A23=0,0,INDEX(M.UNIT!A:J,MATCH(CR!A23,M.UNIT!A:A,0),10)),0)} -> 0 | D23: =C23/$C$57 -> #DIV/0! | E23: =IF(E24=0,0,SUBTOTAL(6,$C23,E24)) -> 0 | F23: =IF(F24=0,0,SUBTOTAL(6,$C23,F24)) -> 0 | G23: =IF(G24=0,0,SUBTOTAL(6,$C23,G24)) -> 0 | H23: =IF(H24=0,0,SUBTOTAL(6,$C23,H24)) -> 0 | I23: =IF(I24=0,0,SUBTOTAL(6,$C23,I24)) -> 0 | J23: =IF(J24=0,0,SUBTOTAL(6,$C23,J24)) -> 0 | K23: =IF(K24=0,0,SUBTOTAL(6,$C23,K24)) -> 0 | L23: =IF(L24=0,0,SUBTOTAL(6,$C23,L24)) -> 0 | ... P23: =IF(P24=0,0,SUBTOTAL(6,$C23,P24)) -> 0 | Q23: =SUM(E23:P23) -> 0 | R23: =IF(B23>0,"X",0) -> 0 | S23: =IF(Q23=C23,"OK","VERIFICAR") -> OK
E24: 0 | F24: 0 | G24: 0 | H24: 0 | I24: 0 | J24: 0 | K24: 0 | L24: 0 | M24: 0 | N24: 0 | O24: 0 | P24: 0 | Q24: =SUM(E24:P24) -> 0 | R24: =+R23 -> 0
A25: 10. | B25: {=IFERROR(IF(A25=0,0,INDEX(M.UNIT!A:J,MATCH(CR!A25,M.UNIT!A:A,0),4)),0)} -> 0 | C25: {=IFERROR(IF(A25=0,0,INDEX(M.UNIT!A:J,MATCH(CR!A25,M.UNIT!A:A,0),10)),0)} -> 0 | D25: =C25/$C$57 -> #DIV/0! | E25: =IF(E26=0,0,SUBTOTAL(6,$C25,E26)) -> 0 | F25: =IF(F26=0,0,SUBTOTAL(6,$C25,F26)) -> 0 | G25: =IF(G26=0,0,SUBTOTAL(6,$C25,G26)) -> 0 | H25: =IF(H26=0,0,SUBTOTAL(6,$C25,H26)) -> 0 | I25: =IF(I26=0,0,SUBTOTAL(6,$C25,I26)) -> 0 | J25: =IF(J26=0,0,SUBTOTAL(6,$C25,J26)) -> 0 | K25: =IF(K26=0,0,SUBTOTAL(6,$C25,K26)) -> 0 | L25: =IF(L26=0,0,SUBTOTAL(6,$C25,L26)) -> 0 | ... P25: =IF(P26=0,0,SUBTOTAL(6,$C25,P26)) -> 0 | Q25: =SUM(E25:P25) -> 0 | R25: =IF(B25>0,"X",0) -> 0 | S25: =IF(Q25=C25,"OK","VERIFICAR") -> OK
E26: 0 | F26: 0 | G26: 0 | H26: 0 | I26: 0 | J26: 0 | K26: 0 | L26: 0 | M26: 0 | N26: 0 | O26: 0 | P26: 0 | Q26: =SUM(E26:P26) -> 0 | R26: =+R25 -> 0
A27: 11. | B27: {=IFERROR(IF(A27=0,0,INDEX(M.UNIT!A:J,MATCH(CR!A27,M.UNIT!A:A,0),4)),0)} -> 0 | C27: {=IFERROR(IF(A27=0,0,INDEX(M.UNIT!A:J,MATCH(CR!A27,M.UNIT!A:A,0),10)),0)} -> 0 | D27: =C27/$C$57 -> #DIV/0! | E27: =IF(E28=0,0,SUBTOTAL(6,$C27,E28)) -> 0 | F27: =IF(F28=0,0,SUBTOTAL(6,$C27,F28)) -> 0 | G27: =IF(G28=0,0,SUBTOTAL(6,$C27,G28)) -> 0 | H27: =IF(H28=0,0,SUBTOTAL(6,$C27,H28)) -> 0 | I27: =IF(I28=0,0,SUBTOTAL(6,$C27,I28)) -> 0 | J27: =IF(J28=0,0,SUBTOTAL(6,$C27,J28)) -> 0 | K27: =IF(K28=0,0,SUBTOTAL(6,$C27,K28)) -> 0 | L27: =IF(L28=0,0,SUBTOTAL(6,$C27,L28)) -> 0 | ... P27: =IF(P28=0,0,SUBTOTAL(6,$C27,P28)) -> 0 | Q27: =SUM(E27:P27) -> 0 | R27: =IF(B27>0,"X",0) -> 0 | S27: =IF(Q27=C27,"OK","VERIFICAR") -> OK
E28: 0 | F28: 0 | G28: 0 | H28: 0 | I28: 0 | J28: 0 | K28: 0 | L28: 0 | M28: 0 | N28: 0 | O28: 0 | P28: 0 | Q28: =SUM(E28:P28) -> 0 | R28: =+R27 -> 0
A29: 12. | B29: {=IFERROR(IF(A29=0,0,INDEX(M.UNIT!A:J,MATCH(CR!A29,M.UNIT!A:A,0),4)),0)} -> 0 | C29: {=IFERROR(IF(A29=0,0,INDEX(M.UNIT!A:J,MATCH(CR!A29,M.UNIT!A:A,0),10)),0)} -> 0 | D29: =C29/$C$57 -> #DIV/0! | E29: =IF(E30=0,0,SUBTOTAL(6,$C29,E30)) -> 0 | F29: =IF(F30=0,0,SUBTOTAL(6,$C29,F30)) -> 0 | G29: =IF(G30=0,0,SUBTOTAL(6,$C29,G30)) -> 0 | H29: =IF(H30=0,0,SUBTOTAL(6,$C29,H30)) -> 0 | I29: =IF(I30=0,0,SUBTOTAL(6,$C29,I30)) -> 0 | J29: =IF(J30=0,0,SUBTOTAL(6,$C29,J30)) -> 0 | K29: =IF(K30=0,0,SUBTOTAL(6,$C29,K30)) -> 0 | L29: =IF(L30=0,0,SUBTOTAL(6,$C29,L30)) -> 0 | ... P29: =IF(P30=0,0,SUBTOTAL(6,$C29,P30)) -> 0 | Q29: =SUM(E29:P29) -> 0 | R29: =IF(B29>0,"X",0) -> 0 | S29: =IF(Q29=C29,"OK","VERIFICAR") -> OK
E30: 0 | F30: 0 | G30: 0 | H30: 0 | I30: 0 | J30: 0 | K30: 0 | L30: 0 | M30: 0 | N30: 0 | O30: 0 | P30: 0 | Q30: =SUM(E30:P30) -> 0 | R30: =+R29 -> 0
A31: 13. | B31: {=IFERROR(IF(A31=0,0,INDEX(M.UNIT!A:J,MATCH(CR!A31,M.UNIT!A:A,0),4)),0)} -> 0 | C31: {=IFERROR(IF(A31=0,0,INDEX(M.UNIT!A:J,MATCH(CR!A31,M.UNIT!A:A,0),10)),0)} -> 0 | D31: =C31/$C$57 -> #DIV/0! | E31: =IF(E32=0,0,SUBTOTAL(6,$C31,E32)) -> 0 | F31: =IF(F32=0,0,SUBTOTAL(6,$C31,F32)) -> 0 | G31: =IF(G32=0,0,SUBTOTAL(6,$C31,G32)) -> 0 | H31: =IF(H32=0,0,SUBTOTAL(6,$C31,H32)) -> 0 | I31: =IF(I32=0,0,SUBTOTAL(6,$C31,I32)) -> 0 | J31: =IF(J32=0,0,SUBTOTAL(6,$C31,J32)) -> 0 | K31: =IF(K32=0,0,SUBTOTAL(6,$C31,K32)) -> 0 | L31: =IF(L32=0,0,SUBTOTAL(6,$C31,L32)) -> 0 | ... P31: =IF(P32=0,0,SUBTOTAL(6,$C31,P32)) -> 0 | Q31: =SUM(E31:P31) -> 0 | R31: =IF(B31>0,"X",0) -> 0 | S31: =IF(Q31=C31,"OK","VERIFICAR") -> OK
E32: 0 | F32: 0 | G32: 0 | H32: 0 | I32: 0 | J32: 0 | K32: 0 | L32: 0 | M32: 0 | N32: 0 | O32: 0 | P32: 0 | Q32: =SUM(E32:P32) -> 0 | R32: =+R31 -> 0
A33: 14. | B33: {=IFERROR(IF(A33=0,0,INDEX(M.UNIT!A:J,MATCH(CR!A33,M.UNIT!A:A,0),4)),0)} -> 0 | C33: {=IFERROR(IF(A33=0,0,INDEX(M.UNIT!A:J,MATCH(CR!A33,M.UNIT!A:A,0),10)),0)} -> 0 | D33: =C33/$C$57 -> #DIV/0! | E33: =IF(E34=0,0,SUBTOTAL(6,$C33,E34)) -> 0 | F33: =IF(F34=0,0,SUBTOTAL(6,$C33,F34)) -> 0 | G33: =IF(G34=0,0,SUBTOTAL(6,$C33,G34)) -> 0 | H33: =IF(H34=0,0,SUBTOTAL(6,$C33,H34)) -> 0 | I33: =IF(I34=0,0,SUBTOTAL(6,$C33,I34)) -> 0 | J33: =IF(J34=0,0,SUBTOTAL(6,$C33,J34)) -> 0 | K33: =IF(K34=0,0,SUBTOTAL(6,$C33,K34)) -> 0 | L33: =IF(L34=0,0,SUBTOTAL(6,$C33,L34)) -> 0 | ... P33: =IF(P34=0,0,SUBTOTAL(6,$C33,P34)) -> 0 | Q33: =SUM(E33:P33) -> 0 | R33: =IF(B33>0,"X",0) -> 0 | S33: =IF(Q33=C33,"OK","VERIFICAR") -> OK
E34: 0 | F34: 0 | G34: 0 | H34: 0 | I34: 0 | J34: 0 | K34: 0 | L34: 0 | M34: 0 | N34: 0 | O34: 0 | P34: 0 | Q34: =SUM(E34:P34) -> 0 | R34: =+R33 -> 0
A35: 15. | B35: {=IFERROR(IF(A35=0,0,INDEX(M.UNIT!A:J,MATCH(CR!A35,M.UNIT!A:A,0),4)),0)} -> 0 | C35: {=IFERROR(IF(A35=0,0,INDEX(M.UNIT!A:J,MATCH(CR!A35,M.UNIT!A:A,0),10)),0)} -> 0 | D35: =C35/$C$57 -> #DIV/0! | E35: =IF(E36=0,0,SUBTOTAL(6,$C35,E36)) -> 0 | F35: =IF(F36=0,0,SUBTOTAL(6,$C35,F36)) -> 0 | G35: =IF(G36=0,0,SUBTOTAL(6,$C35,G36)) -> 0 | H35: =IF(H36=0,0,SUBTOTAL(6,$C35,H36)) -> 0 | I35: =IF(I36=0,0,SUBTOTAL(6,$C35,I36)) -> 0 | J35: =IF(J36=0,0,SUBTOTAL(6,$C35,J36)) -> 0 | K35: =IF(K36=0,0,SUBTOTAL(6,$C35,K36)) -> 0 | L35: =IF(L36=0,0,SUBTOTAL(6,$C35,L36)) -> 0 | ... P35: =IF(P36=0,0,SUBTOTAL(6,$C35,P36)) -> 0 | Q35: =SUM(E35:P35) -> 0 | R35: =IF(B35>0,"X",0) -> 0 | S35: =IF(Q35=C35,"OK","VERIFICAR") -> OK
E36: 0 | F36: 0 | G36: 0 | H36: 0 | I36: 0 | J36: 0 | K36: 0 | L36: 0 | M36: 0 | N36: 0 | O36: 0 | P36: 0 | Q36: =SUM(E36:P36) -> 0 | R36: =+R35 -> 0
A37: 16. | B37: {=IFERROR(IF(A37=0,0,INDEX(M.UNIT!A:J,MATCH(CR!A37,M.UNIT!A:A,0),4)),0)} -> 0 | C37: {=IFERROR(IF(A37=0,0,INDEX(M.UNIT!A:J,MATCH(CR!A37,M.UNIT!A:A,0),10)),0)} -> 0 | D37: =C37/$C$57 -> #DIV/0! | E37: =IF(E38=0,0,SUBTOTAL(6,$C37,E38)) -> 0 | F37: =IF(F38=0,0,SUBTOTAL(6,$C37,F38)) -> 0 | G37: =IF(G38=0,0,SUBTOTAL(6,$C37,G38)) -> 0 | H37: =IF(H38=0,0,SUBTOTAL(6,$C37,H38)) -> 0 | I37: =IF(I38=0,0,SUBTOTAL(6,$C37,I38)) -> 0 | J37: =IF(J38=0,0,SUBTOTAL(6,$C37,J38)) -> 0 | K37: =IF(K38=0,0,SUBTOTAL(6,$C37,K38)) -> 0 | L37: =IF(L38=0,0,SUBTOTAL(6,$C37,L38)) -> 0 | ... P37: =IF(P38=0,0,SUBTOTAL(6,$C37,P38)) -> 0 | Q37: =SUM(E37:P37) -> 0 | R37: =IF(B37>0,"X",0) -> 0 | S37: =IF(Q37=C37,"OK","VERIFICAR") -> OK
E38: 0 | F38: 0 | G38: 0 | H38: 0 | I38: 0 | J38: 0 | K38: 0 | L38: 0 | M38: 0 | N38: 0 | O38: 0 | P38: 0 | Q38: =SUM(E38:P38) -> 0 | R38: =+R37 -> 0
A39: 17. | B39: {=IFERROR(IF(A39=0,0,INDEX(M.UNIT!A:J,MATCH(CR!A39,M.UNIT!A:A,0),4)),0)} -> 0 | C39: {=IFERROR(IF(A39=0,0,INDEX(M.UNIT!A:J,MATCH(CR!A39,M.UNIT!A:A,0),10)),0)} -> 0 | D39: =C39/$C$57 -> #DIV/0! | E39: =IF(E40=0,0,SUBTOTAL(6,$C39,E40)) -> 0 | F39: =IF(F40=0,0,SUBTOTAL(6,$C39,F40)) -> 0 | G39: =IF(G40=0,0,SUBTOTAL(6,$C39,G40)) -> 0 | H39: =IF(H40=0,0,SUBTOTAL(6,$C39,H40)) -> 0 | I39: =IF(I40=0,0,SUBTOTAL(6,$C39,I40)) -> 0 | J39: =IF(J40=0,0,SUBTOTAL(6,$C39,J40)) -> 0 | K39: =IF(K40=0,0,SUBTOTAL(6,$C39,K40)) -> 0 | L39: =IF(L40=0,0,SUBTOTAL(6,$C39,L40)) -> 0 | ... P39: =IF(P40=0,0,SUBTOTAL(6,$C39,P40)) -> 0 | Q39: =SUM(E39:P39) -> 0 | R39: =IF(B39>0,"X",0) -> 0 | S39: =IF(Q39=C39,"OK","VERIFICAR") -> OK
E40: 0 | F40: 0 | G40: 0 | H40: 0 | I40: 0 | J40: 0 | K40: 0 | L40: 0 | M40: 0 | N40: 0 | O40: 0 | P40: 0 | Q40: =SUM(E40:P40) -> 0 | R40: =+R39 -> 0
A41: 18. | B41: {=IFERROR(IF(A41=0,0,INDEX(M.UNIT!A:J,MATCH(CR!A41,M.UNIT!A:A,0),4)),0)} -> 0 | C41: {=IFERROR(IF(A41=0,0,INDEX(M.UNIT!A:J,MATCH(CR!A41,M.UNIT!A:A,0),10)),0)} -> 0 | D41: =C41/$C$57 -> #DIV/0! | E41: =IF(E42=0,0,SUBTOTAL(6,$C41,E42)) -> 0 | F41: =IF(F42=0,0,SUBTOTAL(6,$C41,F42)) -> 0 | G41: =IF(G42=0,0,SUBTOTAL(6,$C41,G42)) -> 0 | H41: =IF(H42=0,0,SUBTOTAL(6,$C41,H42)) -> 0 | I41: =IF(I42=0,0,SUBTOTAL(6,$C41,I42)) -> 0 | J41: =IF(J42=0,0,SUBTOTAL(6,$C41,J42)) -> 0 | K41: =IF(K42=0,0,SUBTOTAL(6,$C41,K42)) -> 0 | L41: =IF(L42=0,0,SUBTOTAL(6,$C41,L42)) -> 0 | ... P41: =IF(P42=0,0,SUBTOTAL(6,$C41,P42)) -> 0 | Q41: =SUM(E41:P41) -> 0 | R41: =IF(B41>0,"X",0) -> 0 | S41: =IF(Q41=C41,"OK","VERIFICAR") -> OK
E42: 0 | F42: 0 | G42: 0 | H42: 0 | I42: 0 | J42: 0 | K42: 0 | L42: 0 | M42: 0 | N42: 0 | O42: 0 | P42: 0 | Q42: =SUM(E42:P42) -> 0 | R42: =+R41 -> 0
A43: 19. | B43: {=IFERROR(IF(A43=0,0,INDEX(M.UNIT!A:J,MATCH(CR!A43,M.UNIT!A:A,0),4)),0)} -> 0 | C43: {=IFERROR(IF(A43=0,0,INDEX(M.UNIT!A:J,MATCH(CR!A43,M.UNIT!A:A,0),10)),0)} -> 0 | D43: =C43/$C$57 -> #DIV/0! | E43: =IF(E44=0,0,SUBTOTAL(6,$C43,E44)) -> 0 | F43: =IF(F44=0,0,SUBTOTAL(6,$C43,F44)) -> 0 | G43: =IF(G44=0,0,SUBTOTAL(6,$C43,G44)) -> 0 | H43: =IF(H44=0,0,SUBTOTAL(6,$C43,H44)) -> 0 | I43: =IF(I44=0,0,SUBTOTAL(6,$C43,I44)) -> 0 | J43: =IF(J44=0,0,SUBTOTAL(6,$C43,J44)) -> 0 | K43: =IF(K44=0,0,SUBTOTAL(6,$C43,K44)) -> 0 | L43: =IF(L44=0,0,SUBTOTAL(6,$C43,L44)) -> 0 | ... P43: =IF(P44=0,0,SUBTOTAL(6,$C43,P44)) -> 0 | Q43: =SUM(E43:P43) -> 0 | R43: =IF(B43>0,"X",0) -> 0 | S43: =IF(Q43=C43,"OK","VERIFICAR") -> OK
E44: 0 | F44: 0 | G44: 0 | H44: 0 | I44: 0 | J44: 0 | K44: 0 | L44: 0 | M44: 0 | N44: 0 | O44: 0 | P44: 0 | Q44: =SUM(E44:P44) -> 0 | R44: =+R43 -> 0
A45: 20. | B45: {=IFERROR(IF(A45=0,0,INDEX(M.UNIT!A:J,MATCH(CR!A45,M.UNIT!A:A,0),4)),0)} -> 0 | C45: {=IFERROR(IF(A45=0,0,INDEX(M.UNIT!A:J,MATCH(CR!A45,M.UNIT!A:A,0),10)),0)} -> 0 | D45: =C45/$C$57 -> #DIV/0! | E45: =IF(E46=0,0,SUBTOTAL(6,$C45,E46)) -> 0 | F45: =IF(F46=0,0,SUBTOTAL(6,$C45,F46)) -> 0 | G45: =IF(G46=0,0,SUBTOTAL(6,$C45,G46)) -> 0 | H45: =IF(H46=0,0,SUBTOTAL(6,$C45,H46)) -> 0 | I45: =IF(I46=0,0,SUBTOTAL(6,$C45,I46)) -> 0 | J45: =IF(J46=0,0,SUBTOTAL(6,$C45,J46)) -> 0 | K45: =IF(K46=0,0,SUBTOTAL(6,$C45,K46)) -> 0 | L45: =IF(L46=0,0,SUBTOTAL(6,$C45,L46)) -> 0 | ... P45: =IF(P46=0,0,SUBTOTAL(6,$C45,P46)) -> 0 | Q45: =SUM(E45:P45) -> 0 | R45: =IF(B45>0,"X",0) -> 0 | S45: =IF(Q45=C45,"OK","VERIFICAR") -> OK
E46: 0 | F46: 0 | G46: 0 | H46: 0 | I46: 0 | J46: 0 | K46: 0 | L46: 0 | M46: 0 | N46: 0 | O46: 0 | P46: 0 | Q46: =SUM(E46:P46) -> 0 | R46: =+R45 -> 0
A47: 21. | B47: {=IFERROR(IF(A47=0,0,INDEX(M.UNIT!A:J,MATCH(CR!A47,M.UNIT!A:A,0),4)),0)} -> 0 | C47: {=IFERROR(IF(A47=0,0,INDEX(M.UNIT!A:J,MATCH(CR!A47,M.UNIT!A:A,0),10)),0)} -> 0 | D47: =C47/$C$57 -> #DIV/0! | E47: =IF(E48=0,0,SUBTOTAL(6,$C47,E48)) -> 0 | F47: =IF(F48=0,0,SUBTOTAL(6,$C47,F48)) -> 0 | G47: =IF(G48=0,0,SUBTOTAL(6,$C47,G48)) -> 0 | H47: =IF(H48=0,0,SUBTOTAL(6,$C47,H48)) -> 0 | I47: =IF(I48=0,0,SUBTOTAL(6,$C47,I48)) -> 0 | J47: =IF(J48=0,0,SUBTOTAL(6,$C47,J48)) -> 0 | K47: =IF(K48=0,0,SUBTOTAL(6,$C47,K48)) -> 0 | L47: =IF(L48=0,0,SUBTOTAL(6,$C47,L48)) -> 0 | ... P47: =IF(P48=0,0,SUBTOTAL(6,$C47,P48)) -> 0 | Q47: =SUM(E47:P47) -> 0 | R47: =IF(B47>0,"X",0) -> 0 | S47: =IF(Q47=C47,"OK","VERIFICAR") -> OK
E48: 0 | F48: 0 | G48: 0 | H48: 0 | I48: 0 | J48: 0 | K48: 0 | L48: 0 | M48: 0 | N48: 0 | O48: 0 | P48: 0 | Q48: =SUM(E48:P48) -> 0 | R48: =+R47 -> 0
A49: 22. | B49: {=IFERROR(IF(A49=0,0,INDEX(M.UNIT!A:J,MATCH(CR!A49,M.UNIT!A:A,0),4)),0)} -> 0 | C49: {=IFERROR(IF(A49=0,0,INDEX(M.UNIT!A:J,MATCH(CR!A49,M.UNIT!A:A,0),10)),0)} -> 0 | D49: =C49/$C$57 -> #DIV/0! | E49: =IF(E50=0,0,SUBTOTAL(6,$C49,E50)) -> 0 | F49: =IF(F50=0,0,SUBTOTAL(6,$C49,F50)) -> 0 | G49: =IF(G50=0,0,SUBTOTAL(6,$C49,G50)) -> 0 | H49: =IF(H50=0,0,SUBTOTAL(6,$C49,H50)) -> 0 | I49: =IF(I50=0,0,SUBTOTAL(6,$C49,I50)) -> 0 | J49: =IF(J50=0,0,SUBTOTAL(6,$C49,J50)) -> 0 | K49: =IF(K50=0,0,SUBTOTAL(6,$C49,K50)) -> 0 | L49: =IF(L50=0,0,SUBTOTAL(6,$C49,L50)) -> 0 | ... P49: =IF(P50=0,0,SUBTOTAL(6,$C49,P50)) -> 0 | Q49: =SUM(E49:P49) -> 0 | R49: =IF(B49>0,"X",0) -> 0 | S49: =IF(Q49=C49,"OK","VERIFICAR") -> OK
E50: 0 | F50: 0 | G50: 0 | H50: 0 | I50: 0 | J50: 0 | K50: 0 | L50: 0 | M50: 0 | N50: 0 | O50: 0 | P50: 0 | Q50: =SUM(E50:P50) -> 0 | R50: =+R49 -> 0
A51: 23. | B51: {=IFERROR(IF(A51=0,0,INDEX(M.UNIT!A:J,MATCH(CR!A51,M.UNIT!A:A,0),4)),0)} -> 0 | C51: {=IFERROR(IF(A51=0,0,INDEX(M.UNIT!A:J,MATCH(CR!A51,M.UNIT!A:A,0),10)),0)} -> 0 | D51: =C51/$C$57 -> #DIV/0! | E51: =IF(E52=0,0,SUBTOTAL(6,$C51,E52)) -> 0 | F51: =IF(F52=0,0,SUBTOTAL(6,$C51,F52)) -> 0 | G51: =IF(G52=0,0,SUBTOTAL(6,$C51,G52)) -> 0 | H51: =IF(H52=0,0,SUBTOTAL(6,$C51,H52)) -> 0 | I51: =IF(I52=0,0,SUBTOTAL(6,$C51,I52)) -> 0 | J51: =IF(J52=0,0,SUBTOTAL(6,$C51,J52)) -> 0 | K51: =IF(K52=0,0,SUBTOTAL(6,$C51,K52)) -> 0 | L51: =IF(L52=0,0,SUBTOTAL(6,$C51,L52)) -> 0 | ... P51: =IF(P52=0,0,SUBTOTAL(6,$C51,P52)) -> 0 | Q51: =SUM(E51:P51) -> 0 | R51: =IF(B51>0,"X",0) -> 0 | S51: =IF(Q51=C51,"OK","VERIFICAR") -> OK
E52: 0 | F52: 0 | G52: 0 | H52: 0 | I52: 0 | J52: 0 | K52: 0 | L52: 0 | M52: 0 | N52: 0 | O52: 0 | P52: 0 | Q52: =SUM(E52:P52) -> 0 | R52: =+R51 -> 0
A53: 24. | B53: {=IFERROR(IF(A53=0,0,INDEX(M.UNIT!A:J,MATCH(CR!A53,M.UNIT!A:A,0),4)),0)} -> 0 | C53: {=IFERROR(IF(A53=0,0,INDEX(M.UNIT!A:J,MATCH(CR!A53,M.UNIT!A:A,0),10)),0)} -> 0 | D53: =C53/$C$57 -> #DIV/0! | E53: =IF(E54=0,0,SUBTOTAL(6,$C53,E54)) -> 0 | F53: =IF(F54=0,0,SUBTOTAL(6,$C53,F54)) -> 0 | G53: =IF(G54=0,0,SUBTOTAL(6,$C53,G54)) -> 0 | H53: =IF(H54=0,0,SUBTOTAL(6,$C53,H54)) -> 0 | I53: =IF(I54=0,0,SUBTOTAL(6,$C53,I54)) -> 0 | J53: =IF(J54=0,0,SUBTOTAL(6,$C53,J54)) -> 0 | K53: =IF(K54=0,0,SUBTOTAL(6,$C53,K54)) -> 0 | L53: =IF(L54=0,0,SUBTOTAL(6,$C53,L54)) -> 0 | ... P53: =IF(P54=0,0,SUBTOTAL(6,$C53,P54)) -> 0 | Q53: =SUM(E53:P53) -> 0 | R53: =IF(B53>0,"X",0) -> 0 | S53: =IF(Q53=C53,"OK","VERIFICAR") -> OK
E54: 0 | F54: 0 | G54: 0 | H54: 0 | I54: 0 | J54: 0 | K54: 0 | L54: 0 | M54: 0 | N54: 0 | O54: 0 | P54: 0 | Q54: =SUM(E54:P54) -> 0 | R54: =+R53 -> 0
A55: 25. | B55: {=IFERROR(IF(A55=0,0,INDEX(M.UNIT!A:J,MATCH(CR!A55,M.UNIT!A:A,0),4)),0)} -> 0 | C55: {=IFERROR(IF(A55=0,0,INDEX(M.UNIT!A:J,MATCH(CR!A55,M.UNIT!A:A,0),10)),0)} -> 0 | D55: =C55/$C$57 -> #DIV/0! | E55: =IF(E56=0,0,SUBTOTAL(6,$C55,E56)) -> 0 | F55: =IF(F56=0,0,SUBTOTAL(6,$C55,F56)) -> 0 | G55: =IF(G56=0,0,SUBTOTAL(6,$C55,G56)) -> 0 | H55: =IF(H56=0,0,SUBTOTAL(6,$C55,H56)) -> 0 | I55: =IF(I56=0,0,SUBTOTAL(6,$C55,I56)) -> 0 | J55: =IF(J56=0,0,SUBTOTAL(6,$C55,J56)) -> 0 | K55: =IF(K56=0,0,SUBTOTAL(6,$C55,K56)) -> 0 | L55: =IF(L56=0,0,SUBTOTAL(6,$C55,L56)) -> 0 | ... P55: =IF(P56=0,0,SUBTOTAL(6,$C55,P56)) -> 0 | Q55: =SUM(E55:P55) -> 0 | R55: =IF(B55>0,"X",0) -> 0 | S55: =IF(Q55=C55,"OK","VERIFICAR") -> OK
E56: 0 | F56: 0 | G56: 0 | H56: 0 | I56: 0 | J56: 0 | K56: 0 | L56: 0 | M56: 0 | N56: 0 | O56: 0 | P56: 0 | Q56: =SUM(E56:P56) -> 0 | R56: =+R55 -> 0
B57: TOTAL / SUB TOTAL (DESEMBOLSO MENSAL ESTIMADO) | C57: =SUM(C7:C56) -> 0 | D57: 1 | E57: =E55+E53+E51+E49+E47+E45+E43+E41+E39+E37+E35+E33+E31+E29+E27+E25+E23+E21+E19+E17+E15+E13+E11+E9+E7 -> 0 | F57: =F55+F53+F51+F49+F47+F45+F43+F41+F39+F37+F35+F33+F31+F29+F27+F25+F23+F21+F19+F17+F15+F13+F11+F9+F7 -> 0 | G57: =G55+G53+G51+G49+G47+G45+G43+G41+G39+G37+G35+G33+G31+G29+G27+G25+G23+G21+G19+G17+G15+G13+G11+G9+G7 -> 0 | H57: =H55+H53+H51+H49+H47+H45+H43+H41+H39+H37+H35+H33+H31+H29+H27+H25+H23+H21+H19+H17+H15+H13+H11+H9+H7 -> 0 | I57: =I55+I53+I51+I49+I47+I45+I43+I41+I39+I37+I35+I33+I31+I29+I27+I25+I23+I21+I19+I17+I15+I13+I11+I9+I7 -> 0 | J57: =J55+J53+J51+J49+J47+J45+J43+J41+J39+J37+J35+J33+J31+J29+J27+J25+J23+J21+J19+J17+J15+J13+J11+J9+J7 -> 0 | K57: =K55+K53+K51+K49+K47+K45+K43+K41+K39+K37+K35+K33+K31+K29+K27+K25+K23+K21+K19+K17+K15+K13+K11+K9+K7 -> 0 | L57: =L55+L53+L51+L49+L47+L45+L43+L41+L39+L37+L35+L33+L31+L29+L27+L25+L23+L21+L19+L17+L15+L13+L11+L9+L7 -> 0 | ... P57: =P55+P53+P51+P49+P47+P45+P43+P41+P39+P37+P35+P33+P31+P29+P27+P25+P23+P21+P19+P17+P15+P13+P11+P9+P7 -> 0 | Q57: =Q25+Q23+Q21+Q19+Q17+Q15+Q13+Q11+Q9+Q7+Q27+Q29+Q31+Q33+Q35+Q37+Q39+Q41+Q43+Q45+Q47+Q49+Q51+Q53+Q55 -> 0 | R57: X
B58: % DESEMBOLSO MENSAL ESTIMADO | E58: =E57/$C$57 -> #DIV/0! | F58: =F57/$C$57 -> #DIV/0! | G58: =G57/$C$57 -> #DIV/0! | H58: =H57/$C$57 -> #DIV/0! | I58: =I57/$C$57 -> #DIV/0! | J58: =J57/$C$57 -> #DIV/0! | K58: =K57/$C$57 -> #DIV/0! | L58: =L57/$C$57 -> #DIV/0! | ... O58: =O57/$C$57 -> #DIV/0! | P58: =P57/C57 -> #DIV/0! | R58: X
B59: SUB TOTAL ACUMULADO | E59: =E57 -> 0 | F59: =F57+E59 -> 0 | G59: =G57+F59 -> 0 | H59: =H57+G59 -> 0 | I59: =I57+H59 -> 0 | J59: =J57+I59 -> 0 | K59: =K57+J59 -> 0 | L59: =L57+K59 -> 0 | M59: =M57+L59 -> 0 | ... P59: =P57+O59 -> 0 | R59: X
B60: % ACUMULADO | E60: =E59/C57 -> #DIV/0! | F60: =F59/$C$57 -> #DIV/0! | G60: =G59/$C$57 -> #DIV/0! | H60: =H59/$C$57 -> #DIV/0! | I60: =I59/$C$57 -> #DIV/0! | J60: =J59/$C$57 -> #DIV/0! | K60: =K59/$C$57 -> #DIV/0! | L60: =L59/$C$57 -> #DIV/0! | M60: =M59/$C$57 -> #DIV/0! | ... O60: =O59/$C$57 -> #DIV/0! | P60: =P59/C57 -> #DIV/0! | Q60: =M.UNIT!J41 -> 1535400.1 | R60: X
B61: REPASSE (EM CASO DE CONVÊNIOS FEDERAIS) | C61: 0 | D61: =IF(C61=0,0,C61/Q57) -> 0 | E61: =E57*$D$61 -> 0 | F61: =F57*$D$61 -> 0 | G61: =G57*$D$61 -> 0 | H61: =H57*$D$61 -> 0 | I61: =I57*$D$61 -> 0 | J61: =J57*$D$61 -> 0 | K61: =K57*$D$61 -> 0 | L61: =L57*$D$61 -> 0 | ... P61: =P57*$D$61 -> 0 | R61: X
B62: CONTRAPARTIDA (EM CASO DE CONVÊNIOS FEDERAIS) | C62: =C57-C61 -> 0 | D62: =D57-D61 -> 1 | E62: =E57-E61 -> 0 | F62: =F57-F61 -> 0 | G62: =G57-G61 -> 0 | H62: =H57-H61 -> 0 | I62: =I57-I61 -> 0 | J62: =J57-J61 -> 0 | ... P62: =P57-P61 -> 0 | R62: X

Sheet M.TOTAL I
L1: =J41 -> 29167215 | M1: VALOR DO ORÇAMENTO | O1: TIPO DE TABELA | P1: BDI DESONERADO | Q1: BDI NÃO DESONERADO | R1: DESONERADA
D2: MINISTÉRIO DA INTEGRAÇÃO E DO DESENVOLVIMENTO REGIONAL - MIDR COMPANHIA DE DESENVOLVIMENTO DOS VALES DO SÃO FRANCISCO E DO PARNAÍBA | L2: =SUMPRODUCT(G14:G22,F14:F22) -> 2059539.3 | M2: VALOR SEM BDI | O2: NÃO DESONERADA | P2: ='BDI '!X28 -> 0 | Q2: ='BDI '!X23 -> 0 | R2: NÃO DESONERADA
L3: =L2*N3 -> 67883.001 | M3: ADM LOCAL | N3: =K15 -> 0.032960284 | O3: =FONTE!C3 -> SICRO/CE 04/2023 SEM DESONERAÇÃO
O4: =FONTE!C2 -> SINAPI/CE 09/2023 SEM DESONERAÇÃO
A5: =CONCATENATE("FONTES DE PREÇOS UTILIZADAS: 1. ",O3," 2. ",O4) -> FONTES DE PREÇOS UTILIZADAS: 1. SICRO/CE 04/2023 SEM DESONERAÇÃO 2. SINAPI/CE 09/2023 SEM DESONERAÇÃO | E5: ES HORISTA: | G5: =ES!F46 -> 1.139 | H5: BDI SERVIÇOS: | J5: ='BDI '!E23 -> 0.21796407 | K5: DATA BASE
E6: ES MENSALISTA: | G6: =ES!G46 -> 0.7131 | H6: BDI MATERIAIS: | J6: ='BDI '!D45 -> 0.15 | K6: 10/2023 | R6: Subtotais | S6: =SUM(J11:J41)/3 -> 29167215
A7: EXECUÇÃO DE SERVIÇOS DE IMPLANTAÇÃO DE PAVIMENTAÇÃO EM BLOCO DE CONCRETO INTERTRAVADO EM VIAS DE DIVERSOS MUNICÍPIOS INSERIDOS NA ÁREA DE ATUAÇÃO DA CODEVASF NO ESTADO DO CEARÁ | S7: =J41-S6 -> 0
A9: ORÇAMENTO SINTÉTICO - LOTE 3 - 19 MÓDULOS | R9: R$/m² | S9: =J41/(7*1500*19) -> 146.20158
A10: Item | B10: Origem | C10: Código | D10: Discriminação dos Serviços | E10: UND | F10: Quantidade | G10: Preço Unit. Sem BDI | H10: BDI | I10: Preço Unit C/ BDI | J10: Preço Total com BDI | K10: Valor % | L10: PREÇO | N10: " I " p BDI Difer. | P10: 19
D11: PROJETO EXECUTIVO | J11: =SUBTOTAL(9,J12:J13) -> 571995 | K11: =J11/$J$41 -> 0.019610888 | N11: ↓
A12: 1 | B12: =IF(C12=0," ",INDEX(FONTE!$B:$G,MATCH('M.TOTAL I'!C12,FONTE!$B:$B,0),6)) -> CODEVASF | C12: CPUE02 | D12: =UPPER(IF(C12=0," ",INDEX(FONTE!$B:$G,MATCH('M.TOTAL I'!C12,FONTE!$B:$B,0),2))) -> LEVANTAMENTO TOPOGRÁFICO DE VIA PÚBLICA E SEMI-CADASTRO DE IMÓVEIS | E12: =UPPER(IF(C12=0," ",INDEX(FONTE!$B:$G,MATCH('M.TOTAL I'!C12,FONTE!$B:$B,0),3))) -> M | F12: =INDEX('MC TOTAL I'!A6:N933,MATCH('M.TOTAL I'!A12,'MC TOTAL I'!A6:A933,0),14) -> 28500 | G12: =ROUND(IF(N12="S",L12,L12),2) -> 2.57 | H12: =IF(N12="I",$J$6,$J$5) -> 0.21796407 | I12: =ROUND(IF(N12="I",L12+L12*$J$6,L12+L12*$J$5),2) -> 3.13 | J12: =IF('M.TOTAL I'!L12<>0,ROUND('M.TOTAL I'!I12*'M.TOTAL I'!F12,2),0) -> 89205 | K12: =J12/$J$41 -> 0.0030583996 | L12: =IF($O$2="DESONERADA",IF(C12=0,0,INDEX(FONTE!$B:$G,MATCH('M.TOTAL I'!C12,FONTE!$B:$B,0),4)),IF(C12=0,0,INDEX(FONTE!$B:$G,MATCH('M.TOTAL I'!C12,FONTE!$B:$B,0),5))) -> 2.57
A13: =A12+1 -> 2 | B13: =IF(C13=0," ",INDEX(FONTE!$B:$G,MATCH('M.TOTAL I'!C13,FONTE!$B:$B,0),6)) -> CODEVASF | C13: PROJ.EX.01 | D13: =UPPER(IF(C13=0," ",INDEX(FONTE!$B:$G,MATCH('M.TOTAL I'!C13,FONTE!$B:$B,0),2))) -> PROJETO EXECUTIVO - PAVIMENTO EM BLOCO DE CONCRETO | E13: =UPPER(IF(C13=0," ",INDEX(FONTE!$B:$G,MATCH('M.TOTAL I'!C13,FONTE!$B:$B,0),3))) -> M2 | F13: =INDEX('MC TOTAL I'!A7:N934,MATCH('M.TOTAL I'!A13,'MC TOTAL I'!A7:A934,0),14) -> 199500 | G13: =ROUND(IF(N13="S",L13,L13),2) -> 1.99 | H13: =IF(N13="I",$J$6,$J$5) -> 0.21796407 | I13: =ROUND(IF(N13="I",L13+L13*$J$6,L13+L13*$J$5),2) -> 2.42 | J13: =IF('M.TOTAL I'!L13<>0,ROUND('M.TOTAL I'!I13*'M.TOTAL I'!F13,2),0) -> 482790 | K13: =J13/$J$41 -> 0.016552489 | L13: =IF($O$2="DESONERADA",IF(C13=0,0,INDEX(FONTE!$B:$G,MATCH('M.TOTAL I'!C13,FONTE!$B:$B,0),4)),IF(C13=0,0,INDEX(FONTE!$B:$G,MATCH('M.TOTAL I'!C13,FONTE!$B:$B,0),5))) -> 1.9886792
D14: SERVIÇOS PRELIMINARES | J14: =SUBTOTAL(9,J15:J18) -> 1818249.9 | K14: =J14/$J$41 -> 0.062338825 | L14: =IF($O$2="DESONERADA",IF(C14=0,0,INDEX(FONTE!$B:$G,MATCH('M.TOTAL I'!C14,FONTE!$B:$B,0),4)),IF(C14=0,0,INDEX(FONTE!$B:$G,MATCH('M.TOTAL I'!C14,FONTE!$B:$B,0),5))) -> 0
A15: =A13+1 -> 3 | B15: =IF(C15=0," ",INDEX(FONTE!$B:$G,MATCH('M.TOTAL I'!C15,FONTE!$B:$B,0),6)) -> CODEVASF | C15: CPUE01 | D15: =UPPER(IF(C15=0," ",INDEX(FONTE!$B:$G,MATCH('M.TOTAL I'!C15,FONTE!$B:$B,0),2))) -> ADMINISTRAÇÃO LOCAL DA OBRA (PAV. INTERTRAVADA) | E15: =UPPER(IF(C15=0," ",INDEX(FONTE!$B:$G,MATCH('M.TOTAL I'!C15,FONTE!$B:$B,0),3))) -> UND | F15: =INDEX('MC TOTAL I'!A9:N936,MATCH('M.TOTAL I'!A15,'MC TOTAL I'!A9:A936,0),14) -> 19 | G15: =ROUND(IF(N15="S",L15,L15),2) -> 41543 | H15: =IF(N15="I",$J$6,$J$5) -> 0.21796407 | I15: =ROUND(IF(N15="I",L15+L15*$J$6,L15+L15*$J$5),2) -> 50597.88 | J15: =IF('M.TOTAL I'!L15<>0,ROUND('M.TOTAL I'!I15*'M.TOTAL I'!F15,2),0) -> 961359.72 | K15: =J15/$J$41 -> 0.032960284 | L15: =IF($O$2="DESONERADA",IF(C15=0,0,INDEX(FONTE!$B:$G,MATCH('M.TOTAL I'!C15,FONTE!$B:$B,0),4)),IF(C15=0,0,INDEX(FONTE!$B:$G,MATCH('M.TOTAL I'!C15,FONTE!$B:$B,0),5))) -> 41543
A16: =A15+1 -> 4 | B16: =IF(C16=0," ",INDEX(FONTE!$B:$G,MATCH('M.TOTAL I'!C16,FONTE!$B:$B,0),6)) -> SINAPI-S | C16: 103689 | D16: =UPPER(IF(C16=0," ",INDEX(FONTE!$B:$G,MATCH('M.TOTAL I'!C16,FONTE!$B:$B,0),2))) -> FORNECIMENTO E INSTALAÇÃO DE PLACA DE OBRA COM CHAPA GALVANIZADA E ESTRUTURA DE MADEIRA. AF_03/2022_PS | E16: =UPPER(IF(C16=0," ",INDEX(FONTE!$B:$G,MATCH('M.TOTAL I'!C16,FONTE!$B:$B,0),3))) -> M2 | F16: =INDEX('MC TOTAL I'!A10:N937,MATCH('M.TOTAL I'!A16,'MC TOTAL I'!A10:A937,0),14) -> 123.12 | G16: =ROUND(IF(N16="S",L16,L16),2) -> 314.26 | H16: =IF(N16="I",$J$6,$J$5) -> 0.21796407 | I16: =ROUND(IF(N16="I",L16+L16*$J$6,L16+L16*$J$5),2) -> 382.76 | J16: =IF('M.TOTAL I'!L16<>0,ROUND('M.TOTAL I'!I16*'M.TOTAL I'!F16,2),0) -> 47125.41 | K16: =J16/$J$41 -> 0.0016156979 | L16: =IF($O$2="DESONERADA",IF(C16=0,0,INDEX(FONTE!$B:$G,MATCH('M.TOTAL I'!C16,FONTE!$B:$B,0),4)),IF(C16=0,0,INDEX(FONTE!$B:$G,MATCH('M.TOTAL I'!C16,FONTE!$B:$B,0),5))) -> 314.26
A17: =A16+1 -> 5 | B17: =IF(C17=0," ",INDEX(FONTE!$B:$G,MATCH('M.TOTAL I'!C17,FONTE!$B:$B,0),6)) -> CODEVASF | C17: CPUE03 | D17: =UPPER(IF(C17=0," ",INDEX(FONTE!$B:$G,MATCH('M.TOTAL I'!C17,FONTE!$B:$B,0),2))) -> MOBILIZAÇÃO E DESMOBILIZAÇÃO DE EQUIPAMENTOS | E17: =UPPER(IF(C17=0," ",INDEX(FONTE!$B:$G,MATCH('M.TOTAL I'!C17,FONTE!$B:$B,0),3))) -> TKM | F17: =INDEX('MC TOTAL I'!A11:N938,MATCH('M.TOTAL I'!A17,'MC TOTAL I'!A11:A938,0),14) -> 158460 | G17: =ROUND(IF(N17="S",L17,L17),2) -> 0.61 | H17: =IF(N17="I",$J$6,$J$5) -> 0.21796407 | I17: =ROUND(IF(N17="I",L17+L17*$J$6,L17+L17*$J$5),2) -> 0.74 | J17: =IF('M.TOTAL I'!L17<>0,ROUND('M.TOTAL I'!I17*'M.TOTAL I'!F17,2),0) -> 117260.4 | K17: =J17/$J$41 -> 0.0040202809 | L17: =IF($O$2="DESONERADA",IF(C17=0,0,INDEX(FONTE!$B:$G,MATCH('M.TOTAL I'!C17,FONTE!$B:$B,0),4)),IF(C17=0,0,INDEX(FONTE!$B:$G,MATCH('M.TOTAL I'!C17,FONTE!$B:$B,0),5))) -> 0.61
A18: =A17+1 -> 6 | B18: =IF(C18=0," ",INDEX(FONTE!$B:$G,MATCH('M.TOTAL I'!C18,FONTE!$B:$B,0),6)) -> CODEVASF | C18: CPUE04 | D18: =UPPER(IF(C18=0," ",INDEX(FONTE!$B:$G,MATCH('M.TOTAL I'!C18,FONTE!$B:$B,0),2))) -> CANTEIRO DE OBRAS E ALMOXARIFADO | E18: =UPPER(IF(C18=0," ",INDEX(FONTE!$B:$G,MATCH('M.TOTAL I'!C18,FONTE!$B:$B,0),3))) -> UN | F18: =INDEX('MC TOTAL I'!A16:N939,MATCH('M.TOTAL I'!A18,'MC TOTAL I'!A16:A939,0),14) -> 228 | G18: =ROUND(IF(N18="S",L18,L18),2) -> 2493.75 | H18: =IF(N18="I",$J$6,$J$5) -> 0.21796407 | I18: =ROUND(IF(N18="I",L18+L18*$J$6,L18+L18*$J$5),2) -> 3037.3 | J18: =IF('M.TOTAL I'!L18<>0,ROUND('M.TOTAL I'!I18*'M.TOTAL I'!F18,2),0) -> 692504.4 | K18: =J18/$J$41 -> 0.023742561 | L18: =IF($O$2="DESONERADA",IF(C18=0,0,INDEX(FONTE!$B:$G,MATCH('M.TOTAL I'!C18,FONTE!$B:$B,0),4)),IF(C18=0,0,INDEX(FONTE!$B:$G,MATCH('M.TOTAL I'!C18,FONTE!$B:$B,0),5))) -> 2493.75
D19: TERRAPLENAGEM | J19: =SUBTOTAL(9,J20:J22) -> 689985 | K19: =J19/$J$41 -> 0.023656183
A20: =A18+1 -> 7 | B20: =IF(C20=0," ",INDEX(FONTE!$B:$G,MATCH('M.TOTAL I'!C20,FONTE!$B:$B,0),6)) -> SINAPI-S | C20: 99064 | D20: =UPPER(IF(C20=0," ",INDEX(FONTE!$B:$G,MATCH('M.TOTAL I'!C20,FONTE!$B:$B,0),2))) -> LOCAÇÃO DE PAVIMENTAÇÃO. AF_10/2018 | E20: =UPPER(IF(C20=0," ",INDEX(FONTE!$B:$G,MATCH('M.TOTAL I'!C20,FONTE!$B:$B,0),3))) -> M | F20: =INDEX('MC TOTAL I'!A17:N941,MATCH('M.TOTAL I'!A20,'MC TOTAL I'!A17:A941,0),14) -> 28500 | G20: =ROUND(IF(N20="S",L20,L20),2) -> 0.62 | H20: =IF(N20="I",$J$6,$J$5) -> 0.21796407 | I20: =ROUND(IF(N20="I",L20+L20*$J$6,L20+L20*$J$5),2) -> 0.76 | J20: =IF('M.TOTAL I'!L20<>0,ROUND('M.TOTAL I'!I20*'M.TOTAL I'!F20,2),0) -> 21660 | K20: =J20/$J$41 -> 0.0007426146 | L20: =IF($O$2="DESONERADA",IF(C20=0,0,INDEX(FONTE!$B:$G,MATCH('M.TOTAL I'!C20,FONTE!$B:$B,0),4)),IF(C20=0,0,INDEX(FONTE!$B:$G,MATCH('M.TOTAL I'!C20,FONTE!$B:$B,0),5))) -> 0.62
A21: =A20+1 -> 8 | B21: =IF(C21=0," ",INDEX(FONTE!$B:$G,MATCH('M.TOTAL I'!C21,FONTE!$B:$B,0),6)) -> SICRO | C21: 5501880 | D21: =UPPER(IF(C21=0," ",INDEX(FONTE!$B:$G,MATCH('M.TOTAL I'!C21,FONTE!$B:$B,0),2))) -> ESCAVAÇÃO, CARGA E TRANSPORTE DE MATERIAL DE 1ª CATEGORIA - DMT DE 1.000 A 1.200 M - CAMINHO DE SERVIÇO EM LEITO NATURAL - COM CARREGADEIRA E CAMINHÃO BASCULANTE DE 14 M³ | E21: =UPPER(IF(C21=0," ",INDEX(FONTE!$B:$G,MATCH('M.TOTAL I'!C21,FONTE!$B:$B,0),3))) -> M³ | F21: =INDEX('MC TOTAL I'!A18:N942,MATCH('M.TOTAL I'!A21,'MC TOTAL I'!A18:A942,0),14) -> 39900 | G21: =ROUND(IF(N21="S",L21,L21),2) -> 12.16 | H21: =IF(N21="I",$J$6,$J$5) -> 0.21796407 | I21: =ROUND(IF(N21="I",L21+L21*$J$6,L21+L21*$J$5),2) -> 14.81 | J21: =IF('M.TOTAL I'!L21<>0,ROUND('M.TOTAL I'!I21*'M.TOTAL I'!F21,2),0) -> 590919 | K21: =J21/$J$41 -> 0.020259699 | L21: =IF($O$2="DESONERADA",IF(C21=0,0,INDEX(FONTE!$B:$G,MATCH('M.TOTAL I'!C21,FONTE!$B:$B,0),4)),IF(C21=0,0,INDEX(FONTE!$B:$G,MATCH('M.TOTAL I'!C21,FONTE!$B:$B,0),5))) -> 12.16
A22: =A21+1 -> 9 | B22: =IF(C22=0," ",INDEX(FONTE!$B:$G,MATCH('M.TOTAL I'!C22,FONTE!$B:$B,0),6)) -> SICRO | C22: 4413942 | D22: =UPPER(IF(C22=0," ",INDEX(FONTE!$B:$G,MATCH('M.TOTAL I'!C22,FONTE!$B:$B,0),2))) -> ESPALHAMENTO DE MATERIAL EM BOTA-FORA | E22: =UPPER(IF(C22=0," ",INDEX(FONTE!$B:$G,MATCH('M.TOTAL I'!C22,FONTE!$B:$B,0),3))) -> M³ | F22: =INDEX('MC TOTAL I'!A19:N943,MATCH('M.TOTAL I'!A22,'MC TOTAL I'!A19:A943,0),14) -> 39900 | G22: =ROUND(IF(N22="S",L22,L22),2) -> 1.59 | H22: =IF(N22="I",$J$6,$J$5) -> 0.21796407 | I22: =ROUND(IF(N22="I",L22+L22*$J$6,L22+L22*$J$5),2) -> 1.94 | J22: =IF('M.TOTAL I'!L22<>0,ROUND('M.TOTAL I'!I22*'M.TOTAL I'!F22,2),0) -> 77406 | K22: =J22/$J$41 -> 0.0026538701 | L22: =IF($O$2="DESONERADA",IF(C22=0,0,INDEX(FONTE!$B:$G,MATCH('M.TOTAL I'!C22,FONTE!$B:$B,0),4)),IF(C22=0,0,INDEX(FONTE!$B:$G,MATCH('M.TOTAL I'!C22,FONTE!$B:$B,0),5))) -> 1.59
D23: PAVIMENTAÇÃO | J23: =SUBTOTAL(9,J24:J29) -> 19986366 | K23: =J23/$J$41 -> 0.68523394
A24: 10 | B24: =IF(C24=0," ",INDEX(FONTE!$B:$G,MATCH('M.TOTAL I'!C24,FONTE!$B:$B,0),6)) -> SICRO | C24: 4011209 | D24: =UPPER(IF(C24=0," ",INDEX(FONTE!$B:$G,MATCH('M.TOTAL I'!C24,FONTE!$B:$B,0),2))) -> REGULARIZAÇÃO DO SUBLEITO | E24: =UPPER(IF(C24=0," ",INDEX(FONTE!$B:$G,MATCH('M.TOTAL I'!C24,FONTE!$B:$B,0),3))) -> M² | F24: =INDEX('MC TOTAL I'!A21:N945,MATCH('M.TOTAL I'!A24,'MC TOTAL I'!A21:A945,0),14) -> 199500 | G24: =ROUND(IF(N24="S",L24,L24),2) -> 1.17 | H24: =IF(N24="I",$J$6,$J$5) -> 0.21796407 | I24: =ROUND(IF(N24="I",L24+L24*$J$6,L24+L24*$J$5),2) -> 1.43 | J24: =IF('M.TOTAL I'!L24<>0,ROUND('M.TOTAL I'!I24*'M.TOTAL I'!F24,2),0) -> 285285 | K24: =J24/$J$41 -> 0.009781016 | L24: =IF($O$2="DESONERADA",IF(C24=0,0,INDEX(FONTE!$B:$G,MATCH('M.TOTAL I'!C24,FONTE!$B:$B,0),4)),IF(C24=0,0,INDEX(FONTE!$B:$G,MATCH('M.TOTAL I'!C24,FONTE!$B:$B,0),5))) -> 1.17
A25: =A24+1 -> 11 | B25: =IF(C25=0," ",INDEX(FONTE!$B:$G,MATCH('M.TOTAL I'!C25,FONTE!$B:$B,0),6)) -> SICRO | C25: 4011228 | D25: =UPPER(IF(C25=0," ",INDEX(FONTE!$B:$G,MATCH('M.TOTAL I'!C25,FONTE!$B:$B,0),2))) -> SUB-BASE ESTABILIZADA GRANULOMETRICAMENTE COM MISTURA DE SOLOS NA PISTA COM MATERIAL DE JAZIDA | E25: =UPPER(IF(C25=0," ",INDEX(FONTE!$B:$G,MATCH('M.TOTAL I'!C25,FONTE!$B:$B,0),3))) -> M³ | F25: =INDEX('MC TOTAL I'!A21:N946,MATCH('M.TOTAL I'!A25,'MC TOTAL I'!A21:A946,0),14) -> 39900 | G25: =ROUND(IF(N25="S",L25,L25),2) -> 13.21 | H25: =IF(N25="I",$J$6,$J$5) -> 0.21796407 | I25: =ROUND(IF(N25="I",L25+L25*$J$6,L25+L25*$J$5),2) -> 16.09 | J25: =IF('M.TOTAL I'!L25<>0,ROUND('M.TOTAL I'!I25*'M.TOTAL I'!F25,2),0) -> 641991 | K25: =J25/$J$41 -> 0.022010706 | L25: =IF($O$2="DESONERADA",IF(C25=0,0,INDEX(FONTE!$B:$G,MATCH('M.TOTAL I'!C25,FONTE!$B:$B,0),4)),IF(C25=0,0,INDEX(FONTE!$B:$G,MATCH('M.TOTAL I'!C25,FONTE!$B:$B,0),5))) -> 13.21 | O25: =F25*0.3 -> 11970
A26: =A25+1 -> 12 | B26: =IF(C26=0," ",INDEX(FONTE!$B:$G,MATCH('M.TOTAL I'!C26,FONTE!$B:$B,0),6)) -> SICRO | C26: 5914359 | D26: =CONCATENATE(UPPER(IF(C26=0," ",INDEX(FONTE!$B:$G,MATCH('M.TOTAL I'!C26,FONTE!$B:$B,0),2)))," - SOLO PARA SUB-BASE - DMT = ",O26,"KM") -> TRANSPORTE COM CAMINHÃO BASCULANTE DE 10 M³ - RODOVIA EM LEITO NATURAL - SOLO PARA SUB-BASE - DMT = 10KM | E26: =UPPER(IF(C26=0," ",INDEX(FONTE!$B:$G,MATCH('M.TOTAL I'!C26,FONTE!$B:$B,0),3))) -> TKM | F26: =INDEX('MC TOTAL I'!A21:N947,MATCH('M.TOTAL I'!A26,'MC TOTAL I'!A21:A947,0),14) -> 821940 | G26: =ROUND(IF(N26="S",L26,L26),2) -> 1.27 | H26: =IF(N26="I",$J$6,$J$5) -> 0.21796407 | I26: =ROUND(IF(N26="I",L26+L26*$J$6,L26+L26*$J$5),2) -> 1.55 | J26: =IF('M.TOTAL I'!L26<>0,ROUND('M.TOTAL I'!I26*'M.TOTAL I'!F26,2),0) -> 1274007 | K26: =J26/$J$41 -> 0.043679418 | L26: =IF($O$2="DESONERADA",IF(C26=0,0,INDEX(FONTE!$B:$G,MATCH('M.TOTAL I'!C26,FONTE!$B:$B,0),4)),IF(C26=0,0,INDEX(FONTE!$B:$G,MATCH('M.TOTAL I'!C26,FONTE!$B:$B,0),5))) -> 1.27 | O26: 10 | P26: KM
A27: =A26+1 -> 13 | B27: =IF(C27=0," ",INDEX(FONTE!$B:$G,MATCH('M.TOTAL I'!C27,FONTE!$B:$B,0),6)) -> SINAPI-S | C27: 92404 | D27: EXECUÇÃO DE PAVIMENTO EM PISO INTERTRAVADO, COM BLOCO 16 FACES DE 22 X 11 CM, ESPESSURA 8 CM. AF_10/2022, EXCLUSIVE BLOQUETE/PISO INTERTRAVADO | E27: =UPPER(IF(C27=0," ",INDEX(FONTE!$B:$G,MATCH('M.TOTAL I'!C27,FONTE!$B:$B,0),3))) -> M2 | F27: =INDEX('MC TOTAL I'!A21:N948,MATCH('M.TOTAL I'!A27,'MC TOTAL I'!A21:A948,0),14) -> 190950 | G27: =ROUND(IF(N27="S",L27,L27),2) -> 19.46 | H27: =IF(N27="I",$J$6,$J$5) -> 0.21796407 | I27: =ROUND(IF(N27="I",L27+L27*$J$6,L27+L27*$J$5),2) -> 23.7 | J27: =IF('M.TOTAL I'!L27<>0,ROUND('M.TOTAL I'!I27*'M.TOTAL I'!F27,2),0) -> 4525515 | K27: =J27/$J$41 -> 0.15515759 | L27: =IF($O$2="DESONERADA",IF(C27=0,0,INDEX(FONTE!$B:$G,MATCH('M.TOTAL I'!C27,FONTE!$B:$B,0),4)),IF(C27=0,0,INDEX(FONTE!$B:$G,MATCH('M.TOTAL I'!C27,FONTE!$B:$B,0),5)))-L28 -> 19.46 | O27: =F27*0.3 -> 57285
A28: 13 | B28: =IF(C28=0," ",INDEX(FONTE!$B:$G,MATCH('M.TOTAL I'!C28,FONTE!$B:$B,0),6)) -> SINAPI-I | C28: 36170 | D28: BLOQUETE/PISO INTERTRAVADO DE CONCRETO - MODELO ONDA/16 FACES/RETANGULAR/TIJOLINHO/PAVER/HOLANDES/PARALELEPIPEDO, *22 CM X 11* CM, E = 8 CM, RESISTENCIA DE 35 MPA (NBR 9781), COR NATURAL, COM FRETE | E28: =UPPER(IF(C28=0," ",INDEX(FONTE!$B:$G,MATCH('M.TOTAL I'!C28,FONTE!$B:$B,0),3))) -> M2 | F28: =INDEX('MC TOTAL I'!A22:N949,MATCH('M.TOTAL I'!A28,'MC TOTAL I'!A22:A949,0),14) -> 190950 | G28: =ROUND(IF(N28="S",L28,L28),2) -> 52.45 | H28: =BDI_MATERIAIS -> 0.15 | I28: =ROUND(L28+L28*$J$6,2) -> 60.32 | J28: =IF('M.TOTAL I'!L28<>0,ROUND('M.TOTAL I'!I28*'M.TOTAL I'!F28,2),0) -> 11518104 | K28: =J28/$J$41 -> 0.39489899 | L28: =IF($O$2="DESONERADA",IF(C28=0,0,INDEX(FONTE!$B:$G,MATCH('M.TOTAL I'!C28,FONTE!$B:$B,0),4)),IF(C28=0,0,INDEX(FONTE!$B:$G,MATCH('M.TOTAL I'!C28,FONTE!$B:$B,0),5))) -> 52.45 | N28: " I " | O28: *Para simples fornecimento do bloquete/piso intertravado, sem agregação de serviço, foi considerado com BDI de materias
A29: =A27+1 -> 14 | B29: =IF(C29=0," ",INDEX(FONTE!$B:$G,MATCH('M.TOTAL I'!C29,FONTE!$B:$B,0),6)) -> SICRO | C29: 5914479 | D29: =CONCATENATE(UPPER(IF(C29=0," ",INDEX(FONTE!$B:$G,MATCH('M.TOTAL I'!C29,FONTE!$B:$B,0),2)))," - BLOCO INTERTRAVADO - DMT = ",O29,"KM") -> TRANSPORTE COM CAMINHÃO CARROCERIA DE 15 T - RODOVIA PAVIMENTADA - BLOCO INTERTRAVADO - DMT = 10KM | E29: =UPPER(IF(C29=0," ",INDEX(FONTE!$B:$G,MATCH('M.TOTAL I'!C29,FONTE!$B:$B,0),3))) -> TKM | F29: =INDEX('MC TOTAL I'!A23:N950,MATCH('M.TOTAL I'!A29,'MC TOTAL I'!A23:A950,0),14) -> 1833120 | G29: =ROUND(IF(N29="S",L29,L29),2) -> 0.78 | H29: =IF(N29="I",$J$6,$J$5) -> 0.21796407 | I29: =ROUND(IF(N29="I",L29+L29*$J$6,L29+L29*$J$5),2) -> 0.95 | J29: =IF('M.TOTAL I'!L29<>0,ROUND('M.TOTAL I'!I29*'M.TOTAL I'!F29,2),0) -> 1741464 | K29: =J29/$J$41 -> 0.059706214 | L29: =IF($O$2="DESONERADA",IF(C29=0,0,INDEX(FONTE!$B:$G,MATCH('M.TOTAL I'!C29,FONTE!$B:$B,0),4)),IF(C29=0,0,INDEX(FONTE!$B:$G,MATCH('M.TOTAL I'!C29,FONTE!$B:$B,0),5))) -> 0.78 | O29: 10 | P29: KM
D30: DRENAGEM | J30: =SUBTOTAL(9,J31:J31) -> 4618710 | K30: =J30/$J$41 -> 0.15835279
A31: =A29+1 -> 15 | B31: =IF(C31=0," ",INDEX(FONTE!$B:$G,MATCH('M.TOTAL I'!C31,FONTE!$B:$B,0),6)) -> SICRO | C31: 2003373 | D31: =UPPER(IF(C31=0," ",INDEX(FONTE!$B:$G,MATCH('M.TOTAL I'!C31,FONTE!$B:$B,0),2))) -> MEIO-FIO DE CONCRETO - MFC 03 - AREIA E BRITA COMERCIAIS - FÔRMA DE MADEIRA | E31: =UPPER(IF(C31=0," ",INDEX(FONTE!$B:$G,MATCH('M.TOTAL I'!C31,FONTE!$B:$B,0),3))) -> M | F31: =INDEX('MC TOTAL I'!A25:N952,MATCH('M.TOTAL I'!A31,'MC TOTAL I'!A25:A952,0),14) -> 57000 | G31: =ROUND(IF(N31="S",L31,L31),2) -> 66.53 | H31: =IF(N31="I",$J$6,$J$5) -> 0.21796407 | I31: =ROUND(IF(N31="I",L31+L31*$J$6,L31+L31*$J$5),2) -> 81.03 | J31: =IF('M.TOTAL I'!L31<>0,ROUND('M.TOTAL I'!I31*'M.TOTAL I'!F31,2),0) -> 4618710 | K31: =J31/$J$41 -> 0.15835279 | L31: =IF($O$2="DESONERADA",IF(C31=0,0,INDEX(FONTE!$B:$G,MATCH('M.TOTAL I'!C31,FONTE!$B:$B,0),4)),IF(C31=0,0,INDEX(FONTE!$B:$G,MATCH('M.TOTAL I'!C31,FONTE!$B:$B,0),5))) -> 66.53 | O31: =F31*0.15 -> 8550
D32: SINALIZAÇÃO | J32: =SUBTOTAL(9,J33:J35) -> 1075794.1 | K32: =J32/$J$41 -> 0.036883674
A33: =A31+1 -> 16 | B33: =IF(C33=0," ",INDEX(FONTE!$B:$G,MATCH('M.TOTAL I'!C33,FONTE!$B:$B,0),6)) -> SICRO | C33: 5213440 | D33: =UPPER(IF(C33=0," ",INDEX(FONTE!$B:$G,MATCH('M.TOTAL I'!C33,FONTE!$B:$B,0),2))) -> PLACA DE REGULAMENTAÇÃO EM AÇO D = 0,60 M - PELÍCULA RETRORREFLETIVA TIPO I + SI - FORNECIMENTO E IMPLANTAÇÃO | E33: =UPPER(IF(C33=0," ",INDEX(FONTE!$B:$G,MATCH('M.TOTAL I'!C33,FONTE!$B:$B,0),3))) -> UN | F33: =INDEX('MC TOTAL I'!A26:N954,MATCH('M.TOTAL I'!A33,'MC TOTAL I'!A26:A954,0),14) -> 114 | G33: =ROUND(IF(N33="S",L33,L33),2) -> 264.48 | H33: =IF(N33="I",$J$6,$J$5) -> 0.21796407 | I33: =ROUND(IF(N33="I",L33+L33*$J$6,L33+L33*$J$5),2) -> 322.13 | J33: =IF('M.TOTAL I'!L33<>0,ROUND('M.TOTAL I'!I33*'M.TOTAL I'!F33,2),0) -> 36722.82 | K33: =J33/$J$41 -> 0.0012590444 | L33: =IF($O$2="DESONERADA",IF(C33=0,0,INDEX(FONTE!$B:$G,MATCH('M.TOTAL I'!C33,FONTE!$B:$B,0),4)),IF(C33=0,0,INDEX(FONTE!$B:$G,MATCH('M.TOTAL I'!C33,FONTE!$B:$B,0),5))) -> 264.48
A34: =A33+1 -> 17 | B34: =IF(C34=0," ",INDEX(FONTE!$B:$G,MATCH('M.TOTAL I'!C34,FONTE!$B:$B,0),6)) -> SICRO | C34: 5213863 | D34: =UPPER(IF(C34=0," ",INDEX(FONTE!$B:$G,MATCH('M.TOTAL I'!C34,FONTE!$B:$B,0),2))) -> SUPORTE METÁLICO GALVANIZADO PARA PLACA DE ADVERTÊNCIA OU REGULAMENTAÇÃO - LADO OU DIÂMETRO DE 0,60 M - FORNECIMENTO E IMPLANTAÇÃO | E34: =UPPER(IF(C34=0," ",INDEX(FONTE!$B:$G,MATCH('M.TOTAL I'!C34,FONTE!$B:$B,0),3))) -> UN | F34: =INDEX('MC TOTAL I'!A26:N955,MATCH('M.TOTAL I'!A34,'MC TOTAL I'!A26:A955,0),14) -> 114 | G34: =ROUND(IF(N34="S",L34,L34),2) -> 435.9 | H34: =IF(N34="I",$J$6,$J$5) -> 0.21796407 | I34: =ROUND(IF(N34="I",L34+L34*$J$6,L34+L34*$J$5),2) -> 530.91 | J34: =IF('M.TOTAL I'!L34<>0,ROUND('M.TOTAL I'!I34*'M.TOTAL I'!F34,2),0) -> 60523.74 | K34: =J34/$J$41 -> 0.0020750606 | L34: =IF($O$2="DESONERADA",IF(C34=0,0,INDEX(FONTE!$B:$G,MATCH('M.TOTAL I'!C34,FONTE!$B:$B,0),4)),IF(C34=0,0,INDEX(FONTE!$B:$G,MATCH('M.TOTAL I'!C34,FONTE!$B:$B,0),5))) -> 435.9 | Q34: =1500*7*19 -> 199500
A35: =A34+1 -> 18 | B35: =IF(C35=0," ",INDEX(FONTE!$B:$G,MATCH('M.TOTAL I'!C35,FONTE!$B:$B,0),6)) -> SICRO | C35: 5213400 | D35: =UPPER(IF(C35=0," ",INDEX(FONTE!$B:$G,MATCH('M.TOTAL I'!C35,FONTE!$B:$B,0),2))) -> PINTURA DE FAIXA COM TINTA ACRÍLICA - ESPESSURA DE 0,4 MM | E35: =UPPER(IF(C35=0," ",INDEX(FONTE!$B:$G,MATCH('M.TOTAL I'!C35,FONTE!$B:$B,0),3))) -> M² | F35: =INDEX('MC TOTAL I'!A26:N956,MATCH('M.TOTAL I'!A35,'MC TOTAL I'!A26:A956,0),14) -> 25650 | G35: =ROUND(IF(N35="S",L35,L35),2) -> 31.32 | H35: =IF(N35="I",$J$6,$J$5) -> 0.21796407 | I35: =ROUND(IF(N35="I",L35+L35*$J$6,L35+L35*$J$5),2) -> 38.15 | J35: =IF('M.TOTAL I'!L35<>0,ROUND('M.TOTAL I'!I35*'M.TOTAL I'!F35,2),0) -> 978547.5 | K35: =J35/$J$41 -> 0.033549569 | L35: =IF($O$2="DESONERADA",IF(C35=0,0,INDEX(FONTE!$B:$G,MATCH('M.TOTAL I'!C35,FONTE!$B:$B,0),4)),IF(C35=0,0,INDEX(FONTE!$B:$G,MATCH('M.TOTAL I'!C35,FONTE!$B:$B,0),5))) -> 31.32
D36: CONTROLE TECNOLÓGICO – OBRA | J36: =SUBTOTAL(9,J37) -> 120298.5 | K36: =J36/$J$41 -> 0.0041244424 | P36: =J41*3 -> 87501646
A37: 19 | B37: SICRO | C37: CPUE08 | D37: CONTROLE TECNOLÓGICO – OBRA | E37: =CPUE!F86 -> m² | F37: =F27 -> 190950 | G37: =CPUE!H86 -> 0.52 | H37: =IF(N37="I",$J$6,$J$5) -> 0.21796407 | I37: =ROUND(G37*BDI_SERVIÇOS+G37,2) -> 0.63 | J37: =ROUND(F37*I37,2) -> 120298.5 | K37: =J37/$J$41 -> 0.0041244424
D38: SERVIÇOS COMPLEMENTARES | J38: =SUBTOTAL(9,J39:J40) -> 285817 | K38: =J38/$J$41 -> 0.0097992556
A39: =A35+1 -> 19 | B39: =IF(C39=0," ",INDEX(FONTE!$B:$G,MATCH('M.TOTAL I'!C39,FONTE!$B:$B,0),6)) -> CODEVASF | C39: CPUE06 | D39: =UPPER(IF(C39=0," ",INDEX(FONTE!$B:$G,MATCH('M.TOTAL I'!C39,FONTE!$B:$B,0),2))) -> CONSERTO DE QUEBRA DE RAMAL NA RUA SEM PAVIMENTO COM FORNECIMENTO DE MATERIAL HIDRÁULICO | E39: =UPPER(IF(C39=0," ",INDEX(FONTE!$B:$G,MATCH('M.TOTAL I'!C39,FONTE!$B:$B,0),3))) -> M | F39: =INDEX('MC TOTAL I'!A26:N958,MATCH('M.TOTAL I'!A39,'MC TOTAL I'!A26:A958,0),14) -> 1900 | G39: =ROUND(IF(N39="S",L39,L39),2) -> 16.61 | H39: =IF(N39="I",$J$6,$J$5) -> 0.21796407 | I39: =ROUND(IF(N39="I",L39+L39*$J$6,L39+L39*$J$5),2) -> 20.23 | J39: =IF('M.TOTAL I'!L39<>0,ROUND('M.TOTAL I'!I39*'M.TOTAL I'!F39,2),0) -> 38437 | K39: =J39/$J$41 -> 0.0013178152 | L39: =IF($O$2="DESONERADA",IF(C39=0,0,INDEX(FONTE!$B:$G,MATCH('M.TOTAL I'!C39,FONTE!$B:$B,0),4)),IF(C39=0,0,INDEX(FONTE!$B:$G,MATCH('M.TOTAL I'!C39,FONTE!$B:$B,0),5))) -> 16.61
A40: =A39+1 -> 20 | B40: =IF(C40=0," ",INDEX(FONTE!$B:$G,MATCH('M.TOTAL I'!C40,FONTE!$B:$B,0),6)) -> CODEVASF | C40: CPUE07 | D40: =UPPER(IF(C40=0," ",INDEX(FONTE!$B:$G,MATCH('M.TOTAL I'!C40,FONTE!$B:$B,0),2))) -> LIMPEZA DE RUAS (VARRIÇÃO E REMOÇÃO DE ENTULHOS) | E40: =UPPER(IF(C40=0," ",INDEX(FONTE!$B:$G,MATCH('M.TOTAL I'!C40,FONTE!$B:$B,0),3))) -> M2 | F40: =INDEX('MC TOTAL I'!A26:N959,MATCH('M.TOTAL I'!A40,'MC TOTAL I'!A26:A959,0),14) -> 199500 | G40: =ROUND(IF(N40="S",L40,L40),2) -> 1.02 | H40: =IF(N40="I",$J$6,$J$5) -> 0.21796407 | I40: =ROUND(IF(N40="I",L40+L40*$J$6,L40+L40*$J$5),2) -> 1.24 | J40: =IF('M.TOTAL I'!L40<>0,ROUND('M.TOTAL I'!I40*'M.TOTAL I'!F40,2),0) -> 247380 | K40: =J40/$J$41 -> 0.0084814404 | L40: =IF($O$2="DESONERADA",IF(C40=0,0,INDEX(FONTE!$B:$G,MATCH('M.TOTAL I'!C40,FONTE!$B:$B,0),4)),IF(C40=0,0,INDEX(FONTE!$B:$G,MATCH('M.TOTAL I'!C40,FONTE!$B:$B,0),5))) -> 1.02
I41: TOTAL GERAL: | J41: =J38+J36+J32+J30+J23+J19+J14+J11 -> 29167215 | K41: =SUM(K11:K40)/2 -> 1

Sheet MC TOTAL I
D1: MINISTÉRIO DA INTEGRAÇÃO E DO DESENVOLVIMENTO REGIONAL - MIDR COMPANHIA DE DESENVOLVIMENTO DOS VALES DO SÃO FRANCISCO E DO PARNAÍBA | S1: MÓDULO | T1: LARGURA | U1: 7 | V1: m | X1: PESO equip.(t) | Y1: DMTequip.(km) | Z1: DMT subbase.(km)
S2: ='M.TOTAL I'!P10 -> 19 | T2: EXTENSÃO | U2: 1500 | V2: m | X2: ='MOB-DESMOB'!H28 -> 41.7 | Y2: 100 | Z2: 10
A3: EXECUÇÃO DE SERVIÇOS DE IMPLANTAÇÃO DE PAVIMENTAÇÃO EM BLOCO DE CONCRETO INTERTRAVADO EM VIAS DE DIVERSOS MUNICÍPIOS INSERIDOS NA ÁREA DE ATUAÇÃO DA CODEVASF NO ESTADO DO CEARÁ | Y3: DMT paver.(km)
P4: Subtotais | Q4: =SUM(N:N)/2 -> 3864818.1 | S4: tempo da obra | Y4: 50
A5: MEMÓRIA DE CÁLCULO - LOTE 3 - 19 MÓDULOS | Q5: =SUBTOTAL(9,N:N)-Q4 -> 0 | S5: 12
B6: ='M.TOTAL I'!D11 -> PROJETO EXECUTIVO
A7: Item | B7: Descrição | L7: Unidade | N7: Quantidade
A8: ='M.TOTAL I'!A12 -> 1 | B8: =IFERROR(INDEX('M.TOTAL I'!A:J,MATCH('MC TOTAL I'!A8,'M.TOTAL I'!A:A,0),4)," ") -> LEVANTAMENTO TOPOGRÁFICO DE VIA PÚBLICA E SEMI-CADASTRO DE IMÓVEIS | L8: =IFERROR(INDEX('M.TOTAL I'!A:J,MATCH('MC TOTAL I'!A8,'M.TOTAL I'!A:A,0),5)," ") -> M | N8: =SUBTOTAL(9,N10) -> 28500
A9: ORÇAMENTO SINTÉTICO - LOTE 1 | B9: Extensão do módulo x | D9: Quantidade de módulos
B10: =U2 -> 1500 | D10: =$S$2 -> 19 | M10: = | N10: =ROUND(B10*D10,2) -> 28500 | P10: 26
A12: ='M.TOTAL I'!A13 -> 2 | B12: =IFERROR(INDEX('M.TOTAL I'!A:J,MATCH('MC TOTAL I'!A12,'M.TOTAL I'!A:A,0),4)," ") -> PROJETO EXECUTIVO - PAVIMENTO EM BLOCO DE CONCRETO | L12: =IFERROR(INDEX('M.TOTAL I'!A:J,MATCH('MC TOTAL I'!A12,'M.TOTAL I'!A:A,0),5)," ") -> M2 | N12: =SUBTOTAL(9,N14) -> 199500
B13: Extensão (m) | C13: x Largura (m) | D13: x Quantidade de módulos
B14: =$U$2 -> 1500 | C14: =U1 -> 7 | D14: =$S$2 -> 19 | M14: = | N14: =ROUND(B14*C14*D14,2) -> 199500
B16: ='M.TOTAL I'!D14 -> SERVIÇOS PRELIMINARES
A17: Item | B17: Descrição | L17: Unidade | N17: Quantidade
A18: ='M.TOTAL I'!A15 -> 3 | B18: =IFERROR(INDEX('M.TOTAL I'!A:J,MATCH('MC TOTAL I'!A18,'M.TOTAL I'!A:A,0),4)," ") -> ADMINISTRAÇÃO LOCAL DA OBRA (PAV. INTERTRAVADA) | L18: =IFERROR(INDEX('M.TOTAL I'!A:J,MATCH('MC TOTAL I'!A18,'M.TOTAL I'!A:A,0),5)," ") -> UND | N18: =SUBTOTAL(9,N20) -> 19
B19: Equipe | C19: x Qnt de módulos
B20: 1 | C20: =$S$2 -> 19 | M20: = | N20: =ROUND(B20*C20,2) -> 19
A22: ='M.TOTAL I'!A16 -> 4 | B22: =IFERROR(INDEX('M.TOTAL I'!A:J,MATCH('MC TOTAL I'!A22,'M.TOTAL I'!A:A,0),4)," ") -> FORNECIMENTO E INSTALAÇÃO DE PLACA DE OBRA COM CHAPA GALVANIZADA E ESTRUTURA DE MADEIRA. AF_03/2022_PS | L22: =IFERROR(INDEX('M.TOTAL I'!A:J,MATCH('MC TOTAL I'!A22,'M.TOTAL I'!A:A,0),5)," ") -> M2 | N22: =SUBTOTAL(9,N24) -> 123.12
B23: Altura (m) | C23: x Comprimento (m) x | E23: Quantidade
B24: 1.8 | C24: 3.6 | E24: =S2 -> 19 | M24: = | N24: =ROUND(B24*C24*E24,2) -> 123.12
A26: ='M.TOTAL I'!A17 -> 5 | B26: =IFERROR(INDEX('M.TOTAL I'!A:J,MATCH('MC TOTAL I'!A26,'M.TOTAL I'!A:A,0),4)," ") -> MOBILIZAÇÃO E DESMOBILIZAÇÃO DE EQUIPAMENTOS | L26: =IFERROR(INDEX('M.TOTAL I'!A:J,MATCH('MC TOTAL I'!A26,'M.TOTAL I'!A:A,0),5)," ") -> TKM | N26: =SUBTOTAL(9,N28) -> 158460
B27: Peso total dos equip. (t) | C27: x DMT x (km) | D27: Repetição | E27: Quantidade módulos
B28: =X2 -> 41.7 | C28: =Y2 -> 100 | D28: 2 | E28: =$S$2 -> 19 | M28: = | N28: =ROUND(B28*C28*D28*E28,2) -> 158460
A30: ='M.TOTAL I'!A18 -> 6 | B30: =IFERROR(INDEX('M.TOTAL I'!A:J,MATCH('MC TOTAL I'!A30,'M.TOTAL I'!A:A,0),4)," ") -> CANTEIRO DE OBRAS E ALMOXARIFADO | L30: =IFERROR(INDEX('M.TOTAL I'!A:J,MATCH('MC TOTAL I'!A30,'M.TOTAL I'!A:A,0),5)," ") -> UN | N30: =SUBTOTAL(9,N32) -> 228
B31: Obra x | C31: Meses X | D31: Quantidade módulos
B32: 1 | C32: =S5 -> 12 | D32: =$S$2 -> 19 | M32: = | N32: =ROUND(B32*C32*D32,2) -> 228
B34: ='M.TOTAL I'!D19 -> TERRAPLENAGEM
A35: Item | B35: Descrição | L35: Unidade | N35: Quantidade
A36: ='M.TOTAL I'!A20 -> 7 | B36: =IFERROR(INDEX('M.TOTAL I'!A:J,MATCH('MC TOTAL I'!A36,'M.TOTAL I'!A:A,0),4)," ") -> LOCAÇÃO DE PAVIMENTAÇÃO. AF_10/2018 | L36: =IFERROR(INDEX('M.TOTAL I'!A:J,MATCH('MC TOTAL I'!A36,'M.TOTAL I'!A:A,0),5)," ") -> M | N36: =SUBTOTAL(9,N38) -> 28500
B37: Extensão (m) | C37: x Largura (m) | D37: x Quantidade de módulos
B38: =$U$2 -> 1500 | C38: 1 | D38: =$S$2 -> 19 | M38: = | N38: =ROUND(B38*C38*D38,2) -> 28500
A40: ='M.TOTAL I'!A21 -> 8 | B40: =IFERROR(INDEX('M.TOTAL I'!A:J,MATCH('MC TOTAL I'!A40,'M.TOTAL I'!A:A,0),4)," ") -> ESCAVAÇÃO, CARGA E TRANSPORTE DE MATERIAL DE 1ª CATEGORIA - DMT DE 1.000 A 1.200 M - CAMINHO DE SERVIÇO EM LEITO NATURAL - COM CARREGADEIRA E CAMINHÃO BASCULANTE DE 14 M³ | L40: =IFERROR(INDEX('M.TOTAL I'!A:J,MATCH('MC TOTAL I'!A40,'M.TOTAL I'!A:A,0),5)," ") -> M³ | N40: =SUBTOTAL(9,N42) -> 39900
B41: Extensão (m) | C41: x Largura (m) x Espessura (m) x | F41: Quantidade de módulos
B42: =$U$2 -> 1500 | C42: =$U$1 -> 7 | E42: 0.2 | F42: =$S$2 -> 19 | M42: = | N42: =ROUND(B42*C42*E42*F42,2) -> 39900
A44: ='M.TOTAL I'!A22 -> 9 | B44: =IFERROR(INDEX('M.TOTAL I'!A:J,MATCH('MC TOTAL I'!A44,'M.TOTAL I'!A:A,0),4)," ") -> ESPALHAMENTO DE MATERIAL EM BOTA-FORA | L44: =IFERROR(INDEX('M.TOTAL I'!A:J,MATCH('MC TOTAL I'!A44,'M.TOTAL I'!A:A,0),5)," ") -> M³ | N44: =SUBTOTAL(9,N46) -> 39900
B45: Extensão (m) | C45: x Largura (m) x Espessura (m) x | F45: Quantidade de módulos
B46: =$U$2 -> 1500 | C46: =$U$1 -> 7 | E46: =$E$42 -> 0.2 | F46: =$S$2 -> 19 | M46: = | N46: =ROUND(B46*C46*E46*F46,2) -> 39900
B48: ='M.TOTAL I'!D23 -> PAVIMENTAÇÃO
A49: Item | B49: Descrição | L49: Unidade | N49: Quantidade
A50: ='M.TOTAL I'!A24 -> 10 | B50: =IFERROR(INDEX('M.TOTAL I'!A:J,MATCH('MC TOTAL I'!A50,'M.TOTAL I'!A:A,0),4)," ") -> REGULARIZAÇÃO DO SUBLEITO | L50: =IFERROR(INDEX('M.TOTAL I'!A:J,MATCH('MC TOTAL I'!A50,'M.TOTAL I'!A:A,0),5)," ") -> M² | N50: =SUBTOTAL(9,N52) -> 199500
B51: Extensão (m) | C51: x Largura (m) | D51: x Quantidade de módulos
B52: =$U$2 -> 1500 | C52: =$U$1 -> 7 | D52: =$S$2 -> 19 | M52: = | N52: =ROUND(B52*C52*D52,2) -> 199500
A54: ='M.TOTAL I'!A25 -> 11 | B54: =IFERROR(INDEX('M.TOTAL I'!A:J,MATCH('MC TOTAL I'!A54,'M.TOTAL I'!A:A,0),4)," ") -> SUB-BASE ESTABILIZADA GRANULOMETRICAMENTE COM MISTURA DE SOLOS NA PISTA COM MATERIAL DE JAZIDA | L54: =IFERROR(INDEX('M.TOTAL I'!A:J,MATCH('MC TOTAL I'!A54,'M.TOTAL I'!A:A,0),5)," ") -> M³ | N54: =SUBTOTAL(9,N56) -> 39900
B55: Extensão (m) | C55: x Largura (m) x | E55: Espessura (m) | F55: x Quantidade de módulos
B56: =$U$2 -> 1500 | C56: =$U$1 -> 7 | E56: 0.2 | G56: =$S$2 -> 19 | M56: = | N56: =ROUND(B56*C56*E56*G56,2) -> 39900
A58: ='M.TOTAL I'!A26 -> 12 | B58: =IFERROR(INDEX('M.TOTAL I'!A:J,MATCH('MC TOTAL I'!A58,'M.TOTAL I'!A:A,0),4)," ") -> TRANSPORTE COM CAMINHÃO BASCULANTE DE 10 M³ - RODOVIA EM LEITO NATURAL - SOLO PARA SUB-BASE - DMT = 10KM | L58: =IFERROR(INDEX('M.TOTAL I'!A:J,MATCH('MC TOTAL I'!A58,'M.TOTAL I'!A:A,0),5)," ") -> TKM | N58: =SUBTOTAL(9,N60) -> 821940
B59: Volume material de sub-base (m³) | D59: x Peso Específico (t/m³) | F59: x DMT (km)
B60: =N54 -> 39900 | D60: 2.06 | F60: =$Z$2 -> 10 | M60: = | N60: =ROUND(B60*D60*F60,2) -> 821940
A62: ='M.TOTAL I'!A27 -> 13 | B62: =IFERROR(INDEX('M.TOTAL I'!A:J,MATCH('MC TOTAL I'!A62,'M.TOTAL I'!A:A,0),4)," ") -> EXECUÇÃO DE PAVIMENTO EM PISO INTERTRAVADO, COM BLOCO 16 FACES DE 22 X 11 CM, ESPESSURA 8 CM. AF_10/2022, EXCLUSIVE BLOQUETE/PISO INTERTRAVADO | L62: =IFERROR(INDEX('M.TOTAL I'!A:J,MATCH('MC TOTAL I'!A62,'M.TOTAL I'!A:A,0),5)," ") -> M2 | N62: =SUBTOTAL(9,N64) -> 190950
B63: Extensão (m) | C63: x Largura (m) (desc. sarjetas de 0,30m) | E63: x Quantidade de módulos
B64: =$U$2 -> 1500 | C64: =$U$1-0.3 -> 6.7 | E64: =$S$2 -> 19 | M64: = | N64: =ROUND(B64*C64*E64,2) -> 190950
A66: ='M.TOTAL I'!A29 -> 14 | B66: =IFERROR(INDEX('M.TOTAL I'!A:J,MATCH('MC TOTAL I'!A66,'M.TOTAL I'!A:A,0),4)," ") -> TRANSPORTE COM CAMINHÃO CARROCERIA DE 15 T - RODOVIA PAVIMENTADA - BLOCO INTERTRAVADO - DMT = 10KM | L66: =IFERROR(INDEX('M.TOTAL I'!A:J,MATCH('MC TOTAL I'!A66,'M.TOTAL I'!A:A,0),5)," ") -> TKM | N66: =SUBTOTAL(9,N68) -> 1833120
B67: Área total Intertravado (m²) | C67: x Densidade (t/m²) | D67: x DMT (km) | F67: Obs. Densidade do concreto (2,4t/m³) conforme item 8.2.2 da ABNT NBR 6118/2014
B68: =$N$62 -> 190950 | C68: 0.192 | D68: =Y$4 -> 50 | F68: para 0,08m³ de material, tem-se 0,192t/m³ | M68: = | N68: =ROUND(B68*C68*D68,2) -> 1833120
B70: ='M.TOTAL I'!D30 -> DRENAGEM
A71: Item | B71: Descrição | L71: Unidade | N71: Quantidade
A72: ='M.TOTAL I'!A31 -> 15 | B72: =IFERROR(INDEX('M.TOTAL I'!A:J,MATCH('MC TOTAL I'!A72,'M.TOTAL I'!A:A,0),4)," ") -> MEIO-FIO DE CONCRETO - MFC 03 - AREIA E BRITA COMERCIAIS - FÔRMA DE MADEIRA | L72: =IFERROR(INDEX('M.TOTAL I'!A:J,MATCH('MC TOTAL I'!A72,'M.TOTAL I'!A:A,0),5)," ") -> M | N72: =SUBTOTAL(9,N74) -> 57000
B73: Extensão (m) | C73: x Repetição | D73: x Quantidade de módulos
B74: =$U$2 -> 1500 | C74: 2 | D74: =$S$2 -> 19 | M74: = | N74: =ROUND(B74*C74*D74,2) -> 57000
B76: ='M.TOTAL I'!D32 -> SINALIZAÇÃO
A77: Item | B77: Descrição | L77: Unidade | N77: Quantidade
A78: ='M.TOTAL I'!A33 -> 16 | B78: =IFERROR(INDEX('M.TOTAL I'!A:J,MATCH('MC TOTAL I'!A78,'M.TOTAL I'!A:A,0),4)," ") -> PLACA DE REGULAMENTAÇÃO EM AÇO D = 0,60 M - PELÍCULA RETRORREFLETIVA TIPO I + SI - FORNECIMENTO E IMPLANTAÇÃO | L78: =IFERROR(INDEX('M.TOTAL I'!A:J,MATCH('MC TOTAL I'!A78,'M.TOTAL I'!A:A,0),5)," ") -> UN | N78: =SUBTOTAL(9,N80) -> 114
B79: Estimada por Módulo | C79: x Quantidade de Módulos
B80: 6 | C80: =$S$2 -> 19 | M80: = | N80: =ROUND(B80*C80,2) -> 114
A82: ='M.TOTAL I'!A34 -> 17 | B82: =IFERROR(INDEX('M.TOTAL I'!A:J,MATCH('MC TOTAL I'!A82,'M.TOTAL I'!A:A,0),4)," ") -> SUPORTE METÁLICO GALVANIZADO PARA PLACA DE ADVERTÊNCIA OU REGULAMENTAÇÃO - LADO OU DIÂMETRO DE 0,60 M - FORNECIMENTO E IMPLANTAÇÃO | L82: =IFERROR(INDEX('M.TOTAL I'!A:J,MATCH('MC TOTAL I'!A82,'M.TOTAL I'!A:A,0),5)," ") -> UN | N82: =SUBTOTAL(9,N84) -> 114
B83: Quantidade de placas
B84: =$N$78 -> 114 | M84: = | N84: =ROUND(B84,2) -> 114
A86: ='M.TOTAL I'!A35 -> 18 | B86: =IFERROR(INDEX('M.TOTAL I'!A:J,MATCH('MC TOTAL I'!A86,'M.TOTAL I'!A:A,0),4)," ") -> PINTURA DE FAIXA COM TINTA ACRÍLICA - ESPESSURA DE 0,4 MM | L86: =IFERROR(INDEX('M.TOTAL I'!A:J,MATCH('MC TOTAL I'!A86,'M.TOTAL I'!A:A,0),5)," ") -> M² | N86: =SUBTOTAL(9,N89:N93) -> 25650
B87: Pintura Preta para Sobreposição
B88: Extensão (m) | C88: x Largura (m) x | E88: Eixos | F88: x Quantidade de módulos
B89: =$U$2 -> 1500 | C89: 0.2 | E89: 3 | G89: =$S$2 -> 19 | M89: = | N89: =ROUND(B89*C89*E89*G89,2) -> 17100
B91: Pintura Amarela/branca - bordas e eixos
B92: Extensão (m) | C92: x Largura (m) x | E92: Eixos | F92: x Quantidade de módulos
B93: =$U$2 -> 1500 | C93: 0.1 | E93: 3 | G93: =$S$2 -> 19 | M93: = | N93: =ROUND(B93*C93*E93*G93,2) -> 8550
B95: ='M.TOTAL I'!D38 -> SERVIÇOS COMPLEMENTARES
A96: Item | B96: Descrição | L96: Unidade | N96: Quantidade
A97: ='M.TOTAL I'!A39 -> 19 | B97: =IFERROR(INDEX('M.TOTAL I'!A:J,MATCH('MC TOTAL I'!A97,'M.TOTAL I'!A:A,0),4)," ") -> CONTROLE TECNOLÓGICO – OBRA | L97: =IFERROR(INDEX('M.TOTAL I'!A:J,MATCH('MC TOTAL I'!A97,'M.TOTAL I'!A:A,0),5)," ") -> m² | N97: =SUBTOTAL(9,N99) -> 1900
B98: Estimada Módulo (m) | C98: x Quantidade de Módulos
B99: 100 | C99: =$S$2 -> 19 | M99: = | N99: =ROUND(B99*C99,2) -> 1900
A101: ='M.TOTAL I'!A40 -> 20 | B101: =IFERROR(INDEX('M.TOTAL I'!A:J,MATCH('MC TOTAL I'!A101,'M.TOTAL I'!A:A,0),4)," ") -> LIMPEZA DE RUAS (VARRIÇÃO E REMOÇÃO DE ENTULHOS) | L101: =IFERROR(INDEX('M.TOTAL I'!A:J,MATCH('MC TOTAL I'!A101,'M.TOTAL I'!A:A,0),5)," ") -> M2 | N101: =SUBTOTAL(9,N103) -> 199500
B102: Extensão (m) | C102: x Largura (m) | D102: x Quantidade de módulos
B103: =$U$2 -> 1500 | C103: =$U$1 -> 7 | D103: =$S$2 -> 19 | M103: = | N103: =ROUND(B103*C103*D103,2) -> 199500

Sheet M.UNIT
L1: =J41 -> 1535400.1 | M1: VALOR DO ORÇAMENTO | O1: TIPO DE TABELA | P1: BDI DESONERADO | Q1: BDI NÃO DESONERADO | R1: DESONERADA
D2: MINISTÉRIO DA INTEGRAÇÃO E DO DESENVOLVIMENTO REGIONAL - MIDR COMPANHIA DE DESENVOLVIMENTO DOS VALES DO SÃO FRANCISCO E DO PARNAÍBA | L2: =SUMPRODUCT(G16:G40,F16:F40) -> 1223675.2 | M2: VALOR SEM BDI | O2: NÃO DESONERADA | P2: ='BDI '!X28 -> 0 | Q2: ='BDI '!X23 -> 0 | R2: NÃO DESONERADA
L3: =L2*N3 -> 43929.939 | M3: ADM LOCAL | N3: 0.0359 | O3: =FONTE!C3 -> SICRO/CE 04/2023 SEM DESONERAÇÃO
O4: =FONTE!C2 -> SINAPI/CE 09/2023 SEM DESONERAÇÃO
A5: =CONCATENATE("FONTES DE PREÇOS UTILIZADAS: 1. ",O3," 2. ",O4) -> FONTES DE PREÇOS UTILIZADAS: 1. SICRO/CE 04/2023 SEM DESONERAÇÃO 2. SINAPI/CE 09/2023 SEM DESONERAÇÃO | E5: ES HORISTA: | G5: =ES!F46 -> 1.139 | H5: BDI SERVIÇOS: | J5: ='BDI '!E23 -> 0.21796407 | K5: DATA BASE
E6: ES MENSALISTA: | G6: =ES!G46 -> 0.7131 | H6: BDI MATERIAIS: | J6: ='M.TOTAL I'!BDI_MATERIAIS -> 0.15 | K6: 10/2023 | R6: Subtotais | S6: =SUM(J11:J41)/3 -> 1535400.1
A7: EXECUÇÃO DE SERVIÇOS DE IMPLANTAÇÃO DE PAVIMENTAÇÃO EM BLOCO DE CONCRETO INTERTRAVADO EM VIAS DE DIVERSOS MUNICÍPIOS INSERIDOS NA ÁREA DE ATUAÇÃO DA CODEVASF NO ESTADO DO CEARÁ | S7: =J41-S6 -> 0
A9: ORÇAMENTO SINTÉTICO - LOTE 3 - 1 MÓDULO | R9: R$/m² | S9: =J41/(7*1500) -> 146.22858
A10: Item | B10: Origem | C10: Código | D10: Discriminação dos Serviços | E10: Unidade | F10: Quantidade | G10: Preço Unit. Sem BDI | H10: BDI | I10: Preço Unitário com BDI | J10: Preto Total com BDI | K10: Valor % | L10: PREÇO | N10: " I " p BDI Difer.
D11: PROJETO EXECUTIVO | J11: =SUBTOTAL(9,J12:J13) -> 30105 | K11: =J11/$J$41 -> 0.019607267 | N11: ↓
A12: 1 | B12: =IF(C12=0," ",INDEX(FONTE!$B:$G,MATCH(M.UNIT!C12,FONTE!$B:$B,0),6)) -> CODEVASF | C12: CPUE02 | D12: =UPPER(IF(C12=0," ",INDEX(FONTE!$B:$G,MATCH(M.UNIT!C12,FONTE!$B:$B,0),2))) -> LEVANTAMENTO TOPOGRÁFICO DE VIA PÚBLICA E SEMI-CADASTRO DE IMÓVEIS | E12: =UPPER(IF(C12=0," ",INDEX(FONTE!$B:$G,MATCH(M.UNIT!C12,FONTE!$B:$B,0),3))) -> M | F12: =INDEX('MC UNIT'!A6:N933,MATCH(M.UNIT!A12,'MC UNIT'!A6:A933,0),14) -> 1500 | G12: =ROUND(IF(N12="S",L12,L12),2) -> 2.57 | H12: =IF(N12="I",$J$6,$J$5) -> 0.21796407 | I12: =ROUND(IF(N12="I",L12+L12*$J$6,L12+L12*$J$5),2) -> 3.13 | J12: =IF(M.UNIT!L12<>0,ROUND(M.UNIT!I12*M.UNIT!F12,2),0) -> 4695 | K12: =J12/$J$41 -> 0.0030578349 | L12: =IF($O$2="DESONERADA",IF(C12=0,0,INDEX(FONTE!$B:$G,MATCH(M.UNIT!C12,FONTE!$B:$B,0),4)),IF(C12=0,0,INDEX(FONTE!$B:$G,MATCH(M.UNIT!C12,FONTE!$B:$B,0),5))) -> 2.57
A13: =A12+1 -> 2 | B13: =IF(C13=0," ",INDEX(FONTE!$B:$G,MATCH(M.UNIT!C13,FONTE!$B:$B,0),6)) -> CODEVASF | C13: PROJ.EX.01 | D13: =UPPER(IF(C13=0," ",INDEX(FONTE!$B:$G,MATCH(M.UNIT!C13,FONTE!$B:$B,0),2))) -> PROJETO EXECUTIVO - PAVIMENTO EM BLOCO DE CONCRETO | E13: =UPPER(IF(C13=0," ",INDEX(FONTE!$B:$G,MATCH(M.UNIT!C13,FONTE!$B:$B,0),3))) -> M2 | F13: =INDEX('MC UNIT'!A7:N934,MATCH(M.UNIT!A13,'MC UNIT'!A7:A934,0),14) -> 10500 | G13: =ROUND(IF(N13="S",L13,L13),2) -> 1.99 | H13: =IF(N13="I",$J$6,$J$5) -> 0.21796407 | I13: =ROUND(IF(N13="I",L13+L13*$J$6,L13+L13*$J$5),2) -> 2.42 | J13: =IF(M.UNIT!L13<>0,ROUND(M.UNIT!I13*M.UNIT!F13,2),0) -> 25410 | K13: =J13/$J$41 -> 0.016549432 | L13: =IF($O$2="DESONERADA",IF(C13=0,0,INDEX(FONTE!$B:$G,MATCH(M.UNIT!C13,FONTE!$B:$B,0),4)),IF(C13=0,0,INDEX(FONTE!$B:$G,MATCH(M.UNIT!C13,FONTE!$B:$B,0),5))) -> 1.9886792
D14: SERVIÇOS PRELIMINARES | J14: =SUBTOTAL(9,J15:J18) -> 95697.36 | K14: =J14/$J$41 -> 0.062327311 | L14: =IF($O$2="DESONERADA",IF(C14=0,0,INDEX(FONTE!$B:$G,MATCH(M.UNIT!C14,FONTE!$B:$B,0),4)),IF(C14=0,0,INDEX(FONTE!$B:$G,MATCH(M.UNIT!C14,FONTE!$B:$B,0),5))) -> 0
A15: =A13+1 -> 3 | B15: =IF(C15=0," ",INDEX(FONTE!$B:$G,MATCH(M.UNIT!C15,FONTE!$B:$B,0),6)) -> CODEVASF | C15: CPUE01 | D15: =UPPER(IF(C15=0," ",INDEX(FONTE!$B:$G,MATCH(M.UNIT!C15,FONTE!$B:$B,0),2))) -> ADMINISTRAÇÃO LOCAL DA OBRA (PAV. INTERTRAVADA) | E15: =UPPER(IF(C15=0," ",INDEX(FONTE!$B:$G,MATCH(M.UNIT!C15,FONTE!$B:$B,0),3))) -> UND | F15: =INDEX('MC UNIT'!A9:N936,MATCH(M.UNIT!A15,'MC UNIT'!A9:A936,0),14) -> 1 | G15: =ROUND(IF(N15="S",L15,L15),2) -> 41543 | H15: =IF(N15="I",$J$6,$J$5) -> 0.21796407 | I15: =ROUND(IF(N15="I",L15+L15*$J$6,L15+L15*$J$5),2) -> 50597.88 | J15: =IF(M.UNIT!L15<>0,ROUND(M.UNIT!I15*M.UNIT!F15,2),0) -> 50597.88 | K15: =J15/$J$41 -> 0.032954199 | L15: =IF($O$2="DESONERADA",IF(C15=0,0,INDEX(FONTE!$B:$G,MATCH(M.UNIT!C15,FONTE!$B:$B,0),4)),IF(C15=0,0,INDEX(FONTE!$B:$G,MATCH(M.UNIT!C15,FONTE!$B:$B,0),5))) -> 41543
A16: =A15+1 -> 4 | B16: =IF(C16=0," ",INDEX(FONTE!$B:$G,MATCH(M.UNIT!C16,FONTE!$B:$B,0),6)) -> SINAPI-S | C16: 103689 | D16: =UPPER(IF(C16=0," ",INDEX(FONTE!$B:$G,MATCH(M.UNIT!C16,FONTE!$B:$B,0),2))) -> FORNECIMENTO E INSTALAÇÃO DE PLACA DE OBRA COM CHAPA GALVANIZADA E ESTRUTURA DE MADEIRA. AF_03/2022_PS | E16: =UPPER(IF(C16=0," ",INDEX(FONTE!$B:$G,MATCH(M.UNIT!C16,FONTE!$B:$B,0),3))) -> M2 | F16: =INDEX('MC UNIT'!A10:N937,MATCH(M.UNIT!A16,'MC UNIT'!A10:A937,0),14) -> 6.48 | G16: =ROUND(IF(N16="S",L16,L16),2) -> 314.26 | H16: =IF(N16="I",$J$6,$J$5) -> 0.21796407 | I16: =ROUND(IF(N16="I",L16+L16*$J$6,L16+L16*$J$5),2) -> 382.76 | J16: =IF(M.UNIT!L16<>0,ROUND(M.UNIT!I16*M.UNIT!F16,2),0) -> 2480.28 | K16: =J16/$J$41 -> 0.0016153965 | L16: =IF($O$2="DESONERADA",IF(C16=0,0,INDEX(FONTE!$B:$G,MATCH(M.UNIT!C16,FONTE!$B:$B,0),4)),IF(C16=0,0,INDEX(FONTE!$B:$G,MATCH(M.UNIT!C16,FONTE!$B:$B,0),5))) -> 314.26
A17: =A16+1 -> 5 | B17: =IF(C17=0," ",INDEX(FONTE!$B:$G,MATCH(M.UNIT!C17,FONTE!$B:$B,0),6)) -> CODEVASF | C17: CPUE03 | D17: =UPPER(IF(C17=0," ",INDEX(FONTE!$B:$G,MATCH(M.UNIT!C17,FONTE!$B:$B,0),2))) -> MOBILIZAÇÃO E DESMOBILIZAÇÃO DE EQUIPAMENTOS | E17: =UPPER(IF(C17=0," ",INDEX(FONTE!$B:$G,MATCH(M.UNIT!C17,FONTE!$B:$B,0),3))) -> TKM | F17: =INDEX('MC UNIT'!A11:N938,MATCH(M.UNIT!A17,'MC UNIT'!A11:A938,0),14) -> 8340 | G17: =ROUND(IF(N17="S",L17,L17),2) -> 0.61 | H17: =IF(N17="I",$J$6,$J$5) -> 0.21796407 | I17: =ROUND(IF(N17="I",L17+L17*$J$6,L17+L17*$J$5),2) -> 0.74 | J17: =IF(M.UNIT!L17<>0,ROUND(M.UNIT!I17*M.UNIT!F17,2),0) -> 6171.6 | K17: =J17/$J$41 -> 0.0040195386 | L17: =IF($O$2="DESONERADA",IF(C17=0,0,INDEX(FONTE!$B:$G,MATCH(M.UNIT!C17,FONTE!$B:$B,0),4)),IF(C17=0,0,INDEX(FONTE!$B:$G,MATCH(M.UNIT!C17,FONTE!$B:$B,0),5))) -> 0.61
A18: =A17+1 -> 6 | B18: =IF(C18=0," ",INDEX(FONTE!$B:$G,MATCH(M.UNIT!C18,FONTE!$B:$B,0),6)) -> CODEVASF | C18: CPUE04 | D18: =UPPER(IF(C18=0," ",INDEX(FONTE!$B:$G,MATCH(M.UNIT!C18,FONTE!$B:$B,0),2))) -> CANTEIRO DE OBRAS E ALMOXARIFADO | E18: =UPPER(IF(C18=0," ",INDEX(FONTE!$B:$G,MATCH(M.UNIT!C18,FONTE!$B:$B,0),3))) -> UN | F18: =INDEX('MC UNIT'!A16:N939,MATCH(M.UNIT!A18,'MC UNIT'!A16:A939,0),14) -> 12 | G18: =ROUND(IF(N18="S",L18,L18),2) -> 2493.75 | H18: =IF(N18="I",$J$6,$J$5) -> 0.21796407 | I18: =ROUND(IF(N18="I",L18+L18*$J$6,L18+L18*$J$5),2) -> 3037.3 | J18: =IF(M.UNIT!L18<>0,ROUND(M.UNIT!I18*M.UNIT!F18,2),0) -> 36447.6 | K18: =J18/$J$41 -> 0.023738177 | L18: =IF($O$2="DESONERADA",IF(C18=0,0,INDEX(FONTE!$B:$G,MATCH(M.UNIT!C18,FONTE!$B:$B,0),4)),IF(C18=0,0,INDEX(FONTE!$B:$G,MATCH(M.UNIT!C18,FONTE!$B:$B,0),5))) -> 2493.75
D19: TERRAPLENAGEM | J19: =SUBTOTAL(9,J20:J22) -> 36315 | K19: =J19/$J$41 -> 0.023651816
A20: =A18+1 -> 7 | B20: =IF(C20=0," ",INDEX(FONTE!$B:$G,MATCH(M.UNIT!C20,FONTE!$B:$B,0),6)) -> SINAPI-S | C20: 99064 | D20: =UPPER(IF(C20=0," ",INDEX(FONTE!$B:$G,MATCH(M.UNIT!C20,FONTE!$B:$B,0),2))) -> LOCAÇÃO DE PAVIMENTAÇÃO. AF_10/2018 | E20: =UPPER(IF(C20=0," ",INDEX(FONTE!$B:$G,MATCH(M.UNIT!C20,FONTE!$B:$B,0),3))) -> M | F20: =INDEX('MC UNIT'!A17:N941,MATCH(M.UNIT!A20,'MC UNIT'!A17:A941,0),14) -> 1500 | G20: =ROUND(IF(N20="S",L20,L20),2) -> 0.62 | H20: =IF(N20="I",$J$6,$J$5) -> 0.21796407 | I20: =ROUND(IF(N20="I",L20+L20*$J$6,L20+L20*$J$5),2) -> 0.76 | J20: =IF(M.UNIT!L20<>0,ROUND(M.UNIT!I20*M.UNIT!F20,2),0) -> 1140 | K20: =J20/$J$41 -> 0.00074247748 | L20: =IF($O$2="DESONERADA",IF(C20=0,0,INDEX(FONTE!$B:$G,MATCH(M.UNIT!C20,FONTE!$B:$B,0),4)),IF(C20=0,0,INDEX(FONTE!$B:$G,MATCH(M.UNIT!C20,FONTE!$B:$B,0),5))) -> 0.62
A21: =A20+1 -> 8 | B21: =IF(C21=0," ",INDEX(FONTE!$B:$G,MATCH(M.UNIT!C21,FONTE!$B:$B,0),6)) -> SICRO | C21: 5501880 | D21: =UPPER(IF(C21=0," ",INDEX(FONTE!$B:$G,MATCH(M.UNIT!C21,FONTE!$B:$B,0),2))) -> ESCAVAÇÃO, CARGA E TRANSPORTE DE MATERIAL DE 1ª CATEGORIA - DMT DE 1.000 A 1.200 M - CAMINHO DE SERVIÇO EM LEITO NATURAL - COM CARREGADEIRA E CAMINHÃO BASCULANTE DE 14 M³ | E21: =UPPER(IF(C21=0," ",INDEX(FONTE!$B:$G,MATCH(M.UNIT!C21,FONTE!$B:$B,0),3))) -> M³ | F21: =INDEX('MC UNIT'!A18:N942,MATCH(M.UNIT!A21,'MC UNIT'!A18:A942,0),14) -> 2100 | G21: =ROUND(IF(N21="S",L21,L21),2) -> 12.16 | H21: =IF(N21="I",$J$6,$J$5) -> 0.21796407 | I21: =ROUND(IF(N21="I",L21+L21*$J$6,L21+L21*$J$5),2) -> 14.81 | J21: =IF(M.UNIT!L21<>0,ROUND(M.UNIT!I21*M.UNIT!F21,2),0) -> 31101 | K21: =J21/$J$41 -> 0.020255958 | L21: =IF($O$2="DESONERADA",IF(C21=0,0,INDEX(FONTE!$B:$G,MATCH(M.UNIT!C21,FONTE!$B:$B,0),4)),IF(C21=0,0,INDEX(FONTE!$B:$G,MATCH(M.UNIT!C21,FONTE!$B:$B,0),5))) -> 12.16
A22: =A21+1 -> 9 | B22: =IF(C22=0," ",INDEX(FONTE!$B:$G,MATCH(M.UNIT!C22,FONTE!$B:$B,0),6)) -> SICRO | C22: 4413942 | D22: =UPPER(IF(C22=0," ",INDEX(FONTE!$B:$G,MATCH(M.UNIT!C22,FONTE!$B:$B,0),2))) -> ESPALHAMENTO DE MATERIAL EM BOTA-FORA | E22: =UPPER(IF(C22=0," ",INDEX(FONTE!$B:$G,MATCH(M.UNIT!C22,FONTE!$B:$B,0),3))) -> M³ | F22: =INDEX('MC UNIT'!A19:N943,MATCH(M.UNIT!A22,'MC UNIT'!A19:A943,0),14) -> 2100 | G22: =ROUND(IF(N22="S",L22,L22),2) -> 1.59 | H22: =IF(N22="I",$J$6,$J$5) -> 0.21796407 | I22: =ROUND(IF(N22="I",L22+L22*$J$6,L22+L22*$J$5),2) -> 1.94 | J22: =IF(M.UNIT!L22<>0,ROUND(M.UNIT!I22*M.UNIT!F22,2),0) -> 4074 | K22: =J22/$J$41 -> 0.0026533801 | L22: =IF($O$2="DESONERADA",IF(C22=0,0,INDEX(FONTE!$B:$G,MATCH(M.UNIT!C22,FONTE!$B:$B,0),4)),IF(C22=0,0,INDEX(FONTE!$B:$G,MATCH(M.UNIT!C22,FONTE!$B:$B,0),5))) -> 1.59
D23: PAVIMENTAÇÃO | J23: =SUBTOTAL(9,J24:J29) -> 1051914 | K23: =J23/$J$41 -> 0.68510742
A24: 10 | B24: =IF(C24=0," ",INDEX(FONTE!$B:$G,MATCH(M.UNIT!C24,FONTE!$B:$B,0),6)) -> SICRO | C24: 4011209 | D24: =UPPER(IF(C24=0," ",INDEX(FONTE!$B:$G,MATCH(M.UNIT!C24,FONTE!$B:$B,0),2))) -> REGULARIZAÇÃO DO SUBLEITO | E24: =UPPER(IF(C24=0," ",INDEX(FONTE!$B:$G,MATCH(M.UNIT!C24,FONTE!$B:$B,0),3))) -> M² | F24: =INDEX('MC UNIT'!A21:N945,MATCH(M.UNIT!A24,'MC UNIT'!A21:A945,0),14) -> 10500 | G24: =ROUND(IF(N24="S",L24,L24),2) -> 1.17 | H24: =IF(N24="I",$J$6,$J$5) -> 0.21796407 | I24: =ROUND(IF(N24="I",L24+L24*$J$6,L24+L24*$J$5),2) -> 1.43 | J24: =IF(M.UNIT!L24<>0,ROUND(M.UNIT!I24*M.UNIT!F24,2),0) -> 15015 | K24: =J24/$J$41 -> 0.00977921 | L24: =IF($O$2="DESONERADA",IF(C24=0,0,INDEX(FONTE!$B:$G,MATCH(M.UNIT!C24,FONTE!$B:$B,0),4)),IF(C24=0,0,INDEX(FONTE!$B:$G,MATCH(M.UNIT!C24,FONTE!$B:$B,0),5))) -> 1.17 | T24: =10050*0.43 -> 4321.5
A25: =A24+1 -> 11 | B25: =IF(C25=0," ",INDEX(FONTE!$B:$G,MATCH(M.UNIT!C25,FONTE!$B:$B,0),6)) -> SICRO | C25: 4011228 | D25: =UPPER(IF(C25=0," ",INDEX(FONTE!$B:$G,MATCH(M.UNIT!C25,FONTE!$B:$B,0),2))) -> SUB-BASE ESTABILIZADA GRANULOMETRICAMENTE COM MISTURA DE SOLOS NA PISTA COM MATERIAL DE JAZIDA | E25: =UPPER(IF(C25=0," ",INDEX(FONTE!$B:$G,MATCH(M.UNIT!C25,FONTE!$B:$B,0),3))) -> M³ | F25: =INDEX('MC UNIT'!A21:N946,MATCH(M.UNIT!A25,'MC UNIT'!A21:A946,0),14) -> 2100 | G25: =ROUND(IF(N25="S",L25,L25),2) -> 13.21 | H25: =IF(N25="I",$J$6,$J$5) -> 0.21796407 | I25: =ROUND(IF(N25="I",L25+L25*$J$6,L25+L25*$J$5),2) -> 16.09 | J25: =IF(M.UNIT!L25<>0,ROUND(M.UNIT!I25*M.UNIT!F25,2),0) -> 33789 | K25: =J25/$J$41 -> 0.022006642 | L25: =IF($O$2="DESONERADA",IF(C25=0,0,INDEX(FONTE!$B:$G,MATCH(M.UNIT!C25,FONTE!$B:$B,0),4)),IF(C25=0,0,INDEX(FONTE!$B:$G,MATCH(M.UNIT!C25,FONTE!$B:$B,0),5))) -> 13.21 | T25: =J41+T24 -> 1539721.6
A26: =A25+1 -> 12 | B26: =IF(C26=0," ",INDEX(FONTE!$B:$G,MATCH(M.UNIT!C26,FONTE!$B:$B,0),6)) -> SICRO | C26: 5914359 | D26: =CONCATENATE(UPPER(IF(C26=0," ",INDEX(FONTE!$B:$G,MATCH(M.UNIT!C26,FONTE!$B:$B,0),2)))," - SOLO PARA SUB-BASE - DMT = ",O26,"KM") -> TRANSPORTE COM CAMINHÃO BASCULANTE DE 10 M³ - RODOVIA EM LEITO NATURAL - SOLO PARA SUB-BASE - DMT = 10KM | E26: =UPPER(IF(C26=0," ",INDEX(FONTE!$B:$G,MATCH(M.UNIT!C26,FONTE!$B:$B,0),3))) -> TKM | F26: =INDEX('MC UNIT'!A21:N947,MATCH(M.UNIT!A26,'MC UNIT'!A21:A947,0),14) -> 43260 | G26: =ROUND(IF(N26="S",L26,L26),2) -> 1.27 | H26: =IF(N26="I",$J$6,$J$5) -> 0.21796407 | I26: =ROUND(IF(N26="I",L26+L26*$J$6,L26+L26*$J$5),2) -> 1.55 | J26: =IF(M.UNIT!L26<>0,ROUND(M.UNIT!I26*M.UNIT!F26,2),0) -> 67053 | K26: =J26/$J$41 -> 0.043671353 | L26: =IF($O$2="DESONERADA",IF(C26=0,0,INDEX(FONTE!$B:$G,MATCH(M.UNIT!C26,FONTE!$B:$B,0),4)),IF(C26=0,0,INDEX(FONTE!$B:$G,MATCH(M.UNIT!C26,FONTE!$B:$B,0),5))) -> 1.27 | O26: 10 | P26: KM
A27: =A26+1 -> 13 | B27: =IF(C27=0," ",INDEX(FONTE!$B:$G,MATCH(M.UNIT!C27,FONTE!$B:$B,0),6)) -> SINAPI-S | C27: 92404 | D27: =UPPER(IF(C27=0," ",INDEX(FONTE!$B:$G,MATCH(M.UNIT!C27,FONTE!$B:$B,0),2))) -> EXECUÇÃO DE PAVIMENTO EM PISO INTERTRAVADO, COM BLOCO 16 FACES DE 22 X 11 CM, ESPESSURA 8 CM. AF_10/2022 | E27: =UPPER(IF(C27=0," ",INDEX(FONTE!$B:$G,MATCH(M.UNIT!C27,FONTE!$B:$B,0),3))) -> M2 | F27: =INDEX('MC UNIT'!A21:N948,MATCH(M.UNIT!A27,'MC UNIT'!A21:A948,0),14) -> 10050 | G27: =ROUND(IF(N27="S",L27,L27),2) -> 19.46 | H27: =IF(N27="I",$J$6,$J$5) -> 0.21796407 | I27: =ROUND(IF(N27="I",L27+L27*$J$6,L27+L27*$J$5),2) -> 23.7 | J27: =IF(M.UNIT!L27<>0,ROUND(M.UNIT!I27*M.UNIT!F27,2),0) -> 238185 | K27: =J27/$J$41 -> 0.15512895 | L27: =IF($O$2="DESONERADA",IF(C27=0,0,INDEX(FONTE!$B:$G,MATCH(M.UNIT!C27,FONTE!$B:$B,0),4)),IF(C27=0,0,INDEX(FONTE!$B:$G,MATCH(M.UNIT!C27,FONTE!$B:$B,0),5)))-L28 -> 19.46
B28: =IF(C28=0," ",INDEX(FONTE!$B:$G,MATCH(M.UNIT!C28,FONTE!$B:$B,0),6)) -> SINAPI-I | C28: ='M.TOTAL I'!C28 -> 36170 | D28: ='M.TOTAL I'!D28 -> BLOQUETE/PISO INTERTRAVADO DE CONCRETO - MODELO ONDA/16 FACES/RETANGULAR/TIJOLINHO/PAVER/HOLANDES/PARALELEPIPEDO, *22 CM X 11* CM, E = 8 CM, RESISTENCIA DE 35 MPA (NBR 9781), COR NATURAL, COM FRETE | E28: =UPPER(IF(C28=0," ",INDEX(FONTE!$B:$G,MATCH(M.UNIT!C28,FONTE!$B:$B,0),3))) -> M2 | F28: =F27 -> 10050 | G28: =ROUND(IF(N28="S",L28,L28),2) -> 52.45 | H28: =BDI_MATERIAIS -> 0.15 | I28: =ROUND(L28+L28*$J$6,2) -> 60.32 | J28: =IF(M.UNIT!L28<>0,ROUND(M.UNIT!I28*M.UNIT!F28,2),0) -> 606216 | K28: =J28/$J$41 -> 0.39482608 | L28: =IF($O$2="DESONERADA",IF(C28=0,0,INDEX(FONTE!$B:$G,MATCH(M.UNIT!C28,FONTE!$B:$B,0),4)),IF(C28=0,0,INDEX(FONTE!$B:$G,MATCH(M.UNIT!C28,FONTE!$B:$B,0),5))) -> 52.45
A29: =A27+1 -> 14 | B29: =IF(C29=0," ",INDEX(FONTE!$B:$G,MATCH(M.UNIT!C29,FONTE!$B:$B,0),6)) -> SICRO | C29: 5914479 | D29: =CONCATENATE(UPPER(IF(C29=0," ",INDEX(FONTE!$B:$G,MATCH(M.UNIT!C29,FONTE!$B:$B,0),2)))," - BLOCO INTERTRAVADO - DMT = ",O29,"KM") -> TRANSPORTE COM CAMINHÃO CARROCERIA DE 15 T - RODOVIA PAVIMENTADA - BLOCO INTERTRAVADO - DMT = 10KM | E29: =UPPER(IF(C29=0," ",INDEX(FONTE!$B:$G,MATCH(M.UNIT!C29,FONTE!$B:$B,0),3))) -> TKM | F29: =INDEX('MC UNIT'!A23:N950,MATCH(M.UNIT!A29,'MC UNIT'!A23:A950,0),14) -> 96480 | G29: =ROUND(IF(N29="S",L29,L29),2) -> 0.78 | H29: =IF(N29="I",$J$6,$J$5) -> 0.21796407 | I29: =ROUND(IF(N29="I",L29+L29*$J$6,L29+L29*$J$5),2) -> 0.95 | J29: =IF(M.UNIT!L29<>0,ROUND(M.UNIT!I29*M.UNIT!F29,2),0) -> 91656 | K29: =J29/$J$41 -> 0.05969519 | L29: =IF($O$2="DESONERADA",IF(C29=0,0,INDEX(FONTE!$B:$G,MATCH(M.UNIT!C29,FONTE!$B:$B,0),4)),IF(C29=0,0,INDEX(FONTE!$B:$G,MATCH(M.UNIT!C29,FONTE!$B:$B,0),5))) -> 0.78 | O29: 10 | P29: KM
D30: DRENAGEM | J30: =SUBTOTAL(9,J31:J31) -> 243090 | K30: =J30/$J$41 -> 0.15832355
A31: =A29+1 -> 15 | B31: =IF(C31=0," ",INDEX(FONTE!$B:$G,MATCH(M.UNIT!C31,FONTE!$B:$B,0),6)) -> SICRO | C31: 2003373 | D31: =UPPER(IF(C31=0," ",INDEX(FONTE!$B:$G,MATCH(M.UNIT!C31,FONTE!$B:$B,0),2))) -> MEIO-FIO DE CONCRETO - MFC 03 - AREIA E BRITA COMERCIAIS - FÔRMA DE MADEIRA | E31: =UPPER(IF(C31=0," ",INDEX(FONTE!$B:$G,MATCH(M.UNIT!C31,FONTE!$B:$B,0),3))) -> M | F31: =INDEX('MC UNIT'!A25:N952,MATCH(M.UNIT!A31,'MC UNIT'!A25:A952,0),14) -> 3000 | G31: =ROUND(IF(N31="S",L31,L31),2) -> 66.53 | H31: =IF(N31="I",$J$6,$J$5) -> 0.21796407 | I31: =ROUND(IF(N31="I",L31+L31*$J$6,L31+L31*$J$5),2) -> 81.03 | J31: =IF(M.UNIT!L31<>0,ROUND(M.UNIT!I31*M.UNIT!F31,2),0) -> 243090 | K31: =J31/$J$41 -> 0.15832355 | L31: =IF($O$2="DESONERADA",IF(C31=0,0,INDEX(FONTE!$B:$G,MATCH(M.UNIT!C31,FONTE!$B:$B,0),4)),IF(C31=0,0,INDEX(FONTE!$B:$G,MATCH(M.UNIT!C31,FONTE!$B:$B,0),5))) -> 66.53
D32: SINALIZAÇÃO | J32: =SUBTOTAL(9,J33:J35) -> 56620.74 | K32: =J32/$J$41 -> 0.036876864
A33: =A31+1 -> 16 | B33: =IF(C33=0," ",INDEX(FONTE!$B:$G,MATCH(M.UNIT!C33,FONTE!$B:$B,0),6)) -> SICRO | C33: 5213440 | D33: =UPPER(IF(C33=0," ",INDEX(FONTE!$B:$G,MATCH(M.UNIT!C33,FONTE!$B:$B,0),2))) -> PLACA DE REGULAMENTAÇÃO EM AÇO D = 0,60 M - PELÍCULA RETRORREFLETIVA TIPO I + SI - FORNECIMENTO E IMPLANTAÇÃO | E33: =UPPER(IF(C33=0," ",INDEX(FONTE!$B:$G,MATCH(M.UNIT!C33,FONTE!$B:$B,0),3))) -> UN | F33: =INDEX('MC UNIT'!A26:N954,MATCH(M.UNIT!A33,'MC UNIT'!A26:A954,0),14) -> 6 | G33: =ROUND(IF(N33="S",L33,L33),2) -> 264.48 | H33: =IF(N33="I",$J$6,$J$5) -> 0.21796407 | I33: =ROUND(IF(N33="I",L33+L33*$J$6,L33+L33*$J$5),2) -> 322.13 | J33: =IF(M.UNIT!L33<>0,ROUND(M.UNIT!I33*M.UNIT!F33,2),0) -> 1932.78 | K33: =J33/$J$41 -> 0.001258812 | L33: =IF($O$2="DESONERADA",IF(C33=0,0,INDEX(FONTE!$B:$G,MATCH(M.UNIT!C33,FONTE!$B:$B,0),4)),IF(C33=0,0,INDEX(FONTE!$B:$G,MATCH(M.UNIT!C33,FONTE!$B:$B,0),5))) -> 264.48
A34: =A33+1 -> 17 | B34: =IF(C34=0," ",INDEX(FONTE!$B:$G,MATCH(M.UNIT!C34,FONTE!$B:$B,0),6)) -> SICRO | C34: 5213863 | D34: =UPPER(IF(C34=0," ",INDEX(FONTE!$B:$G,MATCH(M.UNIT!C34,FONTE!$B:$B,0),2))) -> SUPORTE METÁLICO GALVANIZADO PARA PLACA DE ADVERTÊNCIA OU REGULAMENTAÇÃO - LADO OU DIÂMETRO DE 0,60 M - FORNECIMENTO E IMPLANTAÇÃO | E34: =UPPER(IF(C34=0," ",INDEX(FONTE!$B:$G,MATCH(M.UNIT!C34,FONTE!$B:$B,0),3))) -> UN | F34: =INDEX('MC UNIT'!A26:N955,MATCH(M.UNIT!A34,'MC UNIT'!A26:A955,0),14) -> 6 | G34: =ROUND(IF(N34="S",L34,L34),2) -> 435.9 | H34: =IF(N34="I",$J$6,$J$5) -> 0.21796407 | I34: =ROUND(IF(N34="I",L34+L34*$J$6,L34+L34*$J$5),2) -> 530.91 | J34: =IF(M.UNIT!L34<>0,ROUND(M.UNIT!I34*M.UNIT!F34,2),0) -> 3185.46 | K34: =J34/$J$41 -> 0.0020746775 | L34: =IF($O$2="DESONERADA",IF(C34=0,0,INDEX(FONTE!$B:$G,MATCH(M.UNIT!C34,FONTE!$B:$B,0),4)),IF(C34=0,0,INDEX(FONTE!$B:$G,MATCH(M.UNIT!C34,FONTE!$B:$B,0),5))) -> 435.9
A35: =A34+1 -> 18 | B35: =IF(C35=0," ",INDEX(FONTE!$B:$G,MATCH(M.UNIT!C35,FONTE!$B:$B,0),6)) -> SICRO | C35: 5213400 | D35: =UPPER(IF(C35=0," ",INDEX(FONTE!$B:$G,MATCH(M.UNIT!C35,FONTE!$B:$B,0),2))) -> PINTURA DE FAIXA COM TINTA ACRÍLICA - ESPESSURA DE 0,4 MM | E35: =UPPER(IF(C35=0," ",INDEX(FONTE!$B:$G,MATCH(M.UNIT!C35,FONTE!$B:$B,0),3))) -> M² | F35: =INDEX('MC UNIT'!A26:N956,MATCH(M.UNIT!A35,'MC UNIT'!A26:A956,0),14) -> 1350 | G35: =ROUND(IF(N35="S",L35,L35),2) -> 31.32 | H35: =IF(N35="I",$J$6,$J$5) -> 0.21796407 | I35: =ROUND(IF(N35="I",L35+L35*$J$6,L35+L35*$J$5),2) -> 38.15 | J35: =IF(M.UNIT!L35<>0,ROUND(M.UNIT!I35*M.UNIT!F35,2),0) -> 51502.5 | K35: =J35/$J$41 -> 0.033543374 | L35: =IF($O$2="DESONERADA",IF(C35=0,0,INDEX(FONTE!$B:$G,MATCH(M.UNIT!C35,FONTE!$B:$B,0),4)),IF(C35=0,0,INDEX(FONTE!$B:$G,MATCH(M.UNIT!C35,FONTE!$B:$B,0),5))) -> 31.32
D36: CONTROLE TECNOLÓGICO – OBRA | J36: =SUBTOTAL(9,J37) -> 6615 | K36: =J36/$J$41 -> 0.0043083233
A37: 19 | B37: SICRO | C37: CPUE08 | D37: CONTROLE TECNOLÓGICO – OBRA | E37: =CPUE!F86 -> m² | F37: ='MC UNIT'!N14 -> 10500 | G37: =CPUE!H86 -> 0.52 | H37: =IF(N37="I",$J$6,$J$5) -> 0.21796407 | I37: =ROUND(G37*1.2158,2) -> 0.63 | J37: =ROUND(F37*I37,2) -> 6615 | K37: =J37/$J$41 -> 0.0043083233
D38: SERVIÇOS COMPLEMENTARES | J38: =SUBTOTAL(9,J39:J40) -> 15043 | K38: =J38/$J$41 -> 0.0097974463
A39: 20 | B39: =IF(C39=0," ",INDEX(FONTE!$B:$G,MATCH(M.UNIT!C39,FONTE!$B:$B,0),6)) -> CODEVASF | C39: CPUE06 | D39: =UPPER(IF(C39=0," ",INDEX(FONTE!$B:$G,MATCH(M.UNIT!C39,FONTE!$B:$B,0),2))) -> CONSERTO DE QUEBRA DE RAMAL NA RUA SEM PAVIMENTO COM FORNECIMENTO DE MATERIAL HIDRÁULICO | E39: =UPPER(IF(C39=0," ",INDEX(FONTE!$B:$G,MATCH(M.UNIT!C39,FONTE!$B:$B,0),3))) -> M | F39: =INDEX('MC UNIT'!A26:N958,MATCH(M.UNIT!A39,'MC UNIT'!A26:A958,0),14) -> 100 | G39: =ROUND(IF(N39="S",L39,L39),2) -> 16.61 | H39: =IF(N39="I",$J$6,$J$5) -> 0.21796407 | I39: =ROUND(IF(N39="I",L39+L39*$J$6,L39+L39*$J$5),2) -> 20.23 | J39: =IF(M.UNIT!L39<>0,ROUND(M.UNIT!I39*M.UNIT!F39,2),0) -> 2023 | K39: =J39/$J$41 -> 0.0013175719 | L39: =IF($O$2="DESONERADA",IF(C39=0,0,INDEX(FONTE!$B:$G,MATCH(M.UNIT!C39,FONTE!$B:$B,0),4)),IF(C39=0,0,INDEX(FONTE!$B:$G,MATCH(M.UNIT!C39,FONTE!$B:$B,0),5))) -> 16.61
A40: =A39+1 -> 21 | B40: =IF(C40=0," ",INDEX(FONTE!$B:$G,MATCH(M.UNIT!C40,FONTE!$B:$B,0),6)) -> CODEVASF | C40: CPUE07 | D40: =UPPER(IF(C40=0," ",INDEX(FONTE!$B:$G,MATCH(M.UNIT!C40,FONTE!$B:$B,0),2))) -> LIMPEZA DE RUAS (VARRIÇÃO E REMOÇÃO DE ENTULHOS) | E40: =UPPER(IF(C40=0," ",INDEX(FONTE!$B:$G,MATCH(M.UNIT!C40,FONTE!$B:$B,0),3))) -> M2 | F40: =INDEX('MC UNIT'!A26:N959,MATCH(M.UNIT!A40,'MC UNIT'!A26:A959,0),14) -> 10500 | G40: =ROUND(IF(N40="S",L40,L40),2) -> 1.02 | H40: =IF(N40="I",$J$6,$J$5) -> 0.21796407 | I40: =ROUND(IF(N40="I",L40+L40*$J$6,L40+L40*$J$5),2) -> 1.24 | J40: =IF(M.UNIT!L40<>0,ROUND(M.UNIT!I40*M.UNIT!F40,2),0) -> 13020 | K40: =J40/$J$41 -> 0.0084798744 | L40: =IF($O$2="DESONERADA",IF(C40=0,0,INDEX(FONTE!$B:$G,MATCH(M.UNIT!C40,FONTE!$B:$B,0),4)),IF(C40=0,0,INDEX(FONTE!$B:$G,MATCH(M.UNIT!C40,FONTE!$B:$B,0),5))) -> 1.02
I41: TOTAL GERAL: | J41: =SUBTOTAL(9,(J11:J40)) -> 1535400.1 | K41: =SUM(K11:K40)/2 -> 1

Sheet MC UNIT
D1: MINISTÉRIO DA INTEGRAÇÃO E DO DESENVOLVIMENTO REGIONAL - MIDR COMPANHIA DE DESENVOLVIMENTO DOS VALES DO SÃO FRANCISCO E DO PARNAÍBA | S1: MÓDULO | T1: LARGURA | U1: 7 | V1: m | X1: PESO equip.(t) | Y1: DMTequip.(km) | Z1: DMT subbase.(km)
S2: 1 | T2: EXTENSÃO | U2: 1500 | V2: m | X2: ='MOB-DESMOB'!H28 -> 41.7 | Y2: 100 | Z2: 10
A3: EXECUÇÃO DE SERVIÇOS DE IMPLANTAÇÃO DE PAVIMENTAÇÃO EM BLOCO DE CONCRETO INTERTRAVADO EM VIAS DE DIVERSOS MUNICÍPIOS INSERIDOS NA ÁREA DE ATUAÇÃO DA CODEVASF NO ESTADO DO CEARÁ | Y3: DMT paver.(km)
P4: Subtotais | Q4: =SUM(N:N)/2 -> 203411.48 | S4: tempo da obra | Y4: 50
A5: MEMÓRIA DE CÁLCULO - LOTE 3 - 1 MÓDULO | Q5: =SUBTOTAL(9,N:N)-Q4 -> 0 | S5: 12 | T5: MESES
B6: =M.UNIT!D11 -> PROJETO EXECUTIVO
A7: Item | B7: Descrição | L7: Unidade | N7: Quantidade
